Workbook
Name ц304: UnObr4!$C$285

Sheet Uputstvo
A1: Potrebno je ući u Tools>Macro>Security i podesiti Security Level na MEDIUM ili LOW. (excel 2003) ili office button > excel options > trust center > trust center settings > macro settings > enable all macros > ok > ok (excel 2007). U oba slučaja čekirati Trust access to the Visual Basic (VBA) project object model Zatim izaći iz programa pa ponovo pokrenuti datoteku
A3: U kartici "Podaci" popunjavaju se podaci o korisniku budžetskih sredstava i njih je neophodno uneti zbog štampe obrazaca. Jedinstveni broj KBS i matični broj se popunjavaju sa vodećim nulama.
A5: U karticama UnObr1, UnObr2, UnObr3, UnObr4, UnObr5 :
A7: Popunjavaju se samo bela polja, dok se u zasenčenim podaci sami izračunavaju.
A9: Nisu dozvoljeni zarezi i tačke, podaci se upisuju samo kao celi brojevi.
A11: Pritiskom na zeleno dugme "Štampa" dobija se forma za štampu za taj obrazac.
A13: U kartici "Kontrole" nalaze se logičke kontrole u upoređenja ispravnosti jedinstvenog broja KBS i matičnog broja prema spisku Uprave za trezor. Ukoliko su polja crvene boje, znači da ta logička kontrola nije dobra ili su neispravni ili neupareni jedinstveni broj KBS i matični broj (treba da budu zelene boje).
A15: Na kraju rada, sveska se spašava kao "Zavrsni_XXXXX_N, gde je XXXXX oznaka JBBK, a N oznaka statusne promene. Ukoliko nije bilo statusne promene oznaka N je "0", a ukoliko je bilo statusne promene oznaka N za period pre statusne promene je "1", a posle statusne promene"2".
A16: Postupak spašavanja: File>Save As... Zavrsni_00458_0.xls (primer za JBKB 458 i bez statusne promene)
A100: x

Sheet Podaci
B2: Јединствени број КБС: | M2: 00938
B4: НАЗИВ КОРИСНИКА БУЏЕТСКИХ СРЕДСТАВА:
B5: О.Ш.ВУК КАРАЏИЋ
B7: СЕДИШТЕ: | H7: СМ.ПАЛАНКА | R7: МАТИЧНИ БРОЈ: | Z7: 07348169
B9: ПИБ: | E9: 101619041 | R9: БРОЈ ПОДРАЧУНА: | AA9: 840-834660-09
B11: НАЗИВ НАДЛЕЖНОГ ДИРЕКТНОГ КОРИСНИКА БУЏЕТСКИХ СРЕДСТАВА:
B12: МИНИСТАРСТВО ПРОСВЕТЕ ,НАУКЕ И ТЕХНОЛОШКОГ РАЗВОЈА
B13: (Попуњава само индиректни корисник буџетских средстава)
B16: Период за који се ради финансијски извештај:
B17: од: | D17: 01.01.2021 | M17: (дд.мм.гггг.)
B18: до: | D18: 31.12.2021 | M18: (дд.мм.гггг.)
B21: Датум: | E21: 27.02.2021 | N21: (дд.мм.гггг.)

Sheet StObr1
AL1: Образац 1
A2: ПОПУЊАВА УПРАВА ЗА ТРЕЗОР - ФИЛИЈАЛА
A3: 7 | B3: 5 | C3: 1 | F3: =IF(LEN(Podaci!M2) > 4, MID(RIGHT(Podaci!$M$2,5),1,1),0) -> 0 | G3: =IF(LEN(Podaci!M2) > 3, MID(RIGHT(Podaci!$M$2,4),1,1),0) -> 0 | H3: =IF(LEN(Podaci!M2) > 2, MID(RIGHT(Podaci!$M$2,3),1,1),0) -> 9 | I3: =MID(RIGHT(Podaci!$M$2,2),1,1) -> 3 | J3: =MID(RIGHT(Podaci!$M$2,1),1,1) -> 8 | L3: =IF(LEN(Podaci!Z7) > 7, MID(RIGHT(Podaci!$Z$7,8),1,1),0) -> 0 | M3: =IF(LEN(Podaci!Z7) > 6, MID(RIGHT(Podaci!$Z$7,7),1,1),0) -> 7 | N3: =MID(RIGHT(Podaci!$Z$7,6),1,1) -> 3 | O3: =MID(RIGHT(Podaci!$Z$7,5),1,1) -> 4 | P3: =MID(RIGHT(Podaci!$Z$7,4),1,1) -> 8 | Q3: =MID(RIGHT(Podaci!$Z$7,3),1,1) -> 1 | R3: =MID(RIGHT(Podaci!$Z$7,2),1,1) -> 6 | S3: =MID(RIGHT(Podaci!$Z$7,1),1,1) -> 9
A4: 1 | B4: 2 | C4: 3 | E4: 4 | F4: 5 | G4: 6 | H4: 7 | I4: 8 | J4: 9 | L4: 10 | M4: 11 | N4: 12 | O4: 13 | P4: 14 | Q4: 15 | R4: 16 | S4: 17 | U4: 18 | V4: 19 | W4: 20 | X4: 21 | Y4: 22 | AA4: 23 | AB4: 24 | AC4: 25 | AD4: 26 | AE4: 27 | AG4: 28 | AI4: 29 | AJ4: 30 | AK4: 31 | AL4: 32 | AM4: 33 | AN4: 34 | AO4: 35 | AP4: 36 | AQ4: 37 | AR4: 38
A5: Врста посла | E5: Јединствени број КБС | U5: Седиште УТ | AA5: Надлежни директни КБС
B8: НАЗИВ КОРИСНИКА БУЏЕТСКИХ СРЕДСТАВА
B9: =Podaci!B5 -> О.Ш.ВУК КАРАЏИЋ
B11: СЕДИШТЕ | H11: =Podaci!H7 -> СМ.ПАЛАНКА | R11: МАТИЧНИ БРОЈ | Z11: =Podaci!Z7 -> 07348169
B13: ПИБ | E13: =Podaci!E9 -> 101619041 | R13: БРОЈ ПОДРАЧУНА | Z13: =Podaci!AA9 -> 840-834660-09
B15: НАЗИВ НАДЛЕЖНОГ ДИРЕКТНОГ КОРИСНИКА БУЏЕТСКИХ СРЕДСТАВА
B17: =Podaci!B12 -> МИНИСТАРСТВО ПРОСВЕТЕ ,НАУКЕ И ТЕХНОЛОШКОГ РАЗВОЈА
B18: (Попуњава само индиректни корисник буџетских средстава)
P21: БИЛАНС СТАЊА
K22: у периоду од | P22: =Podaci!D17 -> 01.01.2021 | U22: године | X22: до | Z22: =Podaci!D18 -> 31.12.2021 | AE22: године
AJ24: (У хиљадама динара)
A25: Ознака ОП | D25: Број конта | H25: Опис | Y25: Износ из претходне године (почетно стање) | AD25: Износ текуће године
AD28: Бруто | AI28: Исправка вредности | AN28: Нето (5 - 6)
A29: 1 | D29: 2 | H29: 3 | Y29: 4 | AD29: 5 | AI29: 6 | AN29: 7
H30: АКТИВА
A31: 1001 | D31: 000000 | H31: НEФИНАНСИЈСКА ИМОВИНА (1002 + 1020) | Y31: =UnObr1!D6 -> 0 | AD31: =UnObr1!E6 -> 108136 | AI31: =UnObr1!F6 -> 35417 | AN31: =UnObr1!G6 -> 72719
A32: 1002 | D32: 010000 | H32: НЕФИНАНСИЈСКА ИМОВИНА У СТАЛНИМ СРЕДСТВИМА (1003 + 1007 + 1009 + 1011 + 1015 + 1018) | Y32: =UnObr1!D7 -> 0 | AD32: =UnObr1!E7 -> 108136 | AI32: =UnObr1!F7 -> 35417 | AN32: =UnObr1!G7 -> 72719
A33: 1003 | D33: 011000 | H33: НЕКРЕТНИНЕ И ОПРЕМА (од 1004 до 1006) | Y33: =UnObr1!D8 -> 0 | AD33: =UnObr1!E8 -> 101691 | AI33: =UnObr1!F8 -> 35417 | AN33: =UnObr1!G8 -> 66274
A34: 1004 | D34: 011100 | H34: Зграде и грађевински објекти | Y34: =UnObr1!D9 -> 0 | AD34: =UnObr1!E9 -> 97535 | AI34: =UnObr1!F9 -> 32171 | AN34: =UnObr1!G9 -> 65364
A35: 1005 | D35: 011200 | H35: Опрема | Y35: =UnObr1!D10 -> 0 | AD35: =UnObr1!E10 -> 3884 | AI35: =UnObr1!F10 -> 3246 | AN35: =UnObr1!G10 -> 638
A36: 1006 | D36: 011300 | H36: Остале некретнине и опрема | Y36: =UnObr1!D11 -> 0 | AD36: =UnObr1!E11 -> 272 | AI36: =UnObr1!F11 -> 0 | AN36: =UnObr1!G11 -> 272
A37: 1007 | D37: 012000 | H37: КУЛТИВИСАНА ИМОВИНА (1008) | Y37: =UnObr1!D12 -> 0 | AD37: =UnObr1!E12 -> 0 | AI37: =UnObr1!F12 -> 0 | AN37: =UnObr1!G12 -> 0
A38: 1008 | D38: 012100 | H38: Култивисана имовина | Y38: =UnObr1!D13 -> 0 | AD38: =UnObr1!E13 -> 0 | AI38: =UnObr1!F13 -> 0 | AN38: =UnObr1!G13 -> 0
A39: 1009 | D39: 013000 | H39: ДРАГОЦЕНОСТИ (1010) | Y39: =UnObr1!D14 -> 0 | AD39: =UnObr1!E14 -> 0 | AI39: =UnObr1!F14 -> 0 | AN39: =UnObr1!G14 -> 0
A40: 1010 | D40: 013100 | H40: Драгоцености | Y40: =UnObr1!D15 -> 0 | AD40: =UnObr1!E15 -> 0 | AI40: =UnObr1!F15 -> 0 | AN40: =UnObr1!G15 -> 0
A41: 1011 | D41: 014000 | H41: ПРИРОДНА ИМОВИНА (од 1012 до 1014) | Y41: =UnObr1!D16 -> 0 | AD41: =UnObr1!E16 -> 6445 | AI41: =UnObr1!F16 -> 0 | AN41: =UnObr1!G16 -> 6445
A42: 1012 | D42: 014100 | H42: Земљиште | Y42: =UnObr1!D17 -> 0 | AD42: =UnObr1!E17 -> 6445 | AI42: =UnObr1!F17 -> 0 | AN42: =UnObr1!G17 -> 6445
... A46: 1016 | D46: 015100 | H46: Нефинансијска имовина у припреми | Y46: =UnObr1!D21 -> 0 | AD46: =UnObr1!E21 -> 0 | AI46: =UnObr1!F21 -> 0 | AN46: =UnObr1!G21 -> 0
A47: Ознака ОП | D47: Број конта | H47: Опис | Y47: Износ из претходне године (почетно стање) | AD47: Износ текуће године
AD50: Бруто | AI50: Исправка вредности | AN50: Нето (5 - 6)
A51: 1 | D51: 2 | H51: 3 | Y51: 4 | AD51: 5 | AI51: 6 | AN51: 7
A52: 1017 | D52: 015200 | E52: 21000 | F52: 21000 | G52: 21000 | H52: Аванси за нефинансијску имовину | I52: ЗАЛИХЕ (од 1018 до 1020) | J52: ЗАЛИХЕ (од 1018 до 1020) | K52: ЗАЛИХЕ (од 1018 до 1020) | L52: ЗАЛИХЕ (од 1018 до 1020) | M52: ЗАЛИХЕ (од 1018 до 1020) | N52: ЗАЛИХЕ (од 1018 до 1020) | O52: ЗАЛИХЕ (од 1018 до 1020) | P52: ЗАЛИХЕ (од 1018 до 1020) | Q52: ЗАЛИХЕ (од 1018 до 1020) | R52: ЗАЛИХЕ (од 1018 до 1020) | S52: ЗАЛИХЕ (од 1018 до 1020) | T52: ЗАЛИХЕ (од 1018 до 1020) | U52: ЗАЛИХЕ (од 1018 до 1020) | V52: ЗАЛИХЕ (од 1018 до 1020) | W52: ЗАЛИХЕ (од 1018 до 1020) | X52: ЗАЛИХЕ (од 1018 до 1020) | Y52: =UnObr1!D22 -> 0 | AD52: =UnObr1!E22 -> 0 | AI52: =UnObr1!F22 -> 0 | AN52: =UnObr1!G22 -> 0
A53: 1018 | D53: 016000 | E53: 21000 | F53: 21000 | G53: 21000 | H53: НЕМАТЕРИЈАЛНА ИМОВИНА (1019) | I53: ЗАЛИХЕ (од 1018 до 1020) | J53: ЗАЛИХЕ (од 1018 до 1020) | K53: ЗАЛИХЕ (од 1018 до 1020) | L53: ЗАЛИХЕ (од 1018 до 1020) | M53: ЗАЛИХЕ (од 1018 до 1020) | N53: ЗАЛИХЕ (од 1018 до 1020) | O53: ЗАЛИХЕ (од 1018 до 1020) | P53: ЗАЛИХЕ (од 1018 до 1020) | Q53: ЗАЛИХЕ (од 1018 до 1020) | R53: ЗАЛИХЕ (од 1018 до 1020) | S53: ЗАЛИХЕ (од 1018 до 1020) | T53: ЗАЛИХЕ (од 1018 до 1020) | U53: ЗАЛИХЕ (од 1018 до 1020) | V53: ЗАЛИХЕ (од 1018 до 1020) | W53: ЗАЛИХЕ (од 1018 до 1020) | X53: ЗАЛИХЕ (од 1018 до 1020) | Y53: =UnObr1!D23 -> 0 | AD53: =UnObr1!E23 -> 0 | AI53: =UnObr1!F23 -> 0 | AN53: =UnObr1!G23 -> 0
A54: 1019 | D54: 016100 | E54: 21000 | F54: 21000 | G54: 21000 | H54: Нематеријална имовина | I54: ЗАЛИХЕ (од 1018 до 1020) | J54: ЗАЛИХЕ (од 1018 до 1020) | K54: ЗАЛИХЕ (од 1018 до 1020) | L54: ЗАЛИХЕ (од 1018 до 1020) | M54: ЗАЛИХЕ (од 1018 до 1020) | N54: ЗАЛИХЕ (од 1018 до 1020) | O54: ЗАЛИХЕ (од 1018 до 1020) | P54: ЗАЛИХЕ (од 1018 до 1020) | Q54: ЗАЛИХЕ (од 1018 до 1020) | R54: ЗАЛИХЕ (од 1018 до 1020) | S54: ЗАЛИХЕ (од 1018 до 1020) | T54: ЗАЛИХЕ (од 1018 до 1020) | U54: ЗАЛИХЕ (од 1018 до 1020) | V54: ЗАЛИХЕ (од 1018 до 1020) | W54: ЗАЛИХЕ (од 1018 до 1020) | X54: ЗАЛИХЕ (од 1018 до 1020) | Y54: =UnObr1!D24 -> 0 | AD54: =UnObr1!E24 -> 0 | AI54: =UnObr1!F24 -> 0 | AN54: =UnObr1!G24 -> 0
A55: 1020 | D55: 020000 | E55: 21000 | F55: 21000 | G55: 21000 | H55: НЕФИНАНСИЈСКА ИМОВИНА У ЗАЛИХАМА (1021 + 1025) | I55: ЗАЛИХЕ (од 1018 до 1020) | J55: ЗАЛИХЕ (од 1018 до 1020) | K55: ЗАЛИХЕ (од 1018 до 1020) | L55: ЗАЛИХЕ (од 1018 до 1020) | M55: ЗАЛИХЕ (од 1018 до 1020) | N55: ЗАЛИХЕ (од 1018 до 1020) | O55: ЗАЛИХЕ (од 1018 до 1020) | P55: ЗАЛИХЕ (од 1018 до 1020) | Q55: ЗАЛИХЕ (од 1018 до 1020) | R55: ЗАЛИХЕ (од 1018 до 1020) | S55: ЗАЛИХЕ (од 1018 до 1020) | T55: ЗАЛИХЕ (од 1018 до 1020) | U55: ЗАЛИХЕ (од 1018 до 1020) | V55: ЗАЛИХЕ (од 1018 до 1020) | W55: ЗАЛИХЕ (од 1018 до 1020) | X55: ЗАЛИХЕ (од 1018 до 1020) | Y55: =UnObr1!D25 -> 0 | AD55: =UnObr1!E25 -> 0 | AI55: =UnObr1!F25 -> 0 | AN55: =UnObr1!G25 -> 0
A56: 1021 | D56: 021000 | E56: 21000 | F56: 21000 | G56: 21000 | H56: ЗАЛИХЕ (од 1022 до 1024) | I56: ЗАЛИХЕ (од 1018 до 1020) | J56: ЗАЛИХЕ (од 1018 до 1020) | K56: ЗАЛИХЕ (од 1018 до 1020) | L56: ЗАЛИХЕ (од 1018 до 1020) | M56: ЗАЛИХЕ (од 1018 до 1020) | N56: ЗАЛИХЕ (од 1018 до 1020) | O56: ЗАЛИХЕ (од 1018 до 1020) | P56: ЗАЛИХЕ (од 1018 до 1020) | Q56: ЗАЛИХЕ (од 1018 до 1020) | R56: ЗАЛИХЕ (од 1018 до 1020) | S56: ЗАЛИХЕ (од 1018 до 1020) | T56: ЗАЛИХЕ (од 1018 до 1020) | U56: ЗАЛИХЕ (од 1018 до 1020) | V56: ЗАЛИХЕ (од 1018 до 1020) | W56: ЗАЛИХЕ (од 1018 до 1020) | X56: ЗАЛИХЕ (од 1018 до 1020) | Y56: =UnObr1!D26 -> 0 | AD56: =UnObr1!E26 -> 0 | AI56: =UnObr1!F26 -> 0 | AN56: =UnObr1!G26 -> 0
A57: 1022 | D57: 021100 | E57: 21000 | F57: 21000 | G57: 21000 | H57: Робне резерве | I57: ЗАЛИХЕ (од 1018 до 1020) | J57: ЗАЛИХЕ (од 1018 до 1020) | K57: ЗАЛИХЕ (од 1018 до 1020) | L57: ЗАЛИХЕ (од 1018 до 1020) | M57: ЗАЛИХЕ (од 1018 до 1020) | N57: ЗАЛИХЕ (од 1018 до 1020) | O57: ЗАЛИХЕ (од 1018 до 1020) | P57: ЗАЛИХЕ (од 1018 до 1020) | Q57: ЗАЛИХЕ (од 1018 до 1020) | R57: ЗАЛИХЕ (од 1018 до 1020) | S57: ЗАЛИХЕ (од 1018 до 1020) | T57: ЗАЛИХЕ (од 1018 до 1020) | U57: ЗАЛИХЕ (од 1018 до 1020) | V57: ЗАЛИХЕ (од 1018 до 1020) | W57: ЗАЛИХЕ (од 1018 до 1020) | X57: ЗАЛИХЕ (од 1018 до 1020) | Y57: =UnObr1!D27 -> 0 | AD57: =UnObr1!E27 -> 0 | AI57: =UnObr1!F27 -> 0 | AN57: =UnObr1!G27 -> 0
A58: 1023 | D58: 021200 | E58: 21000 | F58: 21000 | G58: 21000 | H58: Залихе производње | I58: ЗАЛИХЕ (од 1018 до 1020) | J58: ЗАЛИХЕ (од 1018 до 1020) | K58: ЗАЛИХЕ (од 1018 до 1020) | L58: ЗАЛИХЕ (од 1018 до 1020) | M58: ЗАЛИХЕ (од 1018 до 1020) | N58: ЗАЛИХЕ (од 1018 до 1020) | O58: ЗАЛИХЕ (од 1018 до 1020) | P58: ЗАЛИХЕ (од 1018 до 1020) | Q58: ЗАЛИХЕ (од 1018 до 1020) | R58: ЗАЛИХЕ (од 1018 до 1020) | S58: ЗАЛИХЕ (од 1018 до 1020) | T58: ЗАЛИХЕ (од 1018 до 1020) | U58: ЗАЛИХЕ (од 1018 до 1020) | V58: ЗАЛИХЕ (од 1018 до 1020) | W58: ЗАЛИХЕ (од 1018 до 1020) | X58: ЗАЛИХЕ (од 1018 до 1020) | Y58: =UnObr1!D28 -> 0 | AD58: =UnObr1!E28 -> 0 | AI58: =UnObr1!F28 -> 0 | AN58: =UnObr1!G28 -> 0
A59: 1024 | D59: 021300 | E59: 21000 | F59: 21000 | G59: 21000 | H59: Роба за даљу продају | I59: ЗАЛИХЕ (од 1018 до 1020) | J59: ЗАЛИХЕ (од 1018 до 1020) | K59: ЗАЛИХЕ (од 1018 до 1020) | L59: ЗАЛИХЕ (од 1018 до 1020) | M59: ЗАЛИХЕ (од 1018 до 1020) | N59: ЗАЛИХЕ (од 1018 до 1020) | O59: ЗАЛИХЕ (од 1018 до 1020) | P59: ЗАЛИХЕ (од 1018 до 1020) | Q59: ЗАЛИХЕ (од 1018 до 1020) | R59: ЗАЛИХЕ (од 1018 до 1020) | S59: ЗАЛИХЕ (од 1018 до 1020) | T59: ЗАЛИХЕ (од 1018 до 1020) | U59: ЗАЛИХЕ (од 1018 до 1020) | V59: ЗАЛИХЕ (од 1018 до 1020) | W59: ЗАЛИХЕ (од 1018 до 1020) | X59: ЗАЛИХЕ (од 1018 до 1020) | Y59: =UnObr1!D29 -> 0 | AD59: =UnObr1!E29 -> 0 | AI59: =UnObr1!F29 -> 0 | AN59: =UnObr1!G29 -> 0
A60: 1025 | D60: 022000 | E60: 21000 | F60: 21000 | G60: 21000 | H60: ЗАЛИХЕ СИТНОГ ИНВЕНТАРА И ПОТРОШНОГ МАТЕРИЈАЛА (1026 + 1027) | I60: ЗАЛИХЕ (од 1018 до 1020) | J60: ЗАЛИХЕ (од 1018 до 1020) | K60: ЗАЛИХЕ (од 1018 до 1020) | L60: ЗАЛИХЕ (од 1018 до 1020) | M60: ЗАЛИХЕ (од 1018 до 1020) | N60: ЗАЛИХЕ (од 1018 до 1020) | O60: ЗАЛИХЕ (од 1018 до 1020) | P60: ЗАЛИХЕ (од 1018 до 1020) | Q60: ЗАЛИХЕ (од 1018 до 1020) | R60: ЗАЛИХЕ (од 1018 до 1020) | S60: ЗАЛИХЕ (од 1018 до 1020) | T60: ЗАЛИХЕ (од 1018 до 1020) | U60: ЗАЛИХЕ (од 1018 до 1020) | V60: ЗАЛИХЕ (од 1018 до 1020) | W60: ЗАЛИХЕ (од 1018 до 1020) | X60: ЗАЛИХЕ (од 1018 до 1020) | Y60: =UnObr1!D30 -> 0 | AD60: =UnObr1!E30 -> 0 | AI60: =UnObr1!F30 -> 0 | AN60: =UnObr1!G30 -> 0
A61: 1026 | D61: 022100 | E61: 21000 | F61: 21000 | G61: 21000 | H61: Залихе ситног инвентара | I61: ЗАЛИХЕ (од 1018 до 1020) | J61: ЗАЛИХЕ (од 1018 до 1020) | K61: ЗАЛИХЕ (од 1018 до 1020) | L61: ЗАЛИХЕ (од 1018 до 1020) | M61: ЗАЛИХЕ (од 1018 до 1020) | N61: ЗАЛИХЕ (од 1018 до 1020) | O61: ЗАЛИХЕ (од 1018 до 1020) | P61: ЗАЛИХЕ (од 1018 до 1020) | Q61: ЗАЛИХЕ (од 1018 до 1020) | R61: ЗАЛИХЕ (од 1018 до 1020) | S61: ЗАЛИХЕ (од 1018 до 1020) | T61: ЗАЛИХЕ (од 1018 до 1020) | U61: ЗАЛИХЕ (од 1018 до 1020) | V61: ЗАЛИХЕ (од 1018 до 1020) | W61: ЗАЛИХЕ (од 1018 до 1020) | X61: ЗАЛИХЕ (од 1018 до 1020) | Y61: =UnObr1!D31 -> 0 | AD61: =UnObr1!E31 -> 0 | AI61: =UnObr1!F31 -> 0 | AN61: =UnObr1!G31 -> 0
A62: 1027 | D62: 022200 | E62: 21000 | F62: 21000 | G62: 21000 | H62: Залихе потрошног материјала | I62: ЗАЛИХЕ (од 1018 до 1020) | J62: ЗАЛИХЕ (од 1018 до 1020) | K62: ЗАЛИХЕ (од 1018 до 1020) | L62: ЗАЛИХЕ (од 1018 до 1020) | M62: ЗАЛИХЕ (од 1018 до 1020) | N62: ЗАЛИХЕ (од 1018 до 1020) | O62: ЗАЛИХЕ (од 1018 до 1020) | P62: ЗАЛИХЕ (од 1018 до 1020) | Q62: ЗАЛИХЕ (од 1018 до 1020) | R62: ЗАЛИХЕ (од 1018 до 1020) | S62: ЗАЛИХЕ (од 1018 до 1020) | T62: ЗАЛИХЕ (од 1018 до 1020) | U62: ЗАЛИХЕ (од 1018 до 1020) | V62: ЗАЛИХЕ (од 1018 до 1020) | W62: ЗАЛИХЕ (од 1018 до 1020) | X62: ЗАЛИХЕ (од 1018 до 1020) | Y62: =UnObr1!D32 -> 0 | AD62: =UnObr1!E32 -> 0 | AI62: =UnObr1!F32 -> 0 | AN62: =UnObr1!G32 -> 0
A63: 1028 | D63: 100000 | E63: 21000 | F63: 21000 | G63: 21000 | H63: ФИНАНСИЈСКА ИМОВИНА (1029 + 1049 + 1067) | I63: ЗАЛИХЕ (од 1018 до 1020) | J63: ЗАЛИХЕ (од 1018 до 1020) | K63: ЗАЛИХЕ (од 1018 до 1020) | L63: ЗАЛИХЕ (од 1018 до 1020) | M63: ЗАЛИХЕ (од 1018 до 1020) | N63: ЗАЛИХЕ (од 1018 до 1020) | O63: ЗАЛИХЕ (од 1018 до 1020) | P63: ЗАЛИХЕ (од 1018 до 1020) | Q63: ЗАЛИХЕ (од 1018 до 1020) | R63: ЗАЛИХЕ (од 1018 до 1020) | S63: ЗАЛИХЕ (од 1018 до 1020) | T63: ЗАЛИХЕ (од 1018 до 1020) | U63: ЗАЛИХЕ (од 1018 до 1020) | V63: ЗАЛИХЕ (од 1018 до 1020) | W63: ЗАЛИХЕ (од 1018 до 1020) | X63: ЗАЛИХЕ (од 1018 до 1020) | Y63: =UnObr1!D33 -> 0 | AD63: =UnObr1!E33 -> 7363 | AI63: =UnObr1!F33 -> 0 | AN63: =UnObr1!G33 -> 7363
A64: 1029 | D64: 110000 | E64: 21000 | F64: 21000 | G64: 21000 | H64: ДУГОРОЧНА ФИНАНСИЈСКА ИМОВИНА (1030 + 1040) | I64: ЗАЛИХЕ (од 1018 до 1020) | J64: ЗАЛИХЕ (од 1018 до 1020) | K64: ЗАЛИХЕ (од 1018 до 1020) | L64: ЗАЛИХЕ (од 1018 до 1020) | M64: ЗАЛИХЕ (од 1018 до 1020) | N64: ЗАЛИХЕ (од 1018 до 1020) | O64: ЗАЛИХЕ (од 1018 до 1020) | P64: ЗАЛИХЕ (од 1018 до 1020) | Q64: ЗАЛИХЕ (од 1018 до 1020) | R64: ЗАЛИХЕ (од 1018 до 1020) | S64: ЗАЛИХЕ (од 1018 до 1020) | T64: ЗАЛИХЕ (од 1018 до 1020) | U64: ЗАЛИХЕ (од 1018 до 1020) | V64: ЗАЛИХЕ (од 1018 до 1020) | W64: ЗАЛИХЕ (од 1018 до 1020) | X64: ЗАЛИХЕ (од 1018 до 1020) | Y64: =UnObr1!D34 -> 0 | AD64: =UnObr1!E34 -> 0 | AI64: =UnObr1!F34 -> 0 | AN64: =UnObr1!G34 -> 0
A65: 1030 | D65: 111000 | E65: 21000 | F65: 21000 | G65: 21000 | H65: ДУГОРОЧНА ДОМАЋА ФИНАНСИЈСКА ИМОВИНА (од 1031 до 1039) | I65: ЗАЛИХЕ (од 1018 до 1020) | J65: ЗАЛИХЕ (од 1018 до 1020) | K65: ЗАЛИХЕ (од 1018 до 1020) | L65: ЗАЛИХЕ (од 1018 до 1020) | M65: ЗАЛИХЕ (од 1018 до 1020) | N65: ЗАЛИХЕ (од 1018 до 1020) | O65: ЗАЛИХЕ (од 1018 до 1020) | P65: ЗАЛИХЕ (од 1018 до 1020) | Q65: ЗАЛИХЕ (од 1018 до 1020) | R65: ЗАЛИХЕ (од 1018 до 1020) | S65: ЗАЛИХЕ (од 1018 до 1020) | T65: ЗАЛИХЕ (од 1018 до 1020) | U65: ЗАЛИХЕ (од 1018 до 1020) | V65: ЗАЛИХЕ (од 1018 до 1020) | W65: ЗАЛИХЕ (од 1018 до 1020) | X65: ЗАЛИХЕ (од 1018 до 1020) | Y65: =UnObr1!D35 -> 0 | AD65: =UnObr1!E35 -> 0 | AI65: =UnObr1!F35 -> 0 | AN65: =UnObr1!G35 -> 0
A66: 1031 | D66: 111100 | E66: 21000 | F66: 21000 | G66: 21000 | H66: Дугорочне домаће хартије од вредности, изузев акција | I66: ЗАЛИХЕ (од 1018 до 1020) | J66: ЗАЛИХЕ (од 1018 до 1020) | K66: ЗАЛИХЕ (од 1018 до 1020) | L66: ЗАЛИХЕ (од 1018 до 1020) | M66: ЗАЛИХЕ (од 1018 до 1020) | N66: ЗАЛИХЕ (од 1018 до 1020) | O66: ЗАЛИХЕ (од 1018 до 1020) | P66: ЗАЛИХЕ (од 1018 до 1020) | Q66: ЗАЛИХЕ (од 1018 до 1020) | R66: ЗАЛИХЕ (од 1018 до 1020) | S66: ЗАЛИХЕ (од 1018 до 1020) | T66: ЗАЛИХЕ (од 1018 до 1020) | U66: ЗАЛИХЕ (од 1018 до 1020) | V66: ЗАЛИХЕ (од 1018 до 1020) | W66: ЗАЛИХЕ (од 1018 до 1020) | X66: ЗАЛИХЕ (од 1018 до 1020) | Y66: =UnObr1!D36 -> 0 | AD66: =UnObr1!E36 -> 0 | AI66: =UnObr1!F36 -> 0 | AN66: =UnObr1!G36 -> 0
A67: 1032 | D67: 111200 | E67: 21000 | F67: 21000 | G67: 21000 | H67: Кредити осталим нивоима власти | I67: ЗАЛИХЕ (од 1018 до 1020) | J67: ЗАЛИХЕ (од 1018 до 1020) | K67: ЗАЛИХЕ (од 1018 до 1020) | L67: ЗАЛИХЕ (од 1018 до 1020) | M67: ЗАЛИХЕ (од 1018 до 1020) | N67: ЗАЛИХЕ (од 1018 до 1020) | O67: ЗАЛИХЕ (од 1018 до 1020) | P67: ЗАЛИХЕ (од 1018 до 1020) | Q67: ЗАЛИХЕ (од 1018 до 1020) | R67: ЗАЛИХЕ (од 1018 до 1020) | S67: ЗАЛИХЕ (од 1018 до 1020) | T67: ЗАЛИХЕ (од 1018 до 1020) | U67: ЗАЛИХЕ (од 1018 до 1020) | V67: ЗАЛИХЕ (од 1018 до 1020) | W67: ЗАЛИХЕ (од 1018 до 1020) | X67: ЗАЛИХЕ (од 1018 до 1020) | Y67: =UnObr1!D37 -> 0 | AD67: =UnObr1!E37 -> 0 | AI67: =UnObr1!F37 -> 0 | AN67: =UnObr1!G37 -> 0
A68: 1033 | D68: 111300 | E68: 21000 | F68: 21000 | G68: 21000 | H68: Кредити домаћим јавним финансијским институцијама | I68: ЗАЛИХЕ (од 1018 до 1020) | J68: ЗАЛИХЕ (од 1018 до 1020) | K68: ЗАЛИХЕ (од 1018 до 1020) | L68: ЗАЛИХЕ (од 1018 до 1020) | M68: ЗАЛИХЕ (од 1018 до 1020) | N68: ЗАЛИХЕ (од 1018 до 1020) | O68: ЗАЛИХЕ (од 1018 до 1020) | P68: ЗАЛИХЕ (од 1018 до 1020) | Q68: ЗАЛИХЕ (од 1018 до 1020) | R68: ЗАЛИХЕ (од 1018 до 1020) | S68: ЗАЛИХЕ (од 1018 до 1020) | T68: ЗАЛИХЕ (од 1018 до 1020) | U68: ЗАЛИХЕ (од 1018 до 1020) | V68: ЗАЛИХЕ (од 1018 до 1020) | W68: ЗАЛИХЕ (од 1018 до 1020) | X68: ЗАЛИХЕ (од 1018 до 1020) | Y68: =UnObr1!D38 -> 0 | AD68: =UnObr1!E38 -> 0 | AI68: =UnObr1!F38 -> 0 | AN68: =UnObr1!G38 -> 0
A69: 1034 | D69: 111400 | E69: 21000 | F69: 21000 | G69: 21000 | H69: Кредити домаћим пословним банкама | I69: ЗАЛИХЕ (од 1018 до 1020) | J69: ЗАЛИХЕ (од 1018 до 1020) | K69: ЗАЛИХЕ (од 1018 до 1020) | L69: ЗАЛИХЕ (од 1018 до 1020) | M69: ЗАЛИХЕ (од 1018 до 1020) | N69: ЗАЛИХЕ (од 1018 до 1020) | O69: ЗАЛИХЕ (од 1018 до 1020) | P69: ЗАЛИХЕ (од 1018 до 1020) | Q69: ЗАЛИХЕ (од 1018 до 1020) | R69: ЗАЛИХЕ (од 1018 до 1020) | S69: ЗАЛИХЕ (од 1018 до 1020) | T69: ЗАЛИХЕ (од 1018 до 1020) | U69: ЗАЛИХЕ (од 1018 до 1020) | V69: ЗАЛИХЕ (од 1018 до 1020) | W69: ЗАЛИХЕ (од 1018 до 1020) | X69: ЗАЛИХЕ (од 1018 до 1020) | Y69: =UnObr1!D39 -> 0 | AD69: =UnObr1!E39 -> 0 | AI69: =UnObr1!F39 -> 0 | AN69: =UnObr1!G39 -> 0
A70: 1035 | D70: 111500 | E70: 21000 | F70: 21000 | G70: 21000 | H70: Кредити домаћим јавним нефинансијским институцијама | I70: ЗАЛИХЕ (од 1018 до 1020) | J70: ЗАЛИХЕ (од 1018 до 1020) | K70: ЗАЛИХЕ (од 1018 до 1020) | L70: ЗАЛИХЕ (од 1018 до 1020) | M70: ЗАЛИХЕ (од 1018 до 1020) | N70: ЗАЛИХЕ (од 1018 до 1020) | O70: ЗАЛИХЕ (од 1018 до 1020) | P70: ЗАЛИХЕ (од 1018 до 1020) | Q70: ЗАЛИХЕ (од 1018 до 1020) | R70: ЗАЛИХЕ (од 1018 до 1020) | S70: ЗАЛИХЕ (од 1018 до 1020) | T70: ЗАЛИХЕ (од 1018 до 1020) | U70: ЗАЛИХЕ (од 1018 до 1020) | V70: ЗАЛИХЕ (од 1018 до 1020) | W70: ЗАЛИХЕ (од 1018 до 1020) | X70: ЗАЛИХЕ (од 1018 до 1020) | Y70: =UnObr1!D40 -> 0 | AD70: =UnObr1!E40 -> 0 | AI70: =UnObr1!F40 -> 0 | AN70: =UnObr1!G40 -> 0
A71: 1036 | D71: 111600 | E71: 21000 | F71: 21000 | G71: 21000 | H71: Кредити физичким лицима и домаћинствима у земљи | I71: ЗАЛИХЕ (од 1018 до 1020) | J71: ЗАЛИХЕ (од 1018 до 1020) | K71: ЗАЛИХЕ (од 1018 до 1020) | L71: ЗАЛИХЕ (од 1018 до 1020) | M71: ЗАЛИХЕ (од 1018 до 1020) | N71: ЗАЛИХЕ (од 1018 до 1020) | O71: ЗАЛИХЕ (од 1018 до 1020) | P71: ЗАЛИХЕ (од 1018 до 1020) | Q71: ЗАЛИХЕ (од 1018 до 1020) | R71: ЗАЛИХЕ (од 1018 до 1020) | S71: ЗАЛИХЕ (од 1018 до 1020) | T71: ЗАЛИХЕ (од 1018 до 1020) | U71: ЗАЛИХЕ (од 1018 до 1020) | V71: ЗАЛИХЕ (од 1018 до 1020) | W71: ЗАЛИХЕ (од 1018 до 1020) | X71: ЗАЛИХЕ (од 1018 до 1020) | Y71: =UnObr1!D41 -> 0 | AD71: =UnObr1!E41 -> 0 | AI71: =UnObr1!F41 -> 0 | AN71: =UnObr1!G41 -> 0
A72: 1037 | D72: 111700 | E72: 21000 | F72: 21000 | G72: 21000 | H72: Кредити домаћим невладиним организацијама | I72: ЗАЛИХЕ (од 1018 до 1020) | J72: ЗАЛИХЕ (од 1018 до 1020) | K72: ЗАЛИХЕ (од 1018 до 1020) | L72: ЗАЛИХЕ (од 1018 до 1020) | M72: ЗАЛИХЕ (од 1018 до 1020) | N72: ЗАЛИХЕ (од 1018 до 1020) | O72: ЗАЛИХЕ (од 1018 до 1020) | P72: ЗАЛИХЕ (од 1018 до 1020) | Q72: ЗАЛИХЕ (од 1018 до 1020) | R72: ЗАЛИХЕ (од 1018 до 1020) | S72: ЗАЛИХЕ (од 1018 до 1020) | T72: ЗАЛИХЕ (од 1018 до 1020) | U72: ЗАЛИХЕ (од 1018 до 1020) | V72: ЗАЛИХЕ (од 1018 до 1020) | W72: ЗАЛИХЕ (од 1018 до 1020) | X72: ЗАЛИХЕ (од 1018 до 1020) | Y72: =UnObr1!D42 -> 0 | AD72: =UnObr1!E42 -> 0 | AI72: =UnObr1!F42 -> 0 | AN72: =UnObr1!G42 -> 0
A73: 1038 | D73: 111800 | E73: 21000 | F73: 21000 | G73: 21000 | H73: Кредити домаћим нефинансијским приватним предузећима | I73: ЗАЛИХЕ (од 1018 до 1020) | J73: ЗАЛИХЕ (од 1018 до 1020) | K73: ЗАЛИХЕ (од 1018 до 1020) | L73: ЗАЛИХЕ (од 1018 до 1020) | M73: ЗАЛИХЕ (од 1018 до 1020) | N73: ЗАЛИХЕ (од 1018 до 1020) | O73: ЗАЛИХЕ (од 1018 до 1020) | P73: ЗАЛИХЕ (од 1018 до 1020) | Q73: ЗАЛИХЕ (од 1018 до 1020) | R73: ЗАЛИХЕ (од 1018 до 1020) | S73: ЗАЛИХЕ (од 1018 до 1020) | T73: ЗАЛИХЕ (од 1018 до 1020) | U73: ЗАЛИХЕ (од 1018 до 1020) | V73: ЗАЛИХЕ (од 1018 до 1020) | W73: ЗАЛИХЕ (од 1018 до 1020) | X73: ЗАЛИХЕ (од 1018 до 1020) | Y73: =UnObr1!D43 -> 0 | AD73: =UnObr1!E43 -> 0 | AI73: =UnObr1!F43 -> 0 | AN73: =UnObr1!G43 -> 0
A74: 1039 | D74: 111900 | E74: 21000 | F74: 21000 | G74: 21000 | H74: Домаће акције и остали капитал | I74: ЗАЛИХЕ (од 1018 до 1020) | J74: ЗАЛИХЕ (од 1018 до 1020) | K74: ЗАЛИХЕ (од 1018 до 1020) | L74: ЗАЛИХЕ (од 1018 до 1020) | M74: ЗАЛИХЕ (од 1018 до 1020) | N74: ЗАЛИХЕ (од 1018 до 1020) | O74: ЗАЛИХЕ (од 1018 до 1020) | P74: ЗАЛИХЕ (од 1018 до 1020) | Q74: ЗАЛИХЕ (од 1018 до 1020) | R74: ЗАЛИХЕ (од 1018 до 1020) | S74: ЗАЛИХЕ (од 1018 до 1020) | T74: ЗАЛИХЕ (од 1018 до 1020) | U74: ЗАЛИХЕ (од 1018 до 1020) | V74: ЗАЛИХЕ (од 1018 до 1020) | W74: ЗАЛИХЕ (од 1018 до 1020) | X74: ЗАЛИХЕ (од 1018 до 1020) | Y74: =UnObr1!D44 -> 0 | AD74: =UnObr1!E44 -> 0 | AI74: =UnObr1!F44 -> 0 | AN74: =UnObr1!G44 -> 0
... A83: 1048 | D83: 112800 | E83: 21000 | F83: 21000 | G83: 21000 | H83: Страни финансијски деривати | I83: ЗАЛИХЕ (од 1018 до 1020) | J83: ЗАЛИХЕ (од 1018 до 1020) | K83: ЗАЛИХЕ (од 1018 до 1020) | L83: ЗАЛИХЕ (од 1018 до 1020) | M83: ЗАЛИХЕ (од 1018 до 1020) | N83: ЗАЛИХЕ (од 1018 до 1020) | O83: ЗАЛИХЕ (од 1018 до 1020) | P83: ЗАЛИХЕ (од 1018 до 1020) | Q83: ЗАЛИХЕ (од 1018 до 1020) | R83: ЗАЛИХЕ (од 1018 до 1020) | S83: ЗАЛИХЕ (од 1018 до 1020) | T83: ЗАЛИХЕ (од 1018 до 1020) | U83: ЗАЛИХЕ (од 1018 до 1020) | V83: ЗАЛИХЕ (од 1018 до 1020) | W83: ЗАЛИХЕ (од 1018 до 1020) | X83: ЗАЛИХЕ (од 1018 до 1020) | Y83: =UnObr1!D53 -> 0 | AD83: =UnObr1!E53 -> 0 | AI83: =UnObr1!F53 -> 0 | AN83: =UnObr1!G53 -> 0
A84: Ознака ОП | D84: Број конта | H84: Опис | Y84: Износ из претходне године (почетно стање) | AD84: Износ текуће године
AD87: Бруто | AI87: Исправка вредности | AN87: Нето (5 - 6)
A88: 1 | D88: 2 | H88: 3 | Y88: 4 | AD88: 5 | AI88: 6 | AN88: 7
A89: 1049 | D89: 120000 | E89: 121400 | F89: 121400 | G89: 121400 | H89: НОВЧАНА СРЕДСТВА, ПЛЕМЕНИТИ МЕТАЛИ, ХАРТИЈЕ ОД ВРЕДНОСТИ, ПОТРАЖИВАЊА И КРАТКОРОЧНИ ПЛАСМАНИ (1050 + 1060 + 1062) | I89: Девизни рачун | J89: Девизни рачун | K89: Девизни рачун | L89: Девизни рачун | M89: Девизни рачун | N89: Девизни рачун | O89: Девизни рачун | P89: Девизни рачун | Q89: Девизни рачун | R89: Девизни рачун | S89: Девизни рачун | T89: Девизни рачун | U89: Девизни рачун | V89: Девизни рачун | W89: Девизни рачун | X89: Девизни рачун | Y89: =UnObr1!D54 -> 0 | AD89: =UnObr1!E54 -> 191 | AI89: =UnObr1!F54 -> 0 | AN89: =UnObr1!G54 -> 191
A90: 1050 | D90: 121000 | E90: 121400 | F90: 121400 | G90: 121400 | H90: НОВЧАНА СРЕДСТВА, ПЛЕМЕНИТИ МЕТАЛИ, ХАРТИЈЕ ОД ВРЕДНОСТИ (од 1051 до 1059) | I90: Девизни рачун | J90: Девизни рачун | K90: Девизни рачун | L90: Девизни рачун | M90: Девизни рачун | N90: Девизни рачун | O90: Девизни рачун | P90: Девизни рачун | Q90: Девизни рачун | R90: Девизни рачун | S90: Девизни рачун | T90: Девизни рачун | U90: Девизни рачун | V90: Девизни рачун | W90: Девизни рачун | X90: Девизни рачун | Y90: =UnObr1!D55 -> 0 | AD90: =UnObr1!E55 -> 191 | AI90: =UnObr1!F55 -> 0 | AN90: =UnObr1!G55 -> 191
A91: 1051 | D91: 121100 | E91: 121400 | F91: 121400 | G91: 121400 | H91: Жиро и текући рачуни | I91: Девизни рачун | J91: Девизни рачун | K91: Девизни рачун | L91: Девизни рачун | M91: Девизни рачун | N91: Девизни рачун | O91: Девизни рачун | P91: Девизни рачун | Q91: Девизни рачун | R91: Девизни рачун | S91: Девизни рачун | T91: Девизни рачун | U91: Девизни рачун | V91: Девизни рачун | W91: Девизни рачун | X91: Девизни рачун | Y91: =UnObr1!D56 -> 0 | AD91: =UnObr1!E56 -> 191 | AI91: =UnObr1!F56 -> 0 | AN91: =UnObr1!G56 -> 191
A92: 1052 | D92: 121200 | E92: 121400 | F92: 121400 | G92: 121400 | H92: Издвојена новчана средства и акредитиви | I92: Девизни рачун | J92: Девизни рачун | K92: Девизни рачун | L92: Девизни рачун | M92: Девизни рачун | N92: Девизни рачун | O92: Девизни рачун | P92: Девизни рачун | Q92: Девизни рачун | R92: Девизни рачун | S92: Девизни рачун | T92: Девизни рачун | U92: Девизни рачун | V92: Девизни рачун | W92: Девизни рачун | X92: Девизни рачун | Y92: =UnObr1!D57 -> 0 | AD92: =UnObr1!E57 -> 0 | AI92: =UnObr1!F57 -> 0 | AN92: =UnObr1!G57 -> 0
A93: 1053 | D93: 121300 | E93: 121400 | F93: 121400 | G93: 121400 | H93: Благајна | I93: Девизни рачун | J93: Девизни рачун | K93: Девизни рачун | L93: Девизни рачун | M93: Девизни рачун | N93: Девизни рачун | O93: Девизни рачун | P93: Девизни рачун | Q93: Девизни рачун | R93: Девизни рачун | S93: Девизни рачун | T93: Девизни рачун | U93: Девизни рачун | V93: Девизни рачун | W93: Девизни рачун | X93: Девизни рачун | Y93: =UnObr1!D58 -> 0 | AD93: =UnObr1!E58 -> 0 | AI93: =UnObr1!F58 -> 0 | AN93: =UnObr1!G58 -> 0
A94: 1054 | D94: 121400 | E94: 121400 | F94: 121400 | G94: 121400 | H94: Девизни рачун | I94: Девизни рачун | J94: Девизни рачун | K94: Девизни рачун | L94: Девизни рачун | M94: Девизни рачун | N94: Девизни рачун | O94: Девизни рачун | P94: Девизни рачун | Q94: Девизни рачун | R94: Девизни рачун | S94: Девизни рачун | T94: Девизни рачун | U94: Девизни рачун | V94: Девизни рачун | W94: Девизни рачун | X94: Девизни рачун | Y94: =UnObr1!D59 -> 0 | AD94: =UnObr1!E59 -> 0 | AI94: =UnObr1!F59 -> 0 | AN94: =UnObr1!G59 -> 0
A95: 1055 | D95: 121500 | E95: 121400 | F95: 121400 | G95: 121400 | H95: Девизни акредитиви | I95: Девизни рачун | J95: Девизни рачун | K95: Девизни рачун | L95: Девизни рачун | M95: Девизни рачун | N95: Девизни рачун | O95: Девизни рачун | P95: Девизни рачун | Q95: Девизни рачун | R95: Девизни рачун | S95: Девизни рачун | T95: Девизни рачун | U95: Девизни рачун | V95: Девизни рачун | W95: Девизни рачун | X95: Девизни рачун | Y95: =UnObr1!D60 -> 0 | AD95: =UnObr1!E60 -> 0 | AI95: =UnObr1!F60 -> 0 | AN95: =UnObr1!G60 -> 0
A96: 1056 | D96: 121600 | E96: 121400 | F96: 121400 | G96: 121400 | H96: Девизна благајна | I96: Девизни рачун | J96: Девизни рачун | K96: Девизни рачун | L96: Девизни рачун | M96: Девизни рачун | N96: Девизни рачун | O96: Девизни рачун | P96: Девизни рачун | Q96: Девизни рачун | R96: Девизни рачун | S96: Девизни рачун | T96: Девизни рачун | U96: Девизни рачун | V96: Девизни рачун | W96: Девизни рачун | X96: Девизни рачун | Y96: =UnObr1!D61 -> 0 | AD96: =UnObr1!E61 -> 0 | AI96: =UnObr1!F61 -> 0 | AN96: =UnObr1!G61 -> 0
A97: 1057 | D97: 121700 | E97: 121400 | F97: 121400 | G97: 121400 | H97: Остала новчана средства | I97: Девизни рачун | J97: Девизни рачун | K97: Девизни рачун | L97: Девизни рачун | M97: Девизни рачун | N97: Девизни рачун | O97: Девизни рачун | P97: Девизни рачун | Q97: Девизни рачун | R97: Девизни рачун | S97: Девизни рачун | T97: Девизни рачун | U97: Девизни рачун | V97: Девизни рачун | W97: Девизни рачун | X97: Девизни рачун | Y97: =UnObr1!D62 -> 0 | AD97: =UnObr1!E62 -> 0 | AI97: =UnObr1!F62 -> 0 | AN97: =UnObr1!G62 -> 0
A98: 1058 | D98: 121800 | E98: 121400 | F98: 121400 | G98: 121400 | H98: Племенити метали | I98: Девизни рачун | J98: Девизни рачун | K98: Девизни рачун | L98: Девизни рачун | M98: Девизни рачун | N98: Девизни рачун | O98: Девизни рачун | P98: Девизни рачун | Q98: Девизни рачун | R98: Девизни рачун | S98: Девизни рачун | T98: Девизни рачун | U98: Девизни рачун | V98: Девизни рачун | W98: Девизни рачун | X98: Девизни рачун | Y98: =UnObr1!D63 -> 0 | AD98: =UnObr1!E63 -> 0 | AI98: =UnObr1!F63 -> 0 | AN98: =UnObr1!G63 -> 0
A99: 1059 | D99: 121900 | E99: 121400 | F99: 121400 | G99: 121400 | H99: Хартије од вредности | I99: Девизни рачун | J99: Девизни рачун | K99: Девизни рачун | L99: Девизни рачун | M99: Девизни рачун | N99: Девизни рачун | O99: Девизни рачун | P99: Девизни рачун | Q99: Девизни рачун | R99: Девизни рачун | S99: Девизни рачун | T99: Девизни рачун | U99: Девизни рачун | V99: Девизни рачун | W99: Девизни рачун | X99: Девизни рачун | Y99: =UnObr1!D64 -> 0 | AD99: =UnObr1!E64 -> 0 | AI99: =UnObr1!F64 -> 0 | AN99: =UnObr1!G64 -> 0
A100: 1060 | D100: 122000 | E100: 121400 | F100: 121400 | G100: 121400 | H100: КРАТКОРОЧНА ПОТРАЖИВАЊА (1061) | I100: Девизни рачун | J100: Девизни рачун | K100: Девизни рачун | L100: Девизни рачун | M100: Девизни рачун | N100: Девизни рачун | O100: Девизни рачун | P100: Девизни рачун | Q100: Девизни рачун | R100: Девизни рачун | S100: Девизни рачун | T100: Девизни рачун | U100: Девизни рачун | V100: Девизни рачун | W100: Девизни рачун | X100: Девизни рачун | Y100: =UnObr1!D65 -> 0 | AD100: =UnObr1!E65 -> 0 | AI100: =UnObr1!F65 -> 0 | AN100: =UnObr1!G65 -> 0
... A111: 1071 | D111: 131300 | E111: 121400 | F111: 121400 | G111: 121400 | H111: Остала активна временска разграничења | I111: Девизни рачун | J111: Девизни рачун | K111: Девизни рачун | L111: Девизни рачун | M111: Девизни рачун | N111: Девизни рачун | O111: Девизни рачун | P111: Девизни рачун | Q111: Девизни рачун | R111: Девизни рачун | S111: Девизни рачун | T111: Девизни рачун | U111: Девизни рачун | V111: Девизни рачун | W111: Девизни рачун | X111: Девизни рачун | Y111: =UnObr1!D76 -> 0 | AD111: =UnObr1!E76 -> 0 | AI111: =UnObr1!F76 -> 0 | AN111: =UnObr1!G76 -> 0
A112: 1072 | H112: УКУПНА АКТИВА (1001 + 1028) | I112: Девизни рачун | J112: Девизни рачун | K112: Девизни рачун | L112: Девизни рачун | M112: Девизни рачун | N112: Девизни рачун | O112: Девизни рачун | P112: Девизни рачун | Q112: Девизни рачун | R112: Девизни рачун | S112: Девизни рачун | T112: Девизни рачун | U112: Девизни рачун | V112: Девизни рачун | W112: Девизни рачун | X112: Девизни рачун | Y112: =UnObr1!D77 -> 0 | AD112: =UnObr1!E77 -> 115499 | AI112: =UnObr1!F77 -> 35417 | AN112: =UnObr1!G77 -> 80082
A113: 1073 | D113: 351000 | E113: 121400 | F113: 121400 | G113: 121400 | H113: ВАНБИЛАНСНА АКТИВА | I113: Девизни рачун | J113: Девизни рачун | K113: Девизни рачун | L113: Девизни рачун | M113: Девизни рачун | N113: Девизни рачун | O113: Девизни рачун | P113: Девизни рачун | Q113: Девизни рачун | R113: Девизни рачун | S113: Девизни рачун | T113: Девизни рачун | U113: Девизни рачун | V113: Девизни рачун | W113: Девизни рачун | X113: Девизни рачун | Y113: =UnObr1!D78 -> 0 | AD113: =UnObr1!E78 -> 0 | AI113: =UnObr1!F78 -> 0 | AN113: =UnObr1!G78 -> 0
A114: Ознака ОП | D114: Број конта | H114: Опис | Y114: Износ
Y116: Претходна година | AI116: Текућа година
A118: 1 | D118: 2 | H118: 3 | Y118: 4 | AH118: 5 | AI118: 5
H119: ПАСИВА
A120: 1074 | D120: 200000 | E120: 200000 | F120: 200000 | G120: 200000 | H120: ОБАВЕЗЕ (1075 + 1099 + 1118 + 1173 + 1198 + 1212) | I120: ОБАВЕЗЕ (1070 + 1089 + 1108 + 1159 + 1184 + 1197) | J120: ОБАВЕЗЕ (1070 + 1089 + 1108 + 1159 + 1184 + 1197) | K120: ОБАВЕЗЕ (1070 + 1089 + 1108 + 1159 + 1184 + 1197) | L120: ОБАВЕЗЕ (1070 + 1089 + 1108 + 1159 + 1184 + 1197) | M120: ОБАВЕЗЕ (1070 + 1089 + 1108 + 1159 + 1184 + 1197) | N120: ОБАВЕЗЕ (1070 + 1089 + 1108 + 1159 + 1184 + 1197) | O120: ОБАВЕЗЕ (1070 + 1089 + 1108 + 1159 + 1184 + 1197) | P120: ОБАВЕЗЕ (1070 + 1089 + 1108 + 1159 + 1184 + 1197) | Q120: ОБАВЕЗЕ (1070 + 1089 + 1108 + 1159 + 1184 + 1197) | R120: ОБАВЕЗЕ (1070 + 1089 + 1108 + 1159 + 1184 + 1197) | S120: ОБАВЕЗЕ (1070 + 1089 + 1108 + 1159 + 1184 + 1197) | T120: ОБАВЕЗЕ (1070 + 1089 + 1108 + 1159 + 1184 + 1197) | U120: ОБАВЕЗЕ (1070 + 1089 + 1108 + 1159 + 1184 + 1197) | V120: ОБАВЕЗЕ (1070 + 1089 + 1108 + 1159 + 1184 + 1197) | W120: ОБАВЕЗЕ (1070 + 1089 + 1108 + 1159 + 1184 + 1197) | X120: ОБАВЕЗЕ (1070 + 1089 + 1108 + 1159 + 1184 + 1197) | Y120: =UnObr1!F83 -> 0 | AI120: =UnObr1!G83 -> 7172
A121: 1075 | D121: 210000 | E121: 200000 | F121: 200000 | G121: 200000 | H121: ДУГОРОЧНЕ ОБАВЕЗЕ (1076 + 1086 + 1093 + 1095 + 1097) | I121: ОБАВЕЗЕ (1070 + 1089 + 1108 + 1159 + 1184 + 1197) | J121: ОБАВЕЗЕ (1070 + 1089 + 1108 + 1159 + 1184 + 1197) | K121: ОБАВЕЗЕ (1070 + 1089 + 1108 + 1159 + 1184 + 1197) | L121: ОБАВЕЗЕ (1070 + 1089 + 1108 + 1159 + 1184 + 1197) | M121: ОБАВЕЗЕ (1070 + 1089 + 1108 + 1159 + 1184 + 1197) | N121: ОБАВЕЗЕ (1070 + 1089 + 1108 + 1159 + 1184 + 1197) | O121: ОБАВЕЗЕ (1070 + 1089 + 1108 + 1159 + 1184 + 1197) | P121: ОБАВЕЗЕ (1070 + 1089 + 1108 + 1159 + 1184 + 1197) | Q121: ОБАВЕЗЕ (1070 + 1089 + 1108 + 1159 + 1184 + 1197) | R121: ОБАВЕЗЕ (1070 + 1089 + 1108 + 1159 + 1184 + 1197) | S121: ОБАВЕЗЕ (1070 + 1089 + 1108 + 1159 + 1184 + 1197) | T121: ОБАВЕЗЕ (1070 + 1089 + 1108 + 1159 + 1184 + 1197) | U121: ОБАВЕЗЕ (1070 + 1089 + 1108 + 1159 + 1184 + 1197) | V121: ОБАВЕЗЕ (1070 + 1089 + 1108 + 1159 + 1184 + 1197) | W121: ОБАВЕЗЕ (1070 + 1089 + 1108 + 1159 + 1184 + 1197) | X121: ОБАВЕЗЕ (1070 + 1089 + 1108 + 1159 + 1184 + 1197) | Y121: =UnObr1!F84 -> 0 | AI121: =UnObr1!G84 -> 0
A122: 1076 | D122: 211000 | E122: 200000 | F122: 200000 | G122: 200000 | H122: ДОМАЋЕ ДУГОРОЧНЕ ОБАВЕЗЕ (од 1077 до 1085) | I122: ОБАВЕЗЕ (1070 + 1089 + 1108 + 1159 + 1184 + 1197) | J122: ОБАВЕЗЕ (1070 + 1089 + 1108 + 1159 + 1184 + 1197) | K122: ОБАВЕЗЕ (1070 + 1089 + 1108 + 1159 + 1184 + 1197) | L122: ОБАВЕЗЕ (1070 + 1089 + 1108 + 1159 + 1184 + 1197) | M122: ОБАВЕЗЕ (1070 + 1089 + 1108 + 1159 + 1184 + 1197) | N122: ОБАВЕЗЕ (1070 + 1089 + 1108 + 1159 + 1184 + 1197) | O122: ОБАВЕЗЕ (1070 + 1089 + 1108 + 1159 + 1184 + 1197) | P122: ОБАВЕЗЕ (1070 + 1089 + 1108 + 1159 + 1184 + 1197) | Q122: ОБАВЕЗЕ (1070 + 1089 + 1108 + 1159 + 1184 + 1197) | R122: ОБАВЕЗЕ (1070 + 1089 + 1108 + 1159 + 1184 + 1197) | S122: ОБАВЕЗЕ (1070 + 1089 + 1108 + 1159 + 1184 + 1197) | T122: ОБАВЕЗЕ (1070 + 1089 + 1108 + 1159 + 1184 + 1197) | U122: ОБАВЕЗЕ (1070 + 1089 + 1108 + 1159 + 1184 + 1197) | V122: ОБАВЕЗЕ (1070 + 1089 + 1108 + 1159 + 1184 + 1197) | W122: ОБАВЕЗЕ (1070 + 1089 + 1108 + 1159 + 1184 + 1197) | X122: ОБАВЕЗЕ (1070 + 1089 + 1108 + 1159 + 1184 + 1197) | Y122: =UnObr1!F85 -> 0 | AI122: =UnObr1!G85 -> 0
A123: 1077 | D123: 211100 | E123: 200000 | F123: 200000 | G123: 200000 | H123: Обавезе по основу емитованих хартија од вредности, изузев акција | I123: ОБАВЕЗЕ (1070 + 1089 + 1108 + 1159 + 1184 + 1197) | J123: ОБАВЕЗЕ (1070 + 1089 + 1108 + 1159 + 1184 + 1197) | K123: ОБАВЕЗЕ (1070 + 1089 + 1108 + 1159 + 1184 + 1197) | L123: ОБАВЕЗЕ (1070 + 1089 + 1108 + 1159 + 1184 + 1197) | M123: ОБАВЕЗЕ (1070 + 1089 + 1108 + 1159 + 1184 + 1197) | N123: ОБАВЕЗЕ (1070 + 1089 + 1108 + 1159 + 1184 + 1197) | O123: ОБАВЕЗЕ (1070 + 1089 + 1108 + 1159 + 1184 + 1197) | P123: ОБАВЕЗЕ (1070 + 1089 + 1108 + 1159 + 1184 + 1197) | Q123: ОБАВЕЗЕ (1070 + 1089 + 1108 + 1159 + 1184 + 1197) | R123: ОБАВЕЗЕ (1070 + 1089 + 1108 + 1159 + 1184 + 1197) | S123: ОБАВЕЗЕ (1070 + 1089 + 1108 + 1159 + 1184 + 1197) | T123: ОБАВЕЗЕ (1070 + 1089 + 1108 + 1159 + 1184 + 1197) | U123: ОБАВЕЗЕ (1070 + 1089 + 1108 + 1159 + 1184 + 1197) | V123: ОБАВЕЗЕ (1070 + 1089 + 1108 + 1159 + 1184 + 1197) | W123: ОБАВЕЗЕ (1070 + 1089 + 1108 + 1159 + 1184 + 1197) | X123: ОБАВЕЗЕ (1070 + 1089 + 1108 + 1159 + 1184 + 1197) | Y123: =UnObr1!F86 -> 0 | AI123: =UnObr1!G86 -> 0
A124: 1078 | D124: 211200 | E124: 200000 | F124: 200000 | G124: 200000 | H124: Обавезе по основу дугорочних кредита од осталих нивоа власти | I124: ОБАВЕЗЕ (1070 + 1089 + 1108 + 1159 + 1184 + 1197) | J124: ОБАВЕЗЕ (1070 + 1089 + 1108 + 1159 + 1184 + 1197) | K124: ОБАВЕЗЕ (1070 + 1089 + 1108 + 1159 + 1184 + 1197) | L124: ОБАВЕЗЕ (1070 + 1089 + 1108 + 1159 + 1184 + 1197) | M124: ОБАВЕЗЕ (1070 + 1089 + 1108 + 1159 + 1184 + 1197) | N124: ОБАВЕЗЕ (1070 + 1089 + 1108 + 1159 + 1184 + 1197) | O124: ОБАВЕЗЕ (1070 + 1089 + 1108 + 1159 + 1184 + 1197) | P124: ОБАВЕЗЕ (1070 + 1089 + 1108 + 1159 + 1184 + 1197) | Q124: ОБАВЕЗЕ (1070 + 1089 + 1108 + 1159 + 1184 + 1197) | R124: ОБАВЕЗЕ (1070 + 1089 + 1108 + 1159 + 1184 + 1197) | S124: ОБАВЕЗЕ (1070 + 1089 + 1108 + 1159 + 1184 + 1197) | T124: ОБАВЕЗЕ (1070 + 1089 + 1108 + 1159 + 1184 + 1197) | U124: ОБАВЕЗЕ (1070 + 1089 + 1108 + 1159 + 1184 + 1197) | V124: ОБАВЕЗЕ (1070 + 1089 + 1108 + 1159 + 1184 + 1197) | W124: ОБАВЕЗЕ (1070 + 1089 + 1108 + 1159 + 1184 + 1197) | X124: ОБАВЕЗЕ (1070 + 1089 + 1108 + 1159 + 1184 + 1197) | Y124: =UnObr1!F87 -> 0 | AI124: =UnObr1!G87 -> 0
A125: 1079 | D125: 211300 | E125: 200000 | F125: 200000 | G125: 200000 | H125: Обавезе по основу дугорочних кредита од домаћих јавних финансијских институција | I125: ОБАВЕЗЕ (1070 + 1089 + 1108 + 1159 + 1184 + 1197) | J125: ОБАВЕЗЕ (1070 + 1089 + 1108 + 1159 + 1184 + 1197) | K125: ОБАВЕЗЕ (1070 + 1089 + 1108 + 1159 + 1184 + 1197) | L125: ОБАВЕЗЕ (1070 + 1089 + 1108 + 1159 + 1184 + 1197) | M125: ОБАВЕЗЕ (1070 + 1089 + 1108 + 1159 + 1184 + 1197) | N125: ОБАВЕЗЕ (1070 + 1089 + 1108 + 1159 + 1184 + 1197) | O125: ОБАВЕЗЕ (1070 + 1089 + 1108 + 1159 + 1184 + 1197) | P125: ОБАВЕЗЕ (1070 + 1089 + 1108 + 1159 + 1184 + 1197) | Q125: ОБАВЕЗЕ (1070 + 1089 + 1108 + 1159 + 1184 + 1197) | R125: ОБАВЕЗЕ (1070 + 1089 + 1108 + 1159 + 1184 + 1197) | S125: ОБАВЕЗЕ (1070 + 1089 + 1108 + 1159 + 1184 + 1197) | T125: ОБАВЕЗЕ (1070 + 1089 + 1108 + 1159 + 1184 + 1197) | U125: ОБАВЕЗЕ (1070 + 1089 + 1108 + 1159 + 1184 + 1197) | V125: ОБАВЕЗЕ (1070 + 1089 + 1108 + 1159 + 1184 + 1197) | W125: ОБАВЕЗЕ (1070 + 1089 + 1108 + 1159 + 1184 + 1197) | X125: ОБАВЕЗЕ (1070 + 1089 + 1108 + 1159 + 1184 + 1197) | Y125: =UnObr1!F88 -> 0 | AI125: =UnObr1!G88 -> 0
A126: 1080 | D126: 211400 | E126: 200000 | F126: 200000 | G126: 200000 | H126: Обавезе по основу дугорочних кредита од домаћих пословних банака | I126: ОБАВЕЗЕ (1070 + 1089 + 1108 + 1159 + 1184 + 1197) | J126: ОБАВЕЗЕ (1070 + 1089 + 1108 + 1159 + 1184 + 1197) | K126: ОБАВЕЗЕ (1070 + 1089 + 1108 + 1159 + 1184 + 1197) | L126: ОБАВЕЗЕ (1070 + 1089 + 1108 + 1159 + 1184 + 1197) | M126: ОБАВЕЗЕ (1070 + 1089 + 1108 + 1159 + 1184 + 1197) | N126: ОБАВЕЗЕ (1070 + 1089 + 1108 + 1159 + 1184 + 1197) | O126: ОБАВЕЗЕ (1070 + 1089 + 1108 + 1159 + 1184 + 1197) | P126: ОБАВЕЗЕ (1070 + 1089 + 1108 + 1159 + 1184 + 1197) | Q126: ОБАВЕЗЕ (1070 + 1089 + 1108 + 1159 + 1184 + 1197) | R126: ОБАВЕЗЕ (1070 + 1089 + 1108 + 1159 + 1184 + 1197) | S126: ОБАВЕЗЕ (1070 + 1089 + 1108 + 1159 + 1184 + 1197) | T126: ОБАВЕЗЕ (1070 + 1089 + 1108 + 1159 + 1184 + 1197) | U126: ОБАВЕЗЕ (1070 + 1089 + 1108 + 1159 + 1184 + 1197) | V126: ОБАВЕЗЕ (1070 + 1089 + 1108 + 1159 + 1184 + 1197) | W126: ОБАВЕЗЕ (1070 + 1089 + 1108 + 1159 + 1184 + 1197) | X126: ОБАВЕЗЕ (1070 + 1089 + 1108 + 1159 + 1184 + 1197) | Y126: =UnObr1!F89 -> 0 | AI126: =UnObr1!G89 -> 0
A127: 1081 | D127: 211500 | E127: 200000 | F127: 200000 | G127: 200000 | H127: Обавезе по основу дугорочних кредита од осталих домаћих кредитора | I127: ОБАВЕЗЕ (1070 + 1089 + 1108 + 1159 + 1184 + 1197) | J127: ОБАВЕЗЕ (1070 + 1089 + 1108 + 1159 + 1184 + 1197) | K127: ОБАВЕЗЕ (1070 + 1089 + 1108 + 1159 + 1184 + 1197) | L127: ОБАВЕЗЕ (1070 + 1089 + 1108 + 1159 + 1184 + 1197) | M127: ОБАВЕЗЕ (1070 + 1089 + 1108 + 1159 + 1184 + 1197) | N127: ОБАВЕЗЕ (1070 + 1089 + 1108 + 1159 + 1184 + 1197) | O127: ОБАВЕЗЕ (1070 + 1089 + 1108 + 1159 + 1184 + 1197) | P127: ОБАВЕЗЕ (1070 + 1089 + 1108 + 1159 + 1184 + 1197) | Q127: ОБАВЕЗЕ (1070 + 1089 + 1108 + 1159 + 1184 + 1197) | R127: ОБАВЕЗЕ (1070 + 1089 + 1108 + 1159 + 1184 + 1197) | S127: ОБАВЕЗЕ (1070 + 1089 + 1108 + 1159 + 1184 + 1197) | T127: ОБАВЕЗЕ (1070 + 1089 + 1108 + 1159 + 1184 + 1197) | U127: ОБАВЕЗЕ (1070 + 1089 + 1108 + 1159 + 1184 + 1197) | V127: ОБАВЕЗЕ (1070 + 1089 + 1108 + 1159 + 1184 + 1197) | W127: ОБАВЕЗЕ (1070 + 1089 + 1108 + 1159 + 1184 + 1197) | X127: ОБАВЕЗЕ (1070 + 1089 + 1108 + 1159 + 1184 + 1197) | Y127: =UnObr1!F90 -> 0 | AI127: =UnObr1!G90 -> 0
A128: 1082 | D128: 211600 | E128: 200000 | F128: 200000 | G128: 200000 | H128: Обавезе по основу дугорочних кредита од домаћинстава у земљи | I128: ОБАВЕЗЕ (1070 + 1089 + 1108 + 1159 + 1184 + 1197) | J128: ОБАВЕЗЕ (1070 + 1089 + 1108 + 1159 + 1184 + 1197) | K128: ОБАВЕЗЕ (1070 + 1089 + 1108 + 1159 + 1184 + 1197) | L128: ОБАВЕЗЕ (1070 + 1089 + 1108 + 1159 + 1184 + 1197) | M128: ОБАВЕЗЕ (1070 + 1089 + 1108 + 1159 + 1184 + 1197) | N128: ОБАВЕЗЕ (1070 + 1089 + 1108 + 1159 + 1184 + 1197) | O128: ОБАВЕЗЕ (1070 + 1089 + 1108 + 1159 + 1184 + 1197) | P128: ОБАВЕЗЕ (1070 + 1089 + 1108 + 1159 + 1184 + 1197) | Q128: ОБАВЕЗЕ (1070 + 1089 + 1108 + 1159 + 1184 + 1197) | R128: ОБАВЕЗЕ (1070 + 1089 + 1108 + 1159 + 1184 + 1197) | S128: ОБАВЕЗЕ (1070 + 1089 + 1108 + 1159 + 1184 + 1197) | T128: ОБАВЕЗЕ (1070 + 1089 + 1108 + 1159 + 1184 + 1197) | U128: ОБАВЕЗЕ (1070 + 1089 + 1108 + 1159 + 1184 + 1197) | V128: ОБАВЕЗЕ (1070 + 1089 + 1108 + 1159 + 1184 + 1197) | W128: ОБАВЕЗЕ (1070 + 1089 + 1108 + 1159 + 1184 + 1197) | X128: ОБАВЕЗЕ (1070 + 1089 + 1108 + 1159 + 1184 + 1197) | Y128: =UnObr1!F91 -> 0 | AI128: =UnObr1!G91 -> 0
A129: 1083 | D129: 211700 | E129: 200000 | F129: 200000 | G129: 200000 | H129: Дугорочне обавезе по основу домаћих финансијских деривата | I129: ОБАВЕЗЕ (1070 + 1089 + 1108 + 1159 + 1184 + 1197) | J129: ОБАВЕЗЕ (1070 + 1089 + 1108 + 1159 + 1184 + 1197) | K129: ОБАВЕЗЕ (1070 + 1089 + 1108 + 1159 + 1184 + 1197) | L129: ОБАВЕЗЕ (1070 + 1089 + 1108 + 1159 + 1184 + 1197) | M129: ОБАВЕЗЕ (1070 + 1089 + 1108 + 1159 + 1184 + 1197) | N129: ОБАВЕЗЕ (1070 + 1089 + 1108 + 1159 + 1184 + 1197) | O129: ОБАВЕЗЕ (1070 + 1089 + 1108 + 1159 + 1184 + 1197) | P129: ОБАВЕЗЕ (1070 + 1089 + 1108 + 1159 + 1184 + 1197) | Q129: ОБАВЕЗЕ (1070 + 1089 + 1108 + 1159 + 1184 + 1197) | R129: ОБАВЕЗЕ (1070 + 1089 + 1108 + 1159 + 1184 + 1197) | S129: ОБАВЕЗЕ (1070 + 1089 + 1108 + 1159 + 1184 + 1197) | T129: ОБАВЕЗЕ (1070 + 1089 + 1108 + 1159 + 1184 + 1197) | U129: ОБАВЕЗЕ (1070 + 1089 + 1108 + 1159 + 1184 + 1197) | V129: ОБАВЕЗЕ (1070 + 1089 + 1108 + 1159 + 1184 + 1197) | W129: ОБАВЕЗЕ (1070 + 1089 + 1108 + 1159 + 1184 + 1197) | X129: ОБАВЕЗЕ (1070 + 1089 + 1108 + 1159 + 1184 + 1197) | Y129: =UnObr1!F92 -> 0 | AI129: =UnObr1!G92 -> 0
A130: 1084 | D130: 211800 | E130: 200000 | F130: 200000 | G130: 200000 | H130: Дугорочне обавезе по основу домаћих меница | I130: ОБАВЕЗЕ (1070 + 1089 + 1108 + 1159 + 1184 + 1197) | J130: ОБАВЕЗЕ (1070 + 1089 + 1108 + 1159 + 1184 + 1197) | K130: ОБАВЕЗЕ (1070 + 1089 + 1108 + 1159 + 1184 + 1197) | L130: ОБАВЕЗЕ (1070 + 1089 + 1108 + 1159 + 1184 + 1197) | M130: ОБАВЕЗЕ (1070 + 1089 + 1108 + 1159 + 1184 + 1197) | N130: ОБАВЕЗЕ (1070 + 1089 + 1108 + 1159 + 1184 + 1197) | O130: ОБАВЕЗЕ (1070 + 1089 + 1108 + 1159 + 1184 + 1197) | P130: ОБАВЕЗЕ (1070 + 1089 + 1108 + 1159 + 1184 + 1197) | Q130: ОБАВЕЗЕ (1070 + 1089 + 1108 + 1159 + 1184 + 1197) | R130: ОБАВЕЗЕ (1070 + 1089 + 1108 + 1159 + 1184 + 1197) | S130: ОБАВЕЗЕ (1070 + 1089 + 1108 + 1159 + 1184 + 1197) | T130: ОБАВЕЗЕ (1070 + 1089 + 1108 + 1159 + 1184 + 1197) | U130: ОБАВЕЗЕ (1070 + 1089 + 1108 + 1159 + 1184 + 1197) | V130: ОБАВЕЗЕ (1070 + 1089 + 1108 + 1159 + 1184 + 1197) | W130: ОБАВЕЗЕ (1070 + 1089 + 1108 + 1159 + 1184 + 1197) | X130: ОБАВЕЗЕ (1070 + 1089 + 1108 + 1159 + 1184 + 1197) | Y130: =UnObr1!F93 -> 0 | AI130: =UnObr1!G93 -> 0
A131: 1085 | D131: 211900 | E131: 200000 | F131: 200000 | G131: 200000 | H131: Дугорочне обавезе за финансијске лизинге | I131: ОБАВЕЗЕ (1070 + 1089 + 1108 + 1159 + 1184 + 1197) | J131: ОБАВЕЗЕ (1070 + 1089 + 1108 + 1159 + 1184 + 1197) | K131: ОБАВЕЗЕ (1070 + 1089 + 1108 + 1159 + 1184 + 1197) | L131: ОБАВЕЗЕ (1070 + 1089 + 1108 + 1159 + 1184 + 1197) | M131: ОБАВЕЗЕ (1070 + 1089 + 1108 + 1159 + 1184 + 1197) | N131: ОБАВЕЗЕ (1070 + 1089 + 1108 + 1159 + 1184 + 1197) | O131: ОБАВЕЗЕ (1070 + 1089 + 1108 + 1159 + 1184 + 1197) | P131: ОБАВЕЗЕ (1070 + 1089 + 1108 + 1159 + 1184 + 1197) | Q131: ОБАВЕЗЕ (1070 + 1089 + 1108 + 1159 + 1184 + 1197) | R131: ОБАВЕЗЕ (1070 + 1089 + 1108 + 1159 + 1184 + 1197) | S131: ОБАВЕЗЕ (1070 + 1089 + 1108 + 1159 + 1184 + 1197) | T131: ОБАВЕЗЕ (1070 + 1089 + 1108 + 1159 + 1184 + 1197) | U131: ОБАВЕЗЕ (1070 + 1089 + 1108 + 1159 + 1184 + 1197) | V131: ОБАВЕЗЕ (1070 + 1089 + 1108 + 1159 + 1184 + 1197) | W131: ОБАВЕЗЕ (1070 + 1089 + 1108 + 1159 + 1184 + 1197) | X131: ОБАВЕЗЕ (1070 + 1089 + 1108 + 1159 + 1184 + 1197) | Y131: =UnObr1!F94 -> 0 | AI131: =UnObr1!G94 -> 0
... A140: 1094 | D140: 213100 | E140: 200000 | F140: 200000 | G140: 200000 | H140: Дугорочне обавезе по основу гаранција | I140: ОБАВЕЗЕ (1070 + 1089 + 1108 + 1159 + 1184 + 1197) | J140: ОБАВЕЗЕ (1070 + 1089 + 1108 + 1159 + 1184 + 1197) | K140: ОБАВЕЗЕ (1070 + 1089 + 1108 + 1159 + 1184 + 1197) | L140: ОБАВЕЗЕ (1070 + 1089 + 1108 + 1159 + 1184 + 1197) | M140: ОБАВЕЗЕ (1070 + 1089 + 1108 + 1159 + 1184 + 1197) | N140: ОБАВЕЗЕ (1070 + 1089 + 1108 + 1159 + 1184 + 1197) | O140: ОБАВЕЗЕ (1070 + 1089 + 1108 + 1159 + 1184 + 1197) | P140: ОБАВЕЗЕ (1070 + 1089 + 1108 + 1159 + 1184 + 1197) | Q140: ОБАВЕЗЕ (1070 + 1089 + 1108 + 1159 + 1184 + 1197) | R140: ОБАВЕЗЕ (1070 + 1089 + 1108 + 1159 + 1184 + 1197) | S140: ОБАВЕЗЕ (1070 + 1089 + 1108 + 1159 + 1184 + 1197) | T140: ОБАВЕЗЕ (1070 + 1089 + 1108 + 1159 + 1184 + 1197) | U140: ОБАВЕЗЕ (1070 + 1089 + 1108 + 1159 + 1184 + 1197) | V140: ОБАВЕЗЕ (1070 + 1089 + 1108 + 1159 + 1184 + 1197) | W140: ОБАВЕЗЕ (1070 + 1089 + 1108 + 1159 + 1184 + 1197) | X140: ОБАВЕЗЕ (1070 + 1089 + 1108 + 1159 + 1184 + 1197) | Y140: =UnObr1!F103 -> 0 | AI140: =UnObr1!G103 -> 0
A141: 1095 | D141: 214000 | H141: ОБАВЕЗЕ ПО ОСНОВУ ОТПЛАТЕ ГЛАВНИЦЕ ЗА ФИНАНСИЈСКИ ЛИЗИНГ (1096) | Y141: =UnObr1!F104 -> 0 | AI141: =UnObr1!G104 -> 0
A142: 1096 | D142: 214100 | H142: Обавезе по основу отплате главнице зa финансијски лизинг | Y142: =UnObr1!F105 -> 0 | AI142: =UnObr1!G105 -> 0
A143: 1097 | D143: 215000 | H143: ОБАВЕЗЕ ПО ОСНОВУ ОТПЛАТА ГАРАНЦИЈА ПО КОМЕРЦИЈАЛНИМ ТРАНСАКЦИЈАМА (1098) | Y143: =UnObr1!F106 -> 0 | AI143: =UnObr1!G106 -> 0
A144: 1098 | D144: 215100 | H144: Обавезе по основу отплата гаранција по комерцијалним трансакцијама | Y144: =UnObr1!F107 -> 0 | AI144: =UnObr1!G107 -> 0
A145: 1099 | D145: 220000 | E145: 200000 | F145: 200000 | G145: 200000 | H145: КРАТКОРОЧНЕ ОБАВЕЗЕ (1100 + 1109 + 1116) | I145: ОБАВЕЗЕ (1070 + 1089 + 1108 + 1159 + 1184 + 1197) | J145: ОБАВЕЗЕ (1070 + 1089 + 1108 + 1159 + 1184 + 1197) | K145: ОБАВЕЗЕ (1070 + 1089 + 1108 + 1159 + 1184 + 1197) | L145: ОБАВЕЗЕ (1070 + 1089 + 1108 + 1159 + 1184 + 1197) | M145: ОБАВЕЗЕ (1070 + 1089 + 1108 + 1159 + 1184 + 1197) | N145: ОБАВЕЗЕ (1070 + 1089 + 1108 + 1159 + 1184 + 1197) | O145: ОБАВЕЗЕ (1070 + 1089 + 1108 + 1159 + 1184 + 1197) | P145: ОБАВЕЗЕ (1070 + 1089 + 1108 + 1159 + 1184 + 1197) | Q145: ОБАВЕЗЕ (1070 + 1089 + 1108 + 1159 + 1184 + 1197) | R145: ОБАВЕЗЕ (1070 + 1089 + 1108 + 1159 + 1184 + 1197) | S145: ОБАВЕЗЕ (1070 + 1089 + 1108 + 1159 + 1184 + 1197) | T145: ОБАВЕЗЕ (1070 + 1089 + 1108 + 1159 + 1184 + 1197) | U145: ОБАВЕЗЕ (1070 + 1089 + 1108 + 1159 + 1184 + 1197) | V145: ОБАВЕЗЕ (1070 + 1089 + 1108 + 1159 + 1184 + 1197) | W145: ОБАВЕЗЕ (1070 + 1089 + 1108 + 1159 + 1184 + 1197) | X145: ОБАВЕЗЕ (1070 + 1089 + 1108 + 1159 + 1184 + 1197) | Y145: =UnObr1!F108 -> 0 | AI145: =UnObr1!G108 -> 0
A146: 1100 | D146: 221000 | E146: 200000 | F146: 200000 | G146: 200000 | H146: КРАТКОРОЧНЕ ДОМАЋЕ ОБАВЕЗЕ (од 1101 до 1108) | I146: ОБАВЕЗЕ (1070 + 1089 + 1108 + 1159 + 1184 + 1197) | J146: ОБАВЕЗЕ (1070 + 1089 + 1108 + 1159 + 1184 + 1197) | K146: ОБАВЕЗЕ (1070 + 1089 + 1108 + 1159 + 1184 + 1197) | L146: ОБАВЕЗЕ (1070 + 1089 + 1108 + 1159 + 1184 + 1197) | M146: ОБАВЕЗЕ (1070 + 1089 + 1108 + 1159 + 1184 + 1197) | N146: ОБАВЕЗЕ (1070 + 1089 + 1108 + 1159 + 1184 + 1197) | O146: ОБАВЕЗЕ (1070 + 1089 + 1108 + 1159 + 1184 + 1197) | P146: ОБАВЕЗЕ (1070 + 1089 + 1108 + 1159 + 1184 + 1197) | Q146: ОБАВЕЗЕ (1070 + 1089 + 1108 + 1159 + 1184 + 1197) | R146: ОБАВЕЗЕ (1070 + 1089 + 1108 + 1159 + 1184 + 1197) | S146: ОБАВЕЗЕ (1070 + 1089 + 1108 + 1159 + 1184 + 1197) | T146: ОБАВЕЗЕ (1070 + 1089 + 1108 + 1159 + 1184 + 1197) | U146: ОБАВЕЗЕ (1070 + 1089 + 1108 + 1159 + 1184 + 1197) | V146: ОБАВЕЗЕ (1070 + 1089 + 1108 + 1159 + 1184 + 1197) | W146: ОБАВЕЗЕ (1070 + 1089 + 1108 + 1159 + 1184 + 1197) | X146: ОБАВЕЗЕ (1070 + 1089 + 1108 + 1159 + 1184 + 1197) | Y146: =UnObr1!F109 -> 0 | AI146: =UnObr1!G109 -> 0
...

Sheet UnObr2
A1: Ознака ОП | B1: Конто | C1: Опис | D1: Износ | G1: Штампа
D2: Претходна година | E2: Текућа година
A3: 2001 | C3: ТЕКУЋИ ПРИХОДИ И ПРИМАЊА ОД ПРОДАЈЕ НЕФИНАНСИЈСКЕ ИМОВИНЕ (2002 + 2106) | D3: =D4+D108 -> 0 | E3: =E4+E108 -> 56730
A4: 2002 | B4: 700000 | C4: ТЕКУЋИ ПРИХОДИ (2003 + 2047 + 2057 + 2069 + 2094 + 2099 + 2103) | D4: =D5+D49+D59+D71+D96+D101+D105 -> 0 | E4: =E5+E49+E59+E71+E96+E101+E105 -> 56730
A5: 2003 | B5: 710000 | C5: ПОРЕЗИ (2004 + 2008 + 2010 + 2017 + 2023 + 2030 + 2033 + 2040) | D5: =D6+D10+D12+D19+D25+D32+D35+D42 -> 0 | E5: =E6+E10+E12+E19+E25+E32+E35+E42 -> 0
A6: 2004 | B6: 711000 | C6: ПОРЕЗ НА ДОХОДАК, ДОБИТ И КАПИТАЛНЕ ДОБИТКЕ (од 2005 до 2007) | D6: =SUM(D7:D9) -> 0 | E6: =SUM(E7:E9) -> 0
A7: 2005 | B7: 711100 | C7: Порези на доходак и капиталне добитке које плаћају физичка лица
A8: 2006 | B8: 711200 | C8: Порези на добит и капиталне добитке које плаћају предузећа и друга правна лица
A9: 2007 | B9: 711300 | C9: Порези на доходак, добит и капиталне добитке који се не могу разврстати између физичких и правних лица
A10: 2008 | B10: 712000 | C10: ПОРЕЗ НА ФОНД ЗАРАДА (2009) | D10: =D11 -> 0 | E10: =E11 -> 0
A11: 2009 | B11: 712100 | C11: Порез на фонд зарада
A12: 2010 | B12: 713000 | C12: ПОРЕЗ НА ИМОВИНУ (од 2011 до 2016) | D12: =SUM(D13:D18) -> 0 | E12: =SUM(E13:E18) -> 0
A13: 2011 | B13: 713100 | C13: Периодични порези на непокретности
A14: 2012 | B14: 713200 | C14: Периодични порези на нето имовину
A15: 2013 | B15: 713300 | C15: Порези на заоставштину, наслеђе и поклон
A16: 2014 | B16: 713400 | C16: Порези на финансијске и капиталне трансакције
A17: 2015 | B17: 713500 | C17: Други једнократни порези на имовину
A18: 2016 | B18: 713600 | C18: Други периодични порези на имовину
A19: 2017 | B19: 714000 | C19: ПОРЕЗ НА ДОБРА И УСЛУГЕ (од 2018 до 2022) | D19: =SUM(D20:D24) -> 0 | E19: =SUM(E20:E24) -> 0
A20: 2018 | B20: 714100 | C20: Општи порези на добра и услуге
A21: 2019 | B21: 714300 | C21: Добит фискалних монопола
A22: 2020 | B22: 714400 | C22: Порези на појединачне услуге
A23: 2021 | B23: 714500 | C23: Порези, таксе и накнаде на употребу добара, на дозволу да се добра употребљавају или делатности обављају
A24: 2022 | B24: 714600 | C24: Други порези на добра и услуге
A25: 2023 | B25: 715000 | C25: ПОРЕЗ НА МЕЂУНАРОДНУ ТРГОВИНУ И ТРАНСАКЦИЈЕ (од 2024 до 2029) | D25: =SUM(D26:D31) -> 0 | E25: =SUM(E26:E31) -> 0
A26: 2024 | B26: 715100 | C26: Царине и друге увозне дажбине
A27: 2025 | B27: 715200 | C27: Порези на извоз
A28: 2026 | B28: 715300 | C28: Добит извозних или увозних монопола
A29: 2027 | B29: 715400 | C29: Добит по основу разлике између куповног и продајног девизног курса
A30: 2028 | B30: 715500 | C30: Порези на продају или куповину девиза
A31: 2029 | B31: 715600 | C31: Други порези на међународну трговину и трансакције
A32: 2030 | B32: 716000 | C32: ДРУГИ ПОРЕЗИ (2031 + 2032) | D32: =D33+D34 -> 0 | E32: =E33+E34 -> 0
A33: 2031 | B33: 716100 | C33: Други порези које искључиво плаћају предузећа, односно предузетници
A34: 2032 | B34: 716200 | C34: Други порези које плаћају остала лица или који се не могу идентификовати
A35: 2033 | B35: 717000 | C35: АКЦИЗЕ (од 2034 до 2039) | D35: =SUM(D36:D41) -> 0 | E35: =SUM(E36:E41) -> 0
A36: 2034 | B36: 717100 | C36: Акцизе на деривате нафте
A37: 2035 | B37: 717200 | C37: Акцизе на дуванске прерађевине
A38: 2036 | B38: 717300 | C38: Акцизе на алкохолна пића
A39: 2037 | B39: 717400 | C39: Акцизе на освежавајућа безалкохолна пића
A40: 2038 | B40: 717500 | C40: Акциза на кафу
A41: 2039 | B41: 717600 | C41: Друге акцизе
A42: 2040 | B42: 719000 | C42: ЈЕДНОКРАТНИ ПОРЕЗ НА ЕКСТРА ПРОФИТ И ЕКСТРА ИМОВИНУ СТЕЧЕНУ КОРИШЋЕЊЕМ ПОСЕБНИХ ПОГОДНОСТИ (од 2041 до 2046) | D42: =SUM(D43:D48) -> 0 | E42: =SUM(E43:E48) -> 0
A43: 2041 | B43: 719100 | C43: Порез на доходак, добит и капиталну добит на терет физичких лица
A44: 2042 | B44: 719200 | C44: Порез на доходак, добит и капиталну добит на терет предузећа и осталих правних лица
A45: 2043 | B45: 719300 | C45: Порез на доходак, добит и капиталну добит нераспоредив између физичких и правних лица
A46: 2044 | B46: 719400 | C46: Остали једнократни порези на имовину
A47: 2045 | B47: 719500 | C47: Остали порези које плаћају искључиво предузећа и предузетници
A48: 2046 | B48: 719600 | C48: Остали порези које плаћају друга или неидентификована лица
A49: 2047 | B49: 720000 | C49: СОЦИЈАЛНИ ДОПРИНОСИ (2048 + 2053) | D49: =D50+D55 -> 0 | E49: =E50+E55 -> 0
A50: 2048 | B50: 721000 | C50: ДОПРИНОСИ ЗА СОЦИЈАЛНО ОСИГУРАЊЕ (од 2049 до 2052) | D50: =SUM(D51:D54) -> 0 | E50: =SUM(E51:E54) -> 0
A51: 2049 | B51: 721100 | C51: Доприноси за социјално осигурање на терет запослених
A52: 2050 | B52: 721200 | C52: Доприноси за социјално осигурање на терет послодаваца
A53: 2051 | B53: 721300 | C53: Доприноси за социјално осигурање лица која обављају самосталну делатност и незапослених лица
A54: 2052 | B54: 721400 | C54: Доприноси за социјално осигурање који се не могу разврстати
A55: 2053 | B55: 722000 | C55: ОСТАЛИ СОЦИЈАЛНИ ДОПРИНОСИ (од 2054 до 2056) | D55: =SUM(D56:D58) -> 0 | E55: =SUM(E56:E58) -> 0
A56: 2054 | B56: 722100 | C56: Социјални доприноси на терет осигураника
A57: 2055 | B57: 722200 | C57: Социјални доприноси послодаваца
A58: 2056 | B58: 722300 | C58: Импутирани социјални доприноси
A59: 2057 | B59: 730000 | C59: ДОНАЦИЈЕ, ПОМОЋИ И ТРАНСФЕРИ (2058 + 2061 + 2066) | D59: =D60+D63+D68 -> 0 | E59: =E60+E63+E68 -> 0
A60: 2058 | B60: 731000 | C60: ДОНАЦИЈЕ ОД ИНОСТРАНИХ ДРЖАВА (2059 + 2060) | D60: =D61+D62 -> 0 | E60: =E61+E62 -> 0
A61: 2059 | B61: 731100 | C61: Текуће донације од иностраних држава
A62: 2060 | B62: 731200 | C62: Капиталне донације од иностраних држава
A63: 2061 | B63: 732000 | C63: ДОНАЦИЈЕ И ПОМОЋИ ОД МЕЂУНАРОДНИХ ОРГАНИЗАЦИЈА (од 2062 до 2065) | D63: =D64+D65+D66+D67 -> 0 | E63: =E64+E65+E66+E67 -> 0
A64: 2062 | B64: 732100 | C64: Текуће донације од међународних организација
A65: 2063 | B65: 732200 | C65: Капиталне донације од међународних организација
A66: 2064 | B66: 732300 | C66: Текуће помоћи од ЕУ
A67: 2065 | B67: 732400 | C67: Капиталне помоћи од ЕУ
A68: 2066 | B68: 733000 | C68: ТРАНСФЕРИ ОД ДРУГИХ НИВОА ВЛАСТИ (2067 + 2068) | D68: =D69+D70 -> 0 | E68: =E69+E70 -> 0
A69: 2067 | B69: 733100 | C69: Текући трансфери од других нивоа власти
A70: 2068 | B70: 733200 | C70: Капитални трансфери од других нивоа власти
A71: 2069 | B71: 740000 | C71: ДРУГИ ПРИХОДИ (2070 + 2077 + 2082 + 2089 + 2092) | D71: =D72+D79+D84+D91+D94 -> 0 | E71: =E72+E79+E84+E91+E94 -> 963
A72: 2070 | B72: 741000 | C72: ПРИХОДИ ОД ИМОВИНЕ (од 2071 до 2076) | D72: =SUM(D73:D78) -> 0 | E72: =SUM(E73:E78) -> 0
A73: 2071 | B73: 741100 | C73: Камате
A74: 2072 | B74: 741200 | C74: Дивиденде
A75: 2073 | B75: 741300 | C75: Повлачење прихода од квази корпорација
A76: 2074 | B76: 741400 | C76: Приход од имовине који припада имаоцима полиса осигурања
A77: 2075 | B77: 741500 | C77: Закуп непроизведене имовине
A78: 2076 | B78: 741600 | C78: Финансијске промене на финансијским лизинзима
A79: 2077 | B79: 742000 | C79: ПРИХОДИ ОД ПРОДАЈЕ ДОБАРА И УСЛУГА (од 2078 до 2081) | D79: =SUM(D80:D83) -> 0 | E79: =SUM(E80:E83) -> 963
A80: 2078 | B80: 742100 | C80: Приходи од продаје добара и услуга или закупа од стране тржишних организација
A81: 2079 | B81: 742200 | C81: Таксе и накнаде
A82: 2080 | B82: 742300 | C82: Споредне продаје добара и услуга које врше државне нетржишне јединице | E82: 963
A83: 2081 | B83: 742400 | C83: Импутиране продаје добара и услуга
A84: 2082 | B84: 743000 | C84: НОВЧАНЕ КАЗНЕ И ОДУЗЕТА ИМОВИНСКА КОРИСТ (од 2083 до 2088) | D84: =SUM(D85:D90) -> 0 | E84: =SUM(E85:E90) -> 0
A85: 2083 | B85: 743100 | C85: Приходи од новчаних казни за кривична дела
A86: 2084 | B86: 743200 | C86: Приходи од новчаних казни за привредне преступе
A87: 2085 | B87: 743300 | C87: Приходи од новчаних казни за прекршаје
A88: 2086 | B88: 743400 | C88: Приходи од пенала
A89: 2087 | B89: 743500 | C89: Приходи од одузете имовинске користи
A90: 2088 | B90: 743900 | C90: Остале новчане казне, пенали и приходи од одузете имовинске користи
A91: 2089 | B91: 744000 | C91: ДОБРОВОЉНИ ТРАНСФЕРИ ОД ФИЗИЧКИХ И ПРАВНИХ ЛИЦА (2090 + 2091) | D91: =D92+D93 -> 0 | E91: =E92+E93 -> 0
A92: 2090 | B92: 744100 | C92: Текући добровољни трансфери од физичких и правних лица
A93: 2091 | B93: 744200 | C93: Капитални добровољни трансфери од физичких и правних лица
A94: 2092 | B94: 745000 | C94: МЕШОВИТИ И НЕОДРЕЂЕНИ ПРИХОДИ (2093) | D94: =D95 -> 0 | E94: =E95 -> 0
A95: 2093 | B95: 745100 | C95: Мешовити и неодређени приходи
A96: 2094 | B96: 770000 | C96: МЕМОРАНДУМСКЕ СТАВКЕ ЗА РЕФУНДАЦИЈУ РАСХОДА (2095 + 2097) | D96: =D97+D99 -> 0 | E96: =E97+E99 -> 21
A97: 2095 | B97: 771000 | C97: МЕМОРАНДУМСКЕ СТАВКЕ ЗА РЕФУНДАЦИЈУ РАСХОДА (2096) | D97: =D98 -> 0 | E97: =E98 -> 21
A98: 2096 | B98: 771100 | C98: Меморандумске ставке за рефундацију расхода | E98: 21
A99: 2097 | B99: 772000 | C99: МЕМОРАНДУМСКЕ СТАВКЕ ЗА РЕФУНДАЦИЈУ РАСХОДА ИЗ ПРЕТХОДНЕ ГОДИНЕ (2098) | D99: =D100 -> 0 | E99: =E100 -> 0
A100: 2098 | B100: 772100 | C100: Меморандумске ставке за рефундацију расхода из претходне године
...

Sheet StObr2
AL1: Образац 2
A2: ПОПУЊАВА УПРАВА ЗА ТРЕЗОР - ФИЛИЈАЛА
A3: 7 | B3: 5 | C3: 2 | E3: 0 | F3: =IF(LEN(Podaci!M2) > 4, MID(RIGHT(Podaci!$M$2,5),1,1),0) -> 0 | G3: =IF(LEN(Podaci!M2) > 3, MID(RIGHT(Podaci!$M$2,4),1,1),0) -> 0 | H3: =IF(LEN(Podaci!M2) > 2, MID(RIGHT(Podaci!$M$2,3),1,1),0) -> 9 | I3: =MID(RIGHT(Podaci!$M$2,2),1,1) -> 3 | J3: =MID(RIGHT(Podaci!$M$2,1),1,1) -> 8 | L3: =IF(LEN(Podaci!Z7) > 7, MID(RIGHT(Podaci!$Z$7,8),1,1),0) -> 0 | M3: =IF(LEN(Podaci!Z7) > 6, MID(RIGHT(Podaci!$Z$7,7),1,1),0) -> 7 | N3: =MID(RIGHT(Podaci!$Z$7,6),1,1) -> 3 | O3: =MID(RIGHT(Podaci!$Z$7,5),1,1) -> 4 | P3: =MID(RIGHT(Podaci!$Z$7,4),1,1) -> 8 | Q3: =MID(RIGHT(Podaci!$Z$7,3),1,1) -> 1 | R3: =MID(RIGHT(Podaci!$Z$7,2),1,1) -> 6 | S3: =MID(RIGHT(Podaci!$Z$7,1),1,1) -> 9
A4: 1 | B4: 2 | C4: 3 | E4: 4 | F4: 5 | G4: 6 | H4: 7 | I4: 8 | J4: 9 | L4: 10 | M4: 11 | N4: 12 | O4: 13 | P4: 14 | Q4: 15 | R4: 16 | S4: 17 | U4: 18 | V4: 19 | W4: 20 | X4: 21 | Y4: 22 | AA4: 23 | AB4: 24 | AC4: 25 | AD4: 26 | AE4: 27 | AG4: 28 | AI4: 29 | AJ4: 30 | AK4: 31 | AL4: 32 | AM4: 33 | AN4: 34 | AO4: 35 | AP4: 36 | AQ4: 37 | AR4: 38
A5: Врста посла | E5: Јединствени број КБС | U5: Седиште УТ | AA5: Надлежни директни КБС
B8: НАЗИВ КОРИСНИКА БУЏЕТСКИХ СРЕДСТАВА
B9: =Podaci!B5 -> О.Ш.ВУК КАРАЏИЋ
B11: СЕДИШТЕ | H11: =Podaci!H7 -> СМ.ПАЛАНКА | R11: МАТИЧНИ БРОЈ | Z11: =Podaci!Z7 -> 07348169
B13: ПИБ | E13: =Podaci!E9 -> 101619041 | R13: БРОЈ ПОДРАЧУНА | Z13: =Podaci!AA9 -> 840-834660-09
B15: НАЗИВ НАДЛЕЖНОГ ДИРЕКТНОГ КОРИСНИКА БУЏЕТСКИХ СРЕДСТАВА
B17: =Podaci!B12 -> МИНИСТАРСТВО ПРОСВЕТЕ ,НАУКЕ И ТЕХНОЛОШКОГ РАЗВОЈА
B18: (Попуњава само индиректни корисник буџетских средстава)
M21: БИЛАНС ПРИХОДА И РАСХОДА
L22: у периоду од | R22: =Podaci!D17 -> 01.01.2021 | X22: до | Y22: =Podaci!D18 -> 31.12.2021 | AD22: године
AK23: (У хиљадама динара)
A24: Ознака ОП | D24: Број конта | H24: Опис | AA24: Износ
AA26: Претходна година | AJ26: Текућа година
A28: 1 | D28: 2 | H28: 3 | AA28: 4 | AJ28: 5
A29: 2001 | H29: ТЕКУЋИ ПРИХОДИ И ПРИМАЊА ОД ПРОДАЈЕ НЕФИНАНСИЈСКЕ ИМОВИНЕ (2002 + 2106) | AA29: =UnObr2!D3 -> 0 | AJ29: =UnObr2!E3 -> 56730
A30: 2002 | D30: 700000 | H30: ТЕКУЋИ ПРИХОДИ (2003 + 2047 + 2057 + 2069 + 2094 + 2099 + 2103) | AA30: =UnObr2!D4 -> 0 | AJ30: =UnObr2!E4 -> 56730
A31: 2003 | D31: 710000 | H31: ПОРЕЗИ (2004 + 2008 + 2010 + 2017 + 2023 + 2030 + 2033 + 2040) | AA31: =UnObr2!D5 -> 0 | AJ31: =UnObr2!E5 -> 0
A32: 2004 | D32: 711000 | H32: ПОРЕЗ НА ДОХОДАК, ДОБИТ И КАПИТАЛНЕ ДОБИТКЕ (од 2005 до 2007) | AA32: =UnObr2!D6 -> 0 | AJ32: =UnObr2!E6 -> 0
A33: 2005 | D33: 711100 | H33: Порези на доходак и капиталне добитке које плаћају физичка лица | AA33: =UnObr2!D7 -> 0 | AJ33: =UnObr2!E7 -> 0
A34: 2006 | D34: 711200 | H34: Порези на добит и капиталне добитке које плаћају предузећа и друга правна лица | AA34: =UnObr2!D8 -> 0 | AJ34: =UnObr2!E8 -> 0
A35: 2007 | D35: 711300 | H35: Порези на доходак, добит и капиталне добитке који се не могу разврстати између физичких и правних лица | AA35: =UnObr2!D9 -> 0 | AJ35: =UnObr2!E9 -> 0
A36: 2008 | D36: 712000 | H36: ПОРЕЗ НА ФОНД ЗАРАДА (2009) | AA36: =UnObr2!D10 -> 0 | AJ36: =UnObr2!E10 -> 0
A37: 2009 | D37: 712100 | H37: Порез на фонд зарада | AA37: =UnObr2!D11 -> 0 | AJ37: =UnObr2!E11 -> 0
A38: 2010 | D38: 713000 | H38: ПОРЕЗ НА ИМОВИНУ (од 2011 до 2016) | AA38: =UnObr2!D12 -> 0 | AJ38: =UnObr2!E12 -> 0
A39: 2011 | D39: 713100 | H39: Периодични порези на непокретности | AA39: =UnObr2!D13 -> 0 | AJ39: =UnObr2!E13 -> 0
A40: 2012 | D40: 713200 | H40: Периодични порези на нето имовину | AA40: =UnObr2!D14 -> 0 | AJ40: =UnObr2!E14 -> 0
A41: 2013 | D41: 713300 | H41: Порези на заоставштину, наслеђе и поклон | AA41: =UnObr2!D15 -> 0 | AJ41: =UnObr2!E15 -> 0
... A158: 2130 | D158: 843100 | H158: Примања од продаје шума и вода | AA158: =UnObr2!D132 -> 0 | AJ158: =UnObr2!E132 -> 0
A159: 2131 | H159: ТЕКУЋИ РАСХОДИ И ИЗДАЦИ ЗА НЕФИНАНСИЈСКУ ИМОВИНУ (2132 + 2300) | AA159: =UnObr2!D133 -> 0 | AJ159: =UnObr2!E133 -> 56730
A160: 2132 | D160: 400000 | H160: ТЕКУЋИ РАСХОДИ (2133 + 2155 + 2200 + 2215 + 2239 + 2252 + 2268 + 2283) | AA160: =UnObr2!D134 -> 0 | AJ160: =UnObr2!E134 -> 56544
A161: 2133 | D161: 410000 | H161: РАСХОДИ ЗА ЗАПОСЛЕНЕ (2134 + 2136 + 2140 + 2142 + 2147 + 2149 + 2151 + 2153) | AA161: =UnObr2!D135 -> 0 | AJ161: =UnObr2!E135 -> 45946
A162: 2134 | D162: 411000 | H162: ПЛАТЕ, ДОДАЦИ И НАКНАДЕ ЗАПОСЛЕНИХ (ЗАРАДЕ) (2135) | AA162: =UnObr2!D136 -> 0 | AJ162: =UnObr2!E136 -> 37769
A163: 2135 | D163: 411100 | H163: Плате, додаци и накнаде запослених | AA163: =UnObr2!D137 -> 0 | AJ163: =UnObr2!E137 -> 37769
A164: 2136 | D164: 412000 | H164: СОЦИЈАЛНИ ДОПРИНОСИ НА ТЕРЕТ ПОСЛОДАВЦА (од 2137 до 2139) | AA164: =UnObr2!D138 -> 0 | AJ164: =UnObr2!E138 -> 6516
A165: 2137 | D165: 412100 | H165: Допринос за пензијско и инвалидско осигурање | AA165: =UnObr2!D139 -> 0 | AJ165: =UnObr2!E139 -> 4643
A166: 2138 | D166: 412200 | H166: Допринос за здравствено осигурање | AA166: =UnObr2!D140 -> 0 | AJ166: =UnObr2!E140 -> 1873
A167: 2139 | D167: 412300 | H167: Допринос за незапосленост | AA167: =UnObr2!D141 -> 0 | AJ167: =UnObr2!E141 -> 0
A168: 2140 | D168: 413000 | H168: НАКНАДЕ У НАТУРИ (2141) | AA168: =UnObr2!D142 -> 0 | AJ168: =UnObr2!E142 -> 367
A169: 2141 | D169: 413100 | H169: Накнаде у натури | AA169: =UnObr2!D143 -> 0 | AJ169: =UnObr2!E143 -> 367
A170: 2142 | D170: 414000 | H170: СОЦИЈАЛНА ДАВАЊА ЗАПОСЛЕНИМА (од 2143 до 2146) | AA170: =UnObr2!D144 -> 0 | AJ170: =UnObr2!E144 -> 21
A171: 2143 | D171: 414100 | H171: Исплата накнада за време одсуствовања с посла на терет фондова | AA171: =UnObr2!D145 -> 0 | AJ171: =UnObr2!E145 -> 21
... A373: 2345 | D373: 551100 | H373: Нефинансијска имовина која се финансира из средстава за реализацију националног инвестиционог плана | AA373: =UnObr2!D347 -> 0 | AJ373: =UnObr2!E347 -> 0
H374: УТВРЂИВАЊЕ РЕЗУЛТАТА ПОСЛОВАЊА | AA374: =UnObr2!D348 -> 0 | AJ374: =UnObr2!E348 -> 0
A375: 2346 | H375: Вишак прихода и примања - буџетски суфицит (2001 - 2131) > 0 | AA375: =UnObr2!D349 -> 0 | AJ375: =UnObr2!E349 -> 0
A376: 2347 | H376: Мањак прихода и примања - буџетски дефицит (2131 - 2001) > 0 | AA376: =UnObr2!D350 -> 0 | AJ376: =UnObr2!E350 -> 0
A377: 2348 | H377: КОРИГОВАЊЕ ВИШКА, ОДНОСНО МАЊКА ПРИХОДА И ПРИМАЊА (од 2349 до 2353) | AA377: =UnObr2!D351 -> 0 | AJ377: =UnObr2!E351 -> 0
A378: 2349 | H378: Део нераспоређеног вишка прихода и примања из ранијих година који је коришћен за покриће расхода и издатака текуће године | AA378: =UnObr2!D352 -> 0 | AJ378: =UnObr2!E352 -> 0
A379: 2350 | H379: Део новчаних средстава амортизације који је коришћен за набавку нефинансијске имовине | AA379: =UnObr2!D353 -> 0 | AJ379: =UnObr2!E353 -> 0
A380: 2351 | H380: Део пренетих неутрошених средстава из ранијих година коришћен за покриће расхода и издатака текуће године | AA380: =UnObr2!D354 -> 0 | AJ380: =UnObr2!E354 -> 0
A381: 2352 | H381: Износ расхода и издатака за нефинансијску имовину, финансираних из кредита | AA381: =UnObr2!D355 -> 0 | AJ381: =UnObr2!E355 -> 0
A382: 2353 | H382: Износ приватизационих примања и примања од отплате датих кредита коришћен за покриће расхода и издатака текуће године | AA382: =UnObr2!D356 -> 0 | AJ382: =UnObr2!E356 -> 0
A383: 2354 | H383: ПОКРИЋЕ ИЗВРШЕНИХ ИЗДАТАКА ИЗ ТЕКУЋИХ ПРИХОДА И ПРИМАЊА (2355 + 2356) | AA383: =UnObr2!D357 -> 0 | AJ383: =UnObr2!E357 -> 0
A384: 2355 | H384: Утрошена средства текућих прихода и примања од продаје нефинансијске имовине за отплату обавеза по кредитима | AA384: =UnObr2!D358 -> 0 | AJ384: =UnObr2!E358 -> 0
A385: 2356 | H385: Утрошена средства текућих прихода и примања од продаје нефинансијске имовине за набавку финансијске имовине | AA385: =UnObr2!D359 -> 0 | AJ385: =UnObr2!E359 -> 0
A386: 2357 | D386: 321121 | H386: ВИШАК ПРИХОДА И ПРИМАЊА – СУФИЦИТ (2346 + 2348 - 2354) > 0 или (2348 - 2347 - 2354) > 0 | AA386: =UnObr2!D360 -> 0 | AJ386: =UnObr2!E360 -> 0
A387: 2358 | D387: 321122 | H387: МАЊАК ПРИХОДА И ПРИМАЊА - ДЕФИЦИТ (2347 - 2348 + 2354) > 0 | AA387: =UnObr2!D361 -> 0 | AJ387: =UnObr2!E361 -> 0
A388: 2359 | H388: ВИШАК ПРИХОДА И ПРИМАЊА – СУФИЦИТ (ЗА ПРЕНОС У НАРЕДНУ ГОДИНУ) (2360 + 2361 = 2357) | AA388: =UnObr2!D362 -> 0 | AJ388: =UnObr2!E362 -> 0
A389: 2360 | H389: Део вишка прихода и примања наменски опредељен за наредну годину | AA389: =UnObr2!D363 -> 0 | AJ389: =UnObr2!E363 -> 0
A390: 2361 | H390: Нераспоређени део вишка прихода и примања за пренос у наредну годину | AA390: =UnObr2!D364 -> 0 | AJ390: =UnObr2!E364 -> 0
Q392: Лице одговорно за попуњавање обрасца | AI392: Наредбодавац
A393: Датум, | D393: =Podaci!E21 -> 27.02.2021 | I393: . године

Sheet UnObr3
A1: Ознака ОП | B1: Конто | C1: Опис | D1: Износ | G1: Штампа
D2: Претходна година | E2: Текућа година
A3: 3001 | C3: ПРИМАЊА (3002 + 3027) | D3: =D4+D29 -> 0 | E3: =E4+E29 -> 0
A4: 3002 | B4: 800000 | C4: ПРИМАЊА ОД ПРОДАЈЕ НЕФИНАНСИЈСКЕ ИМОВИНЕ (3003 + 3010 + 3017 + 3020) | D4: =D5+D12+D19+D22 -> 0 | E4: =E5+E12+E19+E22 -> 0
A5: 3003 | B5: 810000 | C5: ПРИМАЊА ОД ПРОДАЈЕ ОСНОВНИХ СРЕДСТАВА (3004 + 3006 + 3008) | D5: =D6+D8+D10 -> 0 | E5: =E6+E8+E10 -> 0
A6: 3004 | B6: 811000 | C6: ПРИМАЊА ОД ПРОДАЈЕ НЕПОКРЕТНОСТИ (3005) | D6: =D7 -> 0 | E6: =E7 -> 0
A7: 3005 | B7: 811100 | C7: Примања од продаје непокретности
A8: 3006 | B8: 812000 | C8: ПРИМАЊА ОД ПРОДАЈЕ ПОКРЕТНЕ ИМОВИНЕ (3007) | D8: =D9 -> 0 | E8: =E9 -> 0
A9: 3007 | B9: 812100 | C9: Примања од продаје покретне имовине
A10: 3008 | B10: 813000 | C10: ПРИМАЊА ОД ПРОДАЈЕ ОСТАЛИХ ОСНОВНИХ СРЕДСТАВА (3009) | D10: =D11 -> 0 | E10: =E11 -> 0
A11: 3009 | B11: 813100 | C11: Примања од продаје осталих основних средстава
A12: 3010 | B12: 820000 | C12: ПРИМАЊА ОД ПРОДАЈЕ ЗАЛИХА (3011 + 3013 + 3015) | D12: =D13+D15+D17 -> 0 | E12: =E13+E15+E17 -> 0
A13: 3011 | B13: 821000 | C13: ПРИМАЊА ОД ПРОДАЈЕ РОБНИХ РЕЗЕРВИ (3012) | D13: =D14 -> 0 | E13: =E14 -> 0
A14: 3012 | B14: 821100 | C14: Примања од продаје робних резерви
A15: 3013 | B15: 822000 | C15: ПРИМАЊА ОД ПРОДАЈЕ ЗАЛИХА ПРОИЗВОДЊЕ (3014) | D15: =D16 -> 0 | E15: =E16 -> 0
A16: 3014 | B16: 822100 | C16: Примања од продаје залиха производње
A17: 3015 | B17: 823000 | C17: ПРИМАЊА ОД ПРОДАЈЕ РОБЕ ЗА ДАЉУ ПРОДАЈУ (3016) | D17: =D18 -> 0 | E17: =E18 -> 0
A18: 3016 | B18: 823100 | C18: Примања од продаје робе за даљу продају
A19: 3017 | B19: 830000 | C19: ПРИМАЊА ОД ПРОДАЈЕ ДРАГОЦЕНОСТИ (3018) | D19: =D20 -> 0 | E19: =E20 -> 0
A20: 3018 | B20: 831000 | C20: ПРИМАЊА ОД ПРОДАЈЕ ДРАГОЦЕНОСТИ (3019) | D20: =D21 -> 0 | E20: =E21 -> 0
A21: 3019 | B21: 831100 | C21: Примања од продаје драгоцености
A22: 3020 | B22: 840000 | C22: ПРИМАЊА ОД ПРОДАЈЕ ПРИРОДНЕ ИМОВИНЕ (3021 + 3023 + 3025) | D22: =D23+D25+D27 -> 0 | E22: =E23+E25+E27 -> 0
A23: 3021 | B23: 841000 | C23: ПРИМАЊА ОД ПРОДАЈЕ ЗЕМЉИШТА (3022) | D23: =D24 -> 0 | E23: =E24 -> 0
A24: 3022 | B24: 841100 | C24: Примања од продаје земљишта
A25: 3023 | B25: 842000 | C25: ПРИМАЊА ОД ПРОДАЈЕ ПОДЗЕМНИХ БЛАГА (3024) | D25: =D26 -> 0 | E25: =E26 -> 0
A26: 3024 | B26: 842100 | C26: Примања од продаје подземних блага
A27: 3025 | B27: 843000 | C27: ПРИМАЊА ОД ПРОДАЈЕ ШУМА И ВОДА (3026) | D27: =D28 -> 0 | E27: =E28 -> 0
A28: 3026 | B28: 843100 | C28: Примања од продаје шума и вода
A29: 3027 | B29: 900000 | C29: ПРИМАЊА ОД ЗАДУЖИВАЊА И ПРОДАЈЕ ФИНАНСИЈСКЕ ИМОВИНЕ (3028 + 3047) | D29: =D30+D49 -> 0 | E29: =E30+E49 -> 0
A30: 3028 | B30: 910000 | C30: ПРИМАЊА ОД ЗАДУЖИВАЊА (3029 + 3039) | D30: =D31+D41 -> 0 | E30: =E31+E41 -> 0
A31: 3029 | B31: 911000 | C31: ПРИМАЊА ОД ДОМАЋИХ ЗАДУЖИВАЊА (од 3030 до 3038) | D31: =SUM(D32:D40) -> 0 | E31: =SUM(E32:E40) -> 0
A32: 3030 | B32: 911100 | C32: Примања од емитовања домаћих хартија од вредности, изузев акција
A33: 3031 | B33: 911200 | C33: Примања од задуживања од осталих нивоа власти
A34: 3032 | B34: 911300 | C34: Примања од задуживања од јавних финансијских институција у земљи
A35: 3033 | B35: 911400 | C35: Примања од задуживања од пословних банака у земљи
A36: 3034 | B36: 911500 | C36: Примања од задуживања од осталих поверилаца у земљи
A37: 3035 | B37: 911600 | C37: Примања од задуживања од домаћинстава у земљи
A38: 3036 | B38: 911700 | C38: Примања од домаћих финансијских деривата
A39: 3037 | B39: 911800 | C39: Примања од домаћих меница
A40: 3038 | B40: 911900 | C40: Исправка унутрашњег дуга
A41: 3039 | B41: 912000 | C41: ПРИМАЊА ОД ИНОСТРАНОГ ЗАДУЖИВАЊА (од 3040 до 3046) | D41: =SUM(D42:D48) -> 0 | E41: =SUM(E42:E48) -> 0
A42: 3040 | B42: 912100 | C42: Примања од емитовања хартија од вредности, изузев акција, на иностраном финансијском тржишту
A43: 3041 | B43: 912200 | C43: Примања од задуживања од иностраних држава
A44: 3042 | B44: 912300 | C44: Примања од задуживања од мултилатералних институција
A45: 3043 | B45: 912400 | C45: Примања од задуживања од иностраних пословних банака
A46: 3044 | B46: 912500 | C46: Примања од задуживања од осталих иностраних поверилаца
A47: 3045 | B47: 912600 | C47: Примања од иностраних финансијских деривата
A48: 3046 | B48: 912900 | C48: Исправка спољног дуга
A49: 3047 | B49: 920000 | C49: ПРИМАЊА ОД ПРОДАЈЕ ФИНАНСИЈСКЕ ИМОВИНЕ (3048 + 3058) | D49: =D50+D60 -> 0 | E49: =E50+E60 -> 0
A50: 3048 | B50: 921000 | C50: ПРИМАЊА ОД ПРОДАЈЕ ДОМАЋЕ ФИНАНСИЈСКЕ ИМОВИНЕ (од 3049 до 3057) | D50: =SUM(D51:D59) -> 0 | E50: =SUM(E51:E59) -> 0
A51: 3049 | B51: 921100 | C51: Примања од продаје домаћих хартија од вредности, изузев акција
A52: 3050 | B52: 921200 | C52: Примања од отплате кредита датих осталим нивоима власти
A53: 3051 | B53: 921300 | C53: Примања од отплате кредита датих домаћим јавним финансијским институцијама
A54: 3052 | B54: 921400 | C54: Примања од отплате кредита датих домаћим пословним банкама
A55: 3053 | B55: 921500 | C55: Примања од отплате кредита датих домаћим јавним нефинансијским институцијама
A56: 3054 | B56: 921600 | C56: Примања од отплате кредита датих физичким лицима и домаћинствима у земљи
A57: 3055 | B57: 921700 | C57: Примања од отплате кредита датих удружењима грађана у земљи
A58: 3056 | B58: 921800 | C58: Примања од отплате кредита датих нефинансијским приватним предузећима у земљи
A59: 3057 | B59: 921900 | C59: Примања од продаје домаћих акција и осталог капитала
A60: 3058 | B60: 922000 | C60: ПРИМАЊА ОД ПРОДАЈЕ СТРАНЕ ФИНАНСИЈСКЕ ИМОВИНЕ (од 3059 до 3066) | D60: =SUM(D61:D68) -> 0 | E60: =SUM(E61:E68) -> 0
A61: 3059 | B61: 922100 | C61: Примања од продаје страних хартија од вредности, изузев акција
A62: 3060 | B62: 922200 | C62: Примања од отплате кредита датих страним владама
A63: 3061 | B63: 922300 | C63: Примања од отплате кредита датих међународним организацијама
A64: 3062 | B64: 922400 | C64: Примања од отплате кредита датих страним пословним банкама
A65: 3063 | B65: 922500 | C65: Примања од отплате кредита датих страним нефинансијским институцијама
A66: 3064 | B66: 922600 | C66: Примања од отплате кредита датих страним невладиним организацијама
A67: 3065 | B67: 922700 | C67: Примања од продаје страних акција и осталог капитала
A68: 3066 | B68: 922800 | C68: Примања од продаје стране валуте
A69: 3067 | C69: ИЗДАЦИ (3068 + 3114) | D69: =D70+D116 -> 0 | E69: =E70+E116 -> 186
A70: 3068 | B70: 500000 | C70: ИЗДАЦИ ЗА НЕФИНАНСИЈСКУ ИМОВИНУ (3069 + 3091 + 3100 + 3103 + 3111) | D70: =D71+D93+D102+D105+D113 -> 0 | E70: =E71+E93+E102+E105+E113 -> 186
A71: 3069 | B71: 510000 | C71: ОСНОВНА СРЕДСТВА (3070 + 3075 + 3085 + 3087 + 3089) | D71: =D72+D77+D87+D89+D91 -> 0 | E71: =E72+E77+E87+E89+E91 -> 186
A72: 3070 | B72: 511000 | C72: ЗГРАДЕ И ГРАЂЕВИНСКИ ОБЈЕКТИ (од 3071 до 3074) | D72: =SUM(D73:D76) -> 0 | E72: =SUM(E73:E76) -> 0
A73: 3071 | B73: 511100 | C73: Куповина зграда и објеката
A74: 3072 | B74: 511200 | C74: Изградња зграда и објеката
A75: 3073 | B75: 511300 | C75: Капитално одржавање зграда и објеката
A76: 3074 | B76: 511400 | C76: Пројектно планирање
A77: 3075 | B77: 512000 | C77: МАШИНЕ И ОПРЕМА (од 3076 до 3084) | D77: =SUM(D78:D86) -> 0 | E77: =SUM(E78:E86) -> 186
A78: 3076 | B78: 512100 | C78: Опрема за саобраћај
A79: 3077 | B79: 512200 | C79: Административна опрема
A80: 3078 | B80: 512300 | C80: Опрема за пољопривреду
A81: 3079 | B81: 512400 | C81: Опрема за заштиту животне средине
A82: 3080 | B82: 512500 | C82: Медицинска и лабораторијска опрема
A83: 3081 | B83: 512600 | C83: Опрема за образовање, културу и спорт | E83: 186
A84: 3082 | B84: 512700 | C84: Опрема за војску
A85: 3083 | B85: 512800 | C85: Опрема за јавну безбедност
A86: 3084 | B86: 512900 | C86: Опрема за производњу, моторна, непокретна и немоторна опрема
A87: 3085 | B87: 513000 | C87: ОСТАЛЕ НЕКРЕТНИНЕ И ОПРЕМА (3086) | D87: =D88 -> 0 | E87: =E88 -> 0
A88: 3086 | B88: 513100 | C88: Остале некретнине и опрема
A89: 3087 | B89: 514000 | C89: КУЛТИВИСАНА ИМОВИНА (3088) | D89: =D90 -> 0 | E89: =E90 -> 0
A90: 3088 | B90: 514100 | C90: Култивисана имовина
A91: 3089 | B91: 515000 | C91: НЕМАТЕРИЈАЛНА ИМОВИНА (3090) | D91: =D92 -> 0 | E91: =E92 -> 0
A92: 3090 | B92: 515100 | C92: Нематеријална имовина
A93: 3091 | B93: 520000 | C93: ЗАЛИХЕ (3092 + 3094 + 3098) | D93: =D94+D96+D100 -> 0 | E93: =E94+E96+E100 -> 0
A94: 3092 | B94: 521000 | C94: РОБНЕ РЕЗЕРВЕ (3093) | D94: =D95 -> 0 | E94: =E95 -> 0
A95: 3093 | B95: 521100 | C95: Робне резерве
A96: 3094 | B96: 522000 | C96: ЗАЛИХЕ ПРОИЗВОДЊЕ (од 3095 до 3097) | D96: =SUM(D97:D99) -> 0 | E96: =SUM(E97:E99) -> 0
A97: 3095 | B97: 522100 | C97: Залихе материјала
A98: 3096 | B98: 522200 | C98: Залихе недовршене производње
A99: 3097 | B99: 522300 | C99: Залихе готових производа
A100: 3098 | B100: 523000 | C100: ЗАЛИХЕ РОБЕ ЗА ДАЉУ ПРОДАЈУ (3099) | D100: =D101 -> 0 | E100: =E101 -> 0
...

Sheet StObr3
AL1: Образац 3
A2: ПОПУЊАВА УПРАВА ЗА ТРЕЗОР - ФИЛИЈАЛА
A3: 7 | B3: 5 | C3: 3 | E3: 0 | F3: =IF(LEN(Podaci!M2) > 4, MID(RIGHT(Podaci!$M$2,5),1,1),0) -> 0 | G3: =IF(LEN(Podaci!M2) > 3, MID(RIGHT(Podaci!$M$2,4),1,1),0) -> 0 | H3: =IF(LEN(Podaci!M2) > 2, MID(RIGHT(Podaci!$M$2,3),1,1),0) -> 9 | I3: =MID(RIGHT(Podaci!$M$2,2),1,1) -> 3 | J3: =MID(RIGHT(Podaci!$M$2,1),1,1) -> 8 | L3: =IF(LEN(Podaci!Z7) > 7, MID(RIGHT(Podaci!$Z$7,8),1,1),0) -> 0 | M3: =IF(LEN(Podaci!Z7) > 6, MID(RIGHT(Podaci!$Z$7,7),1,1),0) -> 7 | N3: =MID(RIGHT(Podaci!$Z$7,6),1,1) -> 3 | O3: =MID(RIGHT(Podaci!$Z$7,5),1,1) -> 4 | P3: =MID(RIGHT(Podaci!$Z$7,4),1,1) -> 8 | Q3: =MID(RIGHT(Podaci!$Z$7,3),1,1) -> 1 | R3: =MID(RIGHT(Podaci!$Z$7,2),1,1) -> 6 | S3: =MID(RIGHT(Podaci!$Z$7,1),1,1) -> 9
A4: 1 | B4: 2 | C4: 3 | E4: 4 | F4: 5 | G4: 6 | H4: 7 | I4: 8 | J4: 9 | L4: 10 | M4: 11 | N4: 12 | O4: 13 | P4: 14 | Q4: 15 | R4: 16 | S4: 17 | U4: 18 | V4: 19 | W4: 20 | X4: 21 | Y4: 22 | AA4: 23 | AB4: 24 | AC4: 25 | AD4: 26 | AE4: 27 | AG4: 28 | AI4: 29 | AJ4: 30 | AK4: 31 | AL4: 32 | AM4: 33 | AN4: 34 | AO4: 35 | AP4: 36 | AQ4: 37 | AR4: 38
A5: Врста посла | E5: Јединствени број КБС | U5: Седиште УТ | AA5: Надлежни директни КБС
B8: НАЗИВ КОРИСНИКА БУЏЕТСКИХ СРЕДСТАВА
B9: =Podaci!B5 -> О.Ш.ВУК КАРАЏИЋ
B11: СЕДИШТЕ | H11: =Podaci!H7 -> СМ.ПАЛАНКА | R11: МАТИЧНИ БРОЈ | Z11: =Podaci!Z7 -> 07348169
B13: ПИБ | E13: =Podaci!E9 -> 101619041 | R13: БРОЈ ПОДРАЧУНА | Z13: =Podaci!AA9 -> 840-834660-09
B15: НАЗИВ НАДЛЕЖНОГ ДИРЕКТНОГ КОРИСНИКА БУЏЕТСКИХ СРЕДСТАВА
B16: =Podaci!B12 -> МИНИСТАРСТВО ПРОСВЕТЕ ,НАУКЕ И ТЕХНОЛОШКОГ РАЗВОЈА
B17: (Попуњава само индиректни корисник буџетских средстава)
F20: ИЗВЕШТАЈ О КАПИТАЛНИМ ИЗДАЦИМА И ПРИМАЊИМА
K21: у периоду од | Q21: =Podaci!D17 -> 01.01.2021 | V21: до | X21: =Podaci!D18 -> 31.12.2021 | AC21: године
AK22: (У хиљадама динара)
A23: Ознака ОП | D23: Број конта | H23: Опис | AA23: Износ
AA25: Претходна година | AJ25: Текућа година
A27: 1 | D27: 2 | H27: 3 | AA27: 4 | AJ27: 5
A28: 3001 | H28: ПРИМАЊА (3002 + 3027) | AA28: =UnObr3!D3 -> 0 | AJ28: =UnObr3!E3 -> 0
A29: 3002 | D29: 800000 | H29: ПРИМАЊА ОД ПРОДАЈЕ НЕФИНАНСИЈСКЕ ИМОВИНЕ (3003 + 3010 + 3017 + 3020) | AA29: =UnObr3!D4 -> 0 | AJ29: =UnObr3!E4 -> 0
A30: 3003 | D30: 810000 | H30: ПРИМАЊА ОД ПРОДАЈЕ ОСНОВНИХ СРЕДСТАВА (3004 + 3006 + 3008) | AA30: =UnObr3!D5 -> 0 | AJ30: =UnObr3!E5 -> 0
A31: 3004 | D31: 811000 | H31: ПРИМАЊА ОД ПРОДАЈЕ НЕПОКРЕТНОСТИ (3005) | AA31: =UnObr3!D6 -> 0 | AJ31: =UnObr3!E6 -> 0
A32: 3005 | D32: 811100 | H32: Примања од продаје непокретности | AA32: =UnObr3!D7 -> 0 | AJ32: =UnObr3!E7 -> 0
A33: 3006 | D33: 812000 | H33: ПРИМАЊА ОД ПРОДАЈЕ ПОКРЕТНЕ ИМОВИНЕ (3007) | AA33: =UnObr3!D8 -> 0 | AJ33: =UnObr3!E8 -> 0
A34: 3007 | D34: 812100 | H34: Примања од продаје покретне имовине | AA34: =UnObr3!D9 -> 0 | AJ34: =UnObr3!E9 -> 0
A35: 3008 | D35: 813000 | H35: ПРИМАЊА ОД ПРОДАЈЕ ОСТАЛИХ ОСНОВНИХ СРЕДСТАВА (3009) | AA35: =UnObr3!D10 -> 0 | AJ35: =UnObr3!E10 -> 0
A36: 3009 | D36: 813100 | H36: Примања од продаје осталих основних средстава | AA36: =UnObr3!D11 -> 0 | AJ36: =UnObr3!E11 -> 0
A37: 3010 | D37: 820000 | H37: ПРИМАЊА ОД ПРОДАЈЕ ЗАЛИХА (3011 + 3013 + 3015) | AA37: =UnObr3!D12 -> 0 | AJ37: =UnObr3!E12 -> 0
A38: 3011 | D38: 821000 | H38: ПРИМАЊА ОД ПРОДАЈЕ РОБНИХ РЕЗЕРВИ (3012) | AA38: =UnObr3!D13 -> 0 | AJ38: =UnObr3!E13 -> 0
A39: 3012 | D39: 821100 | H39: Примања од продаје робних резерви | AA39: =UnObr3!D14 -> 0 | AJ39: =UnObr3!E14 -> 0
A40: 3013 | D40: 822000 | H40: ПРИМАЊА ОД ПРОДАЈЕ ЗАЛИХА ПРОИЗВОДЊЕ (3014) | AA40: =UnObr3!D15 -> 0 | AJ40: =UnObr3!E15 -> 0
... A93: 3066 | D93: 922800 | H93: Примања од продаје стране валуте | AA93: =UnObr3!D68 -> 0 | AJ93: =UnObr3!E68 -> 0
A94: 3067 | H94: ИЗДАЦИ (3068 + 3114) | AA94: =UnObr3!D69 -> 0 | AJ94: =UnObr3!E69 -> 186
A95: 3068 | D95: 500000 | H95: ИЗДАЦИ ЗА НЕФИНАНСИЈСКУ ИМОВИНУ (3069 + 3091 + 3100 + 3103 + 3111) | AA95: =UnObr3!D70 -> 0 | AJ95: =UnObr3!E70 -> 186
A96: 3069 | D96: 510000 | H96: ОСНОВНА СРЕДСТВА (3070 + 3075 + 3085 + 3087 + 3089) | AA96: =UnObr3!D71 -> 0 | AJ96: =UnObr3!E71 -> 186
A97: 3070 | D97: 511000 | H97: ЗГРАДЕ И ГРАЂЕВИНСКИ ОБЈЕКТИ (од 3071 до 3074) | AA97: =UnObr3!D72 -> 0 | AJ97: =UnObr3!E72 -> 0
A98: 3071 | D98: 511100 | H98: Куповина зграда и објеката | AA98: =UnObr3!D73 -> 0 | AJ98: =UnObr3!E73 -> 0
A99: 3072 | D99: 511200 | H99: Изградња зграда и објеката | AA99: =UnObr3!D74 -> 0 | AJ99: =UnObr3!E74 -> 0
A100: 3073 | D100: 511300 | H100: Капитално одржавање зграда и објеката | AA100: =UnObr3!D75 -> 0 | AJ100: =UnObr3!E75 -> 0
A101: 3074 | D101: 511400 | H101: Пројектно планирање | AA101: =UnObr3!D76 -> 0 | AJ101: =UnObr3!E76 -> 0
A102: 3075 | D102: 512000 | H102: МАШИНЕ И ОПРЕМА (од 3076 до 3084) | AA102: =UnObr3!D77 -> 0 | AJ102: =UnObr3!E77 -> 186
A103: 3076 | D103: 512100 | H103: Опрема за саобраћај | AA103: =UnObr3!D78 -> 0 | AJ103: =UnObr3!E78 -> 0
A104: 3077 | D104: 512200 | H104: Административна опрема | AA104: =UnObr3!D79 -> 0 | AJ104: =UnObr3!E79 -> 0
A105: 3078 | D105: 512300 | H105: Опрема за пољопривреду | AA105: =UnObr3!D80 -> 0 | AJ105: =UnObr3!E80 -> 0
A106: 3079 | D106: 512400 | H106: Опрема за заштиту животне средине | AA106: =UnObr3!D81 -> 0 | AJ106: =UnObr3!E81 -> 0
... A188: 3161 | D188: 623100 | H188: Набавка финансијске имовине која се финансира из средстава за реализацију националног инвестиционог плана | AA188: =UnObr3!D163 -> 0 | AJ188: =UnObr3!E163 -> 0
A189: 3162 | H189: ВИШАК ПРИМАЊА (3001 – 3067) | AA189: =UnObr3!D164 -> 0 | AJ189: =UnObr3!E164 -> 0
A190: 3163 | H190: МАЊАК ПРИМАЊА (3067 – 3001) | AA190: =UnObr3!D165 -> 0 | AJ190: =UnObr3!E165 -> 186
Q192: Лице одговорно за попуњавање обрасца | AI192: Наредбодавац
A193: Датум, | D193: =Podaci!E21 -> 27.02.2021 | I193: . године

Sheet UnObr4
A1: Ознака ОП | B1: Конто | C1: Опис | D1: Износ | G1: Штампа
D2: Претходна година | E2: Текућа година
A3: 4001 | C3: Н О В Ч А Н И П Р И Л И В И (4002 + 4106 + 4131) | D3: =D4+D108+D133 -> 0 | E3: =E4+E108+E133 -> 56730
A4: 4002 | B4: 700000 | C4: ТЕКУЋИ ПРИХОДИ (4003 + 4047 + 4057 + 4069 + 4094 + 4099 + 4103) | D4: =D5+D49+D59+D71+D96+D101+D105 -> 0 | E4: =E5+E49+E59+E71+E96+E101+E105 -> 56730
A5: 4003 | B5: 710000 | C5: ПОРЕЗИ (4004 + 4008 + 4010 + 4017 + 4023 + 4030 + 4033 + 4040) | D5: =D6+D10+D12+D19+D25+D32+D35+D42 -> 0 | E5: =E6+E10+E12+E19+E25+E32+E35+E42 -> 0
A6: 4004 | B6: 711000 | C6: ПОРЕЗ НА ДОХОДАК, ДОБИТ И КАПИТАЛНЕ ДОБИТКЕ (од 4005 до 4007) | D6: =SUM(D7:D9) -> 0 | E6: =SUM(E7:E9) -> 0
A7: 4005 | B7: 711100 | C7: Порези на доходак и капиталне добитке које плаћају физичка лица
A8: 4006 | B8: 711200 | C8: Порези на добит и капиталне добитке које плаћају предузећа и друга правна лица
A9: 4007 | B9: 711300 | C9: Порези на доходак, добит и капиталне добитке који се не могу разврстати између физичких и правних лица
A10: 4008 | B10: 712000 | C10: ПОРЕЗ НА ФОНД ЗАРАДА (4009) | D10: =D11 -> 0 | E10: =E11 -> 0
A11: 4009 | B11: 712100 | C11: Порез на фонд зарада
A12: 4010 | B12: 713000 | C12: ПОРЕЗ НА ИМОВИНУ (од 4011 до 4016) | D12: =SUM(D13:D18) -> 0 | E12: =SUM(E13:E18) -> 0
A13: 4011 | B13: 713100 | C13: Периодични порези на непокретности
A14: 4012 | B14: 713200 | C14: Периодични порези на нето имовину
A15: 4013 | B15: 713300 | C15: Порези на заоставштину, наслеђе и поклон
A16: 4014 | B16: 713400 | C16: Порези на финансијске и капиталне трансакције
A17: 4015 | B17: 713500 | C17: Други једнократни порези на имовину
A18: 4016 | B18: 713600 | C18: Други периодични порези на имовину
A19: 4017 | B19: 714000 | C19: ПОРЕЗ НА ДОБРА И УСЛУГЕ (од 4018 до 4022) | D19: =SUM(D20:D24) -> 0 | E19: =SUM(E20:E24) -> 0
A20: 4018 | B20: 714100 | C20: Општи порези на добра и услуге
A21: 4019 | B21: 714300 | C21: Добит фискалних монопола
A22: 4020 | B22: 714400 | C22: Порези на појединачне услуге
A23: 4021 | B23: 714500 | C23: Порези, таксе и накнаде на употребу добара, на дозволу да се добра употребљавају или делатности обављају
A24: 4022 | B24: 714600 | C24: Други порези на добра и услуге
A25: 4023 | B25: 715000 | C25: ПОРЕЗ НА МЕЂУНАРОДНУ ТРГОВИНУ И ТРАНСАКЦИЈЕ (од 4024 до 4029) | D25: =SUM(D26:D31) -> 0 | E25: =SUM(E26:E31) -> 0
A26: 4024 | B26: 715100 | C26: Царине и друге увозне дажбине
A27: 4025 | B27: 715200 | C27: Порези на извоз
A28: 4026 | B28: 715300 | C28: Добит извозних или увозних монопола
A29: 4027 | B29: 715400 | C29: Добит по основу разлике између куповног и продајног девизног курса
A30: 4028 | B30: 715500 | C30: Порези на продају или куповину девиза
A31: 4029 | B31: 715600 | C31: Други порези на међународну трговину и трансакције
A32: 4030 | B32: 716000 | C32: ДРУГИ ПОРЕЗИ (4031 + 4032) | D32: =D33+D34 -> 0 | E32: =E33+E34 -> 0
A33: 4031 | B33: 716100 | C33: Други порези које искључиво плаћају предузећа, односно предузетници
A34: 4032 | B34: 716200 | C34: Други порези које плаћају остала лица или који се не могу идентификовати
A35: 4033 | B35: 717000 | C35: АКЦИЗЕ (од 4034 до 4039) | D35: =SUM(D36:D41) -> 0 | E35: =SUM(E36:E41) -> 0
A36: 4034 | B36: 717100 | C36: Акцизе на деривате нафте
A37: 4035 | B37: 717200 | C37: Акцизе на дуванске прерађевине
A38: 4036 | B38: 717300 | C38: Акцизе на алкохолна пића
A39: 4037 | B39: 717400 | C39: Акцизе на освежавајућа безалкохолна пића
A40: 4038 | B40: 717500 | C40: Акцизе на кафу
A41: 4039 | B41: 717600 | C41: Друге акцизе
A42: 4040 | B42: 719000 | C42: ЈЕДНОКРАТНИ ПОРЕЗ НА ЕКСТРА ПРОФИТ И ЕКСТРА ИМОВИНУ СТЕЧЕНУ КОРИШЋЕЊЕМ ПОСЕБНИХ ПОГОДНОСТИ (од 4041 до 4046) | D42: =SUM(D43:D48) -> 0 | E42: =SUM(E43:E48) -> 0
A43: 4041 | B43: 719100 | C43: Порез на доходак, добит и капиталну добит на терет физичких лица
A44: 4042 | B44: 719200 | C44: Порез на доходак, добит и капиталну добит на терет предузећа и осталих правних лица
A45: 4043 | B45: 719300 | C45: Порез на доходак, добит и капиталну добит нераспоредив између физичких и правних лица
A46: 4044 | B46: 719400 | C46: Остали једнократни порези на имовину
A47: 4045 | B47: 719500 | C47: Остали порези које плаћају искључиво предузећа и предузетници
A48: 4046 | B48: 719600 | C48: Остали порези које плаћају друга или неидентификована лица
A49: 4047 | B49: 720000 | C49: СОЦИЈАЛНИ ДОПРИНОСИ (4048 + 4053) | D49: =D50+D55 -> 0 | E49: =E50+E55 -> 0
A50: 4048 | B50: 721000 | C50: ДОПРИНОСИ ЗА СОЦИЈАЛНО ОСИГУРАЊЕ (од 4049 до 4052) | D50: =SUM(D51:D54) -> 0 | E50: =SUM(E51:E54) -> 0
A51: 4049 | B51: 721100 | C51: Доприноси за социјално осигурање на терет запослених
A52: 4050 | B52: 721200 | C52: Доприноси за социјално осигурање на терет послодавца
A53: 4051 | B53: 721300 | C53: Доприноси за социјално осигурање лица која обављају самосталну делатност и незапослених лица
A54: 4052 | B54: 721400 | C54: Доприноси за социјално осигурање који се не могу разврстати
A55: 4053 | B55: 722000 | C55: ОСТАЛИ СОЦИЈАЛНИ ДОПРИНОСИ (од 4054 до 4056) | D55: =SUM(D56:D58) -> 0 | E55: =SUM(E56:E58) -> 0
A56: 4054 | B56: 722100 | C56: Социјални доприноси на терет осигураника
A57: 4055 | B57: 722200 | C57: Социјални доприноси на терет послодаваца
A58: 4056 | B58: 722300 | C58: Импутирани социјални доприноси
A59: 4057 | B59: 730000 | C59: ДОНАЦИЈЕ, ПОМОЋИ И ТРАНСФЕРИ (4058 + 4061 + 4066) | D59: =D60+D63+D68 -> 0 | E59: =E60+E63+E68 -> 0
A60: 4058 | B60: 731000 | C60: ДОНАЦИЈЕ ОД ИНОСТРАНИХ ДРЖАВА (од 4059 + 4060) | D60: =D61+D62 -> 0 | E60: =E61+E62 -> 0
A61: 4059 | B61: 731100 | C61: Текуће донације од иностраних држава
A62: 4060 | B62: 731200 | C62: Капиталне донације од иностраних држава
A63: 4061 | B63: 732000 | C63: ДОНАЦИЈЕ И ПОМОЋИ ОД МЕЂУНАРОДНИХ ОРГАНИЗАЦИЈА (од 4062 до 4065) | D63: =D64+D65+D66+D67 -> 0 | E63: =E64+E65+E66+E67 -> 0
A64: 4062 | B64: 732100 | C64: Текуће донације од међународних организација
A65: 4063 | B65: 732200 | C65: Капиталне донације од међународних организација
A66: 4064 | B66: 732300 | C66: Текуће помоћи од ЕУ
A67: 4065 | B67: 732400 | C67: Капиталне помоћи од ЕУ
A68: 4066 | B68: 733000 | C68: ТРАНСФЕРИ ОД ДРУГИХ НИВОА ВЛАСТИ (4067 + 4068) | D68: =D69+D70 -> 0 | E68: =E69+E70 -> 0
A69: 4067 | B69: 733100 | C69: Текући трансфери од других нивоа власти
A70: 4068 | B70: 733200 | C70: Капитални трансфери од других нивоа власти
A71: 4069 | B71: 740000 | C71: ДРУГИ ПРИХОДИ (4070 + 4077 + 4082 + 4089 + 4092) | D71: =D72+D79+D84+D91+D94 -> 0 | E71: =E72+E79+E84+E91+E94 -> 963
A72: 4070 | B72: 741000 | C72: ПРИХОДИ ОД ИМОВИНЕ (од 4071 до 4076) | D72: =SUM(D73:D78) -> 0 | E72: =SUM(E73:E78) -> 0
A73: 4071 | B73: 741100 | C73: Камате
A74: 4072 | B74: 741200 | C74: Дивиденде
A75: 4073 | B75: 741300 | C75: Повлачење прихода од квази корпорација
A76: 4074 | B76: 741400 | C76: Приход од имовине који припада имаоцима полиса осигурања
A77: 4075 | B77: 741500 | C77: Закуп непроизведене имовине
A78: 4076 | B78: 741600 | C78: Финансијске промене на финансијским лизинзима
A79: 4077 | B79: 742000 | C79: ПРИХОДИ ОД ПРОДАЈЕ ДОБАРА И УСЛУГА (од 4078 до 4081) | D79: =SUM(D80:D83) -> 0 | E79: =SUM(E80:E83) -> 963
A80: 4078 | B80: 742100 | C80: Приходи од продаје добара и услуга или закупа од стране тржишних организација
A81: 4079 | B81: 742200 | C81: Таксе и накнаде
A82: 4080 | B82: 742300 | C82: Споредне продаје добара и услуга које врше државне нетржишне јединице | E82: 963
A83: 4081 | B83: 742400 | C83: Импутиране продаје добара и услуга
A84: 4082 | B84: 743000 | C84: НОВЧАНЕ КАЗНЕ И ОДУЗЕТА ИМОВИНСКА КОРИСТ (од 4083 до 4088) | D84: =SUM(D85:D90) -> 0 | E84: =SUM(E85:E90) -> 0
A85: 4083 | B85: 743100 | C85: Приходи од новчаних казни за кривична дела
A86: 4084 | B86: 743200 | C86: Приходи од новчаних казни за привредне преступе
A87: 4085 | B87: 743300 | C87: Приходи од новчаних казни за прекршаје
A88: 4086 | B88: 743400 | C88: Приходи од пенала
A89: 4087 | B89: 743500 | C89: Приходи од одузете имовинске користи
A90: 4088 | B90: 743900 | C90: Остале новчане казне, пенали и приходи од одузете имовинске користи
A91: 4089 | B91: 744000 | C91: ДОБРОВОЉНИ ТРАНСФЕРИ ОД ФИЗИЧКИХ И ПРАВНИХ ЛИЦА (4090 + 4091) | D91: =SUM(D92:D93) -> 0 | E91: =SUM(E92:E93) -> 0
A92: 4090 | B92: 744100 | C92: Текући добровољни трансфери од физичких и правних лица
A93: 4091 | B93: 744200 | C93: Капитални добровољни трансфери од физичких и правних лица
A94: 4092 | B94: 745000 | C94: МЕШОВИТИ И НЕОДРЕЂЕНИ ПРИХОДИ (4093) | D94: =D95 -> 0 | E94: =E95 -> 0
A95: 4093 | B95: 745100 | C95: Мешовити и неодређени приходи
A96: 4094 | B96: 770000 | C96: МЕМОРАНДУМСКЕ СТАВКЕ ЗА РЕФУНДАЦИЈУ РАСХОДА (4095 + 4097) | D96: =D97+D99 -> 0 | E96: =E97+E99 -> 21
A97: 4095 | B97: 771000 | C97: МЕМОРАНДУМСКЕ СТАВКЕ ЗА РЕФУНДАЦИЈУ РАСХОДА (4096) | D97: =D98 -> 0 | E97: =E98 -> 21
A98: 4096 | B98: 771100 | C98: Меморандумске ставке за рефундацију расхода | E98: 21
A99: 4097 | B99: 772000 | C99: МЕМОРАНДУМСКЕ СТАВКЕ ЗА РЕФУНДАЦИЈУ РАСХОДА ИЗ ПРЕТХОДНЕ ГОДИНЕ (4098) | D99: =D100 -> 0 | E99: =E100 -> 0
A100: 4098 | B100: 772100 | C100: Меморандумске ставке за рефундацију расхода из претходне године
...

Sheet StObr4
AL1: Образац 4
A2: ПОПУЊАВА УПРАВА ЗА ТРЕЗОР - ФИЛИЈАЛА
A3: 7 | B3: 5 | C3: 4 | E3: 0 | F3: =IF(LEN(Podaci!M2) > 4, MID(RIGHT(Podaci!$M$2,5),1,1),0) -> 0 | G3: =IF(LEN(Podaci!M2) > 3, MID(RIGHT(Podaci!$M$2,4),1,1),0) -> 0 | H3: =IF(LEN(Podaci!M2) > 2, MID(RIGHT(Podaci!$M$2,3),1,1),0) -> 9 | I3: =MID(RIGHT(Podaci!$M$2,2),1,1) -> 3 | J3: =MID(RIGHT(Podaci!$M$2,1),1,1) -> 8 | L3: =IF(LEN(Podaci!Z7) > 7, MID(RIGHT(Podaci!$Z$7,8),1,1),0) -> 0 | M3: =IF(LEN(Podaci!Z7) > 6, MID(RIGHT(Podaci!$Z$7,7),1,1),0) -> 7 | N3: =MID(RIGHT(Podaci!$Z$7,6),1,1) -> 3 | O3: =MID(RIGHT(Podaci!$Z$7,5),1,1) -> 4 | P3: =MID(RIGHT(Podaci!$Z$7,4),1,1) -> 8 | Q3: =MID(RIGHT(Podaci!$Z$7,3),1,1) -> 1 | R3: =MID(RIGHT(Podaci!$Z$7,2),1,1) -> 6 | S3: =MID(RIGHT(Podaci!$Z$7,1),1,1) -> 9
A4: 1 | B4: 2 | C4: 3 | E4: 4 | F4: 5 | G4: 6 | H4: 7 | I4: 8 | J4: 9 | L4: 10 | M4: 11 | N4: 12 | O4: 13 | P4: 14 | Q4: 15 | R4: 16 | S4: 17 | U4: 18 | V4: 19 | W4: 20 | X4: 21 | Y4: 22 | AA4: 23 | AB4: 24 | AC4: 25 | AD4: 26 | AE4: 27 | AG4: 28 | AI4: 29 | AJ4: 30 | AK4: 31 | AL4: 32 | AM4: 33 | AN4: 34 | AO4: 35 | AP4: 36 | AQ4: 37 | AR4: 38
A5: Врста посла | E5: Јединствени број КБС | U5: Седиште УТ | AA5: Надлежни директни КБС
B8: НАЗИВ КОРИСНИКА БУЏЕТСКИХ СРЕДСТАВА
B9: =Podaci!B5 -> О.Ш.ВУК КАРАЏИЋ
B11: СЕДИШТЕ | H11: =Podaci!H7 -> СМ.ПАЛАНКА | R11: МАТИЧНИ БРОЈ | Z11: =Podaci!Z7 -> 07348169
B13: ПИБ | E13: =Podaci!E9 -> 101619041 | R13: БРОЈ ПОДРАЧУНА | Z13: =Podaci!AA9 -> 840-834660-09
B15: НАЗИВ НАДЛЕЖНОГ ДИРЕКТНОГ КОРИСНИКА БУЏЕТСКИХ СРЕДСТАВА
B16: =Podaci!B12 -> МИНИСТАРСТВО ПРОСВЕТЕ ,НАУКЕ И ТЕХНОЛОШКОГ РАЗВОЈА
B17: (Попуњава само индиректни корисник буџетских средстава)
J20: ИЗВЕШТАЈ О НОВЧАНИМ ТОКОВИМА
L21: у периоду од | R21: =Podaci!D17 -> 01.01.2021 | W21: до | Y21: =Podaci!D18 -> 31.12.2021 | AD21: године
AK22: (У хиљадама динара)
A23: Ознака ОП | D23: Број конта | H23: Опис | AA23: Износ
AA25: Претходна година | AJ25: Текућа година
A27: 1 | D27: 2 | H27: 3 | AA27: 4 | AJ27: 5
A28: 4001 | H28: Н О В Ч А Н И П Р И Л И В И (4002 + 4106 + 4131) | AA28: =UnObr4!D3 -> 0 | AJ28: =UnObr4!E3 -> 56730
A29: 4002 | D29: 700000 | H29: ТЕКУЋИ ПРИХОДИ (4003 + 4047 + 4057 + 4069 + 4094 + 4099 + 4103) | AA29: =UnObr4!D4 -> 0 | AJ29: =UnObr4!E4 -> 56730
A30: 4003 | D30: 710000 | H30: ПОРЕЗИ (4004 + 4008 + 4010 + 4017 + 4023 + 4030 + 4033 + 4040) | AA30: =UnObr4!D5 -> 0 | AJ30: =UnObr4!E5 -> 0
A31: 4004 | D31: 711000 | H31: ПОРЕЗ НА ДОХОДАК, ДОБИТ И КАПИТАЛНЕ ДОБИТКЕ (од 4005 до 4007) | AA31: =UnObr4!D6 -> 0 | AJ31: =UnObr4!E6 -> 0
A32: 4005 | D32: 711100 | H32: Порези на доходак и капиталне добитке које плаћају физичка лица | AA32: =UnObr4!D7 -> 0 | AJ32: =UnObr4!E7 -> 0
A33: 4006 | D33: 711200 | H33: Порези на добит и капиталне добитке које плаћају предузећа и друга правна лица | AA33: =UnObr4!D8 -> 0 | AJ33: =UnObr4!E8 -> 0
A34: 4007 | D34: 711300 | H34: Порези на доходак, добит и капиталне добитке који се не могу разврстати између физичких и правних лица | AA34: =UnObr4!D9 -> 0 | AJ34: =UnObr4!E9 -> 0
A35: 4008 | D35: 712000 | H35: ПОРЕЗ НА ФОНД ЗАРАДА (4009) | AA35: =UnObr4!D10 -> 0 | AJ35: =UnObr4!E10 -> 0
A36: 4009 | D36: 712100 | H36: Порез на фонд зарада | AA36: =UnObr4!D11 -> 0 | AJ36: =UnObr4!E11 -> 0
A37: 4010 | D37: 713000 | H37: ПОРЕЗ НА ИМОВИНУ (од 4011 до 4016) | AA37: =UnObr4!D12 -> 0 | AJ37: =UnObr4!E12 -> 0
A38: 4011 | D38: 713100 | H38: Периодични порези на непокретности | AA38: =UnObr4!D13 -> 0 | AJ38: =UnObr4!E13 -> 0
A39: 4012 | D39: 713200 | H39: Периодични порези на нето имовину | AA39: =UnObr4!D14 -> 0 | AJ39: =UnObr4!E14 -> 0
A40: 4013 | D40: 713300 | H40: Порези на заоставштину, наслеђе и поклон | AA40: =UnObr4!D15 -> 0 | AJ40: =UnObr4!E15 -> 0
... A197: 4170 | D197: 922800 | H197: Примања од продаје стране валуте | AA197: =UnObr4!D172 -> 0 | AJ197: =UnObr4!E172 -> 0
A198: 4171 | H198: НОВЧАНИ ОДЛИВИ (4172 + 4340 + 4386) | AA198: =UnObr4!D173 -> 0 | AJ198: =UnObr4!E173 -> 56730
A199: 4172 | D199: 400000 | H199: ТЕКУЋИ РАСХОДИ (4173 + 4195 + 4240 + 4255 + 4279 + 4292 + 4308 + 4323) | AA199: =UnObr4!D174 -> 0 | AJ199: =UnObr4!E174 -> 56544
A200: 4173 | D200: 410000 | H200: РАСХОДИ ЗА ЗАПОСЛЕНЕ (4174 + 4176 + 4180 + 4182 + 4187 + 4189 + 4191 + 4193) | AA200: =UnObr4!D175 -> 0 | AJ200: =UnObr4!E175 -> 45946
A201: 4174 | D201: 411000 | H201: ПЛАТЕ, ДОДАЦИ И НАКНАДЕ ЗАПОСЛЕНИХ (ЗАРАДЕ) (4175) | AA201: =UnObr4!D176 -> 0 | AJ201: =UnObr4!E176 -> 37769
A202: 4175 | D202: 411100 | H202: Плате, додаци и накнаде запослених | AA202: =UnObr4!D177 -> 0 | AJ202: =UnObr4!E177 -> 37769
A203: 4176 | D203: 412000 | H203: СОЦИЈАЛНИ ДОПРИНОСИ НА ТЕРЕТ ПОСЛОДАВЦА (од 4177 до 4179) | AA203: =UnObr4!D178 -> 0 | AJ203: =UnObr4!E178 -> 6516
A204: 4177 | D204: 412100 | H204: Допринос за пензијско и инвалидско осигурање | AA204: =UnObr4!D179 -> 0 | AJ204: =UnObr4!E179 -> 4643
A205: 4178 | D205: 412200 | H205: Допринос за здравствено осигурање | AA205: =UnObr4!D180 -> 0 | AJ205: =UnObr4!E180 -> 1873
A206: 4179 | D206: 412300 | H206: Допринос за незапосленост | AA206: =UnObr4!D181 -> 0 | AJ206: =UnObr4!E181 -> 0
A207: 4180 | D207: 413000 | H207: НАКНАДЕ У НАТУРИ (4181) | AA207: =UnObr4!D182 -> 0 | AJ207: =UnObr4!E182 -> 367
A208: 4181 | D208: 413100 | H208: Накнаде у натури | AA208: =UnObr4!D183 -> 0 | AJ208: =UnObr4!E183 -> 367
A209: 4182 | D209: 414000 | H209: СОЦИЈАЛНА ДАВАЊА ЗАПОСЛЕНИМА (од 4183 до 4186) | AA209: =UnObr4!D184 -> 0 | AJ209: =UnObr4!E184 -> 21
A210: 4183 | D210: 414100 | H210: Исплата накнада за време одсуствовања с посла на терет фондова | AA210: =UnObr4!D185 -> 0 | AJ210: =UnObr4!E185 -> 21
... A460: 4433 | D460: 623100 | H460: Набавка финансијске имовине која се финансира из средстава за реализацију националног инвестиционог плана | AA460: =UnObr4!D435 -> 0 | AJ460: =UnObr4!E435 -> 0
A461: 4434 | H461: ВИШАК НОВЧАНИХ ПРИЛИВА (4001 – 4171) > 0 | AA461: =UnObr4!D436 -> 0 | AJ461: =UnObr4!E436 -> 0
A462: 4435 | H462: МАЊАК НОВЧАНИХ ПРИЛИВА (4171 – 4001) > 0 | AA462: =UnObr4!D437 -> 0 | AJ462: =UnObr4!E437 -> 0
A463: 4436 | H463: САЛДО ГОТОВИНЕ НА ПОЧЕТКУ ГОДИНЕ | AA463: =UnObr4!D438 -> 0 | AJ463: =UnObr4!E438 -> 0
A464: 4437 | H464: КОРИГОВАНИ ПРИЛИВИ ЗА ПРИМЉЕНА СРЕДСТВА У ОБРАЧУНУ (4001 + 4438) | AA464: =UnObr4!D439 -> 0 | AJ464: =UnObr4!E439 -> 56730
A465: 4438 | H465: Корекција новчаних прилива за наплаћена средства којa се не евидентирају преко класа 700000, 800000 и 900000 | AA465: =UnObr4!D440 -> 0 | AJ465: =UnObr4!E440 -> 0
A466: 4439 | H466: КОРИГОВАНИ ОДЛИВИ ЗА ИСПЛАЋЕНА СРЕДСТВА У ОБРАЧУНУ (4171 – 4440 + 4441) | AA466: =UnObr4!D441 -> 0 | AJ466: =UnObr4!E441 -> 56730
A467: 4440 | H467: Корекција новчаних одлива за износ обрачунате амортизације књижене на терет сопствених прихода | AA467: =UnObr4!D442 -> 0 | AJ467: =UnObr4!E442 -> 0
A468: 4441 | H468: Корекција новчаних одлива за износ плаћених расхода који се не евидентирају преко класе 400000, 500000 и 600000 | AA468: =UnObr4!D443 -> 0 | AJ468: =UnObr4!E443 -> 0
A469: 4442 | H469: САЛДО ГОТОВИНЕ НА КРАЈУ ГОДИНЕ (4436 + 4437 – 4439) | AA469: =UnObr4!D444 -> 0 | AJ469: =UnObr4!E444 -> 0
Q471: Лице одговорно за попуњавање обрасца | AI471: Наредбодавац
A472: Датум, | D472: =Podaci!E21 -> 27.02.2021 | I472: . године

Sheet UnObr1
A1: Ознака ОП | B1: Број конта | C1: Опис | D1: Износ из претходне године | E1: Износ текуће године | I1: Штампа
D2: (почетно стање) | E2: Бруто | F2: Исправка вредности | G2: Нето
G3: (5 – 6)
A4: 1 | B4: 2 | C4: 3 | D4: 4 | E4: 5 | F4: 6 | G4: 7
C5: АКТИВА
A6: 1001 | B6: 000000 | C6: НEФИНАНСИЈСКА ИМОВИНА (1002 + 1020) | D6: =D7+D25 -> 0 | E6: =E7+E25 -> 108136 | F6: =F7+F25 -> 35417 | G6: =E6-F6 -> 72719
A7: 1002 | B7: 010000 | C7: НЕФИНАНСИЈСКА ИМОВИНА У СТАЛНИМ СРЕДСТВИМА (1003 + 1007 + 1009 + 1011 + 1015 + 1018) | D7: =D8+D12+D14+D16+D20+D23 -> 0 | E7: =E8+E12+E14+E16+E20+E23 -> 108136 | F7: =F8+F12+F14+F16+F20+F23 -> 35417 | G7: =E7-F7 -> 72719
A8: 1003 | B8: 011000 | C8: НЕКРЕТНИНЕ И ОПРЕМА (од 1004 до 1006) | D8: =SUM(D9:D11) -> 0 | E8: =SUM(E9:E11) -> 101691 | F8: =SUM(F9:F11) -> 35417 | G8: =E8-F8 -> 66274
A9: 1004 | B9: 011100 | C9: Зграде и грађевински објекти | E9: 97535 | F9: 32171 | G9: =E9-F9 -> 65364
A10: 1005 | B10: 011200 | C10: Опрема | E10: 3884 | F10: 3246 | G10: =E10-F10 -> 638
A11: 1006 | B11: 011300 | C11: Остале некретнине и опрема | E11: 272 | G11: =E11-F11 -> 272
A12: 1007 | B12: 012000 | C12: КУЛТИВИСАНА ИМОВИНА (1008) | D12: =D13 -> 0 | E12: =E13 -> 0 | F12: =F13 -> 0 | G12: =E12-F12 -> 0
A13: 1008 | B13: 012100 | C13: Култивисана имовина | G13: =E13-F13 -> 0
A14: 1009 | B14: 013000 | C14: ДРАГОЦЕНОСТИ (1010) | D14: =D15 -> 0 | E14: =E15 -> 0 | F14: =F15 -> 0 | G14: =E14-F14 -> 0
A15: 1010 | B15: 013100 | C15: Драгоцености | G15: =E15-F15 -> 0
A16: 1011 | B16: 014000 | C16: ПРИРОДНА ИМОВИНА (од 1012 до 1014) | D16: =SUM(D17:D19) -> 0 | E16: =SUM(E17:E19) -> 6445 | F16: =SUM(F17:F19) -> 0 | G16: =E16-F16 -> 6445
A17: 1012 | B17: 014100 | C17: Земљиште | E17: 6445 | G17: =E17-F17 -> 6445
A18: 1013 | B18: 014200 | C18: Подземна блага | G18: =E18-F18 -> 0
A19: 1014 | B19: 014300 | C19: Шуме и воде | G19: =E19-F19 -> 0
A20: 1015 | B20: 015000 | C20: НЕФИНАНСИЈСКА ИМОВИНА У ПРИПРЕМИ И АВАНСИ (1016 + 1017) | D20: =D21+D22 -> 0 | E20: =E21+E22 -> 0 | F20: =F21+F22 -> 0 | G20: =E20-F20 -> 0
A21: 1016 | B21: 015100 | C21: Нефинансијска имовина у припреми | G21: =E21-F21 -> 0
A22: 1017 | B22: 015200 | C22: Аванси за нефинансијску имовину | G22: =E22-F22 -> 0
A23: 1018 | B23: 016000 | C23: НЕМАТЕРИЈАЛНА ИМОВИНА (1019) | D23: =D24 -> 0 | E23: =E24 -> 0 | F23: =F24 -> 0 | G23: =E23-F23 -> 0
A24: 1019 | B24: 016100 | C24: Нематеријална имовина | G24: =E24-F24 -> 0
A25: 1020 | B25: 020000 | C25: НЕФИНАНСИЈСКА ИМОВИНА У ЗАЛИХАМА (1021 + 1025) | D25: =D26+D30 -> 0 | E25: =E26+E30 -> 0 | F25: =F26+F30 -> 0 | G25: =E25-F25 -> 0
A26: 1021 | B26: 021000 | C26: ЗАЛИХЕ (од 1022 до 1024) | D26: =SUM(D27:D29) -> 0 | E26: =SUM(E27:E29) -> 0 | F26: =SUM(F27:F29) -> 0 | G26: =E26-F26 -> 0
A27: 1022 | B27: 021100 | C27: Робне резерве | G27: =E27-F27 -> 0
A28: 1023 | B28: 021200 | C28: Залихе производње | G28: =E28-F28 -> 0
A29: 1024 | B29: 021300 | C29: Роба за даљу продају | G29: =E29-F29 -> 0
A30: 1025 | B30: 022000 | C30: ЗАЛИХЕ СИТНОГ ИНВЕНТАРА И ПОТРОШНОГ МАТЕРИЈАЛА (1026 + 1027) | D30: =D31+D32 -> 0 | E30: =E31+E32 -> 0 | F30: =F31+F32 -> 0 | G30: =E30-F30 -> 0
A31: 1026 | B31: 022100 | C31: Залихе ситног инвентара | G31: =E31-F31 -> 0
A32: 1027 | B32: 022200 | C32: Залихе потрошног материјала | G32: =E32-F32 -> 0
A33: 1028 | B33: 100000 | C33: ФИНАНСИЈСКА ИМОВИНА (1029 + 1049 + 1067) | D33: =D34+D54+D72 -> 0 | E33: =E34+E54+E72 -> 7363 | F33: =F34+F54+F72 -> 0 | G33: =E33-F33 -> 7363
A34: 1029 | B34: 110000 | C34: ДУГОРОЧНА ФИНАНСИЈСКА ИМОВИНА (1030 + 1040) | D34: =D35+D45 -> 0 | E34: =E35+E45 -> 0 | F34: =F35+F45 -> 0 | G34: =E34-F34 -> 0
A35: 1030 | B35: 111000 | C35: ДУГОРОЧНА ДОМАЋА ФИНАНСИЈСКА ИМОВИНА (од 1031 до 1039) | D35: =SUM(D36:D44) -> 0 | E35: =SUM(E36:E44) -> 0 | F35: =SUM(F36:F44) -> 0 | G35: =E35-F35 -> 0
A36: 1031 | B36: 111100 | C36: Дугорочне домаће хартије од вредности, изузев акција | G36: =E36-F36 -> 0
A37: 1032 | B37: 111200 | C37: Кредити осталим нивоима власти | G37: =E37-F37 -> 0
A38: 1033 | B38: 111300 | C38: Кредити домаћим јавним финансијским институцијама | G38: =E38-F38 -> 0
A39: 1034 | B39: 111400 | C39: Кредити домаћим пословним банкама | G39: =E39-F39 -> 0
A40: 1035 | B40: 111500 | C40: Кредити домаћим јавним нефинансијским институцијама | G40: =E40-F40 -> 0
A41: 1036 | B41: 111600 | C41: Кредити физичким лицима и домаћинствима у земљи | G41: =E41-F41 -> 0
A42: 1037 | B42: 111700 | C42: Кредити домаћим невладиним организацијама | G42: =E42-F42 -> 0
A43: 1038 | B43: 111800 | C43: Кредити домаћим нефинансијским приватним предузећима | G43: =E43-F43 -> 0
A44: 1039 | B44: 111900 | C44: Домаће акције и остали капитал | G44: =E44-F44 -> 0
A45: 1040 | B45: 112000 | C45: ДУГОРОЧНA СТРАНА ФИНАНСИЈСКА ИМОВИНА (од 1041 до 1048) | D45: =SUM(D46:D53) -> 0 | E45: =SUM(E46:E53) -> 0 | F45: =SUM(F46:F53) -> 0 | G45: =E45-F45 -> 0
A46: 1041 | B46: 112100 | C46: Дугорочне стране хартије од вредности, изузев акција | G46: =E46-F46 -> 0
A47: 1042 | B47: 112200 | C47: Кредити страним владама | G47: =E47-F47 -> 0
A48: 1043 | B48: 112300 | C48: Кредити међународним организацијама | G48: =E48-F48 -> 0
A49: 1044 | B49: 112400 | C49: Кредити страним пословним банкама | G49: =E49-F49 -> 0
A50: 1045 | B50: 112500 | C50: Кредити страним нефинансијским институцијама | G50: =E50-F50 -> 0
A51: 1046 | B51: 112600 | C51: Кредити страним невладиним организацијама | G51: =E51-F51 -> 0
A52: 1047 | B52: 112700 | C52: Стране акције и остали капитал | G52: =E52-F52 -> 0
A53: 1048 | B53: 112800 | C53: Страни финансијски деривати | G53: =E53-F53 -> 0
A54: 1049 | B54: 120000 | C54: НОВЧАНА СРЕДСТВА, ПЛЕМЕНИТИ МЕТАЛИ, ХАРТИЈЕ ОД ВРЕДНОСТИ, ПОТРАЖИВАЊА И КРАТКОРОЧНИ ПЛАСМАНИ (1050 + 1060 + 1062) | D54: =D55+D65+D67 -> 0 | E54: =E55+E65+E67 -> 191 | F54: =F55+F65+F67 -> 0 | G54: =E54-F54 -> 191
A55: 1050 | B55: 121000 | C55: НОВЧАНА СРЕДСТВА, ПЛЕМЕНИТИ МЕТАЛИ, ХАРТИЈЕ ОД ВРЕДНОСТИ (од 1051 до 1059) | D55: =SUM(D56:D64) -> 0 | E55: =SUM(E56:E64) -> 191 | F55: =SUM(F56:F64) -> 0 | G55: =E55-F55 -> 191
A56: 1051 | B56: 121100 | C56: Жиро и текући рачуни | E56: 191 | G56: =E56-F56 -> 191
A57: 1052 | B57: 121200 | C57: Издвојена новчана средства и акредитиви | G57: =E57-F57 -> 0
A58: 1053 | B58: 121300 | C58: Благајна | G58: =E58-F58 -> 0
A59: 1054 | B59: 121400 | C59: Девизни рачун | G59: =E59-F59 -> 0
A60: 1055 | B60: 121500 | C60: Девизни акредитиви | G60: =E60-F60 -> 0
A61: 1056 | B61: 121600 | C61: Девизна благајна | G61: =E61-F61 -> 0
A62: 1057 | B62: 121700 | C62: Остала новчана средства | G62: =E62-F62 -> 0
A63: 1058 | B63: 121800 | C63: Племенити метали | G63: =E63-F63 -> 0
A64: 1059 | B64: 121900 | C64: Хартије од вредности | G64: =E64-F64 -> 0
A65: 1060 | B65: 122000 | C65: КРАТКОРОЧНА ПОТРАЖИВАЊА (1061) | D65: =D66 -> 0 | E65: =E66 -> 0 | F65: =F66 -> 0 | G65: =E65-F65 -> 0
A66: 1061 | B66: 122100 | C66: Потраживања по основу продаје и друга потраживања | G66: =E66-F66 -> 0
A67: 1062 | B67: 123000 | C67: КРАТКОРОЧНИ ПЛАСМАНИ (од 1063 до 1066) | D67: =SUM(D68:D71) -> 0 | E67: =SUM(E68:E71) -> 0 | F67: =SUM(F68:F71) -> 0 | G67: =E67-F67 -> 0
A68: 1063 | B68: 123100 | C68: Краткорочни кредити | G68: =E68-F68 -> 0
A69: 1064 | B69: 123200 | C69: Дати аванси, депозити и кауције | G69: =E69-F69 -> 0
A70: 1065 | B70: 123300 | C70: Хартије од вредности намењене продаји | G70: =E70-F70 -> 0
A71: 1066 | B71: 123900 | C71: Остали краткорочни пласмани | G71: =E71-F71 -> 0
A72: 1067 | B72: 130000 | C72: АКТИВНА ВРЕМЕНСКА РАЗГРАНИЧЕЊА (1068) | D72: =D73 -> 0 | E72: =E73 -> 7172 | F72: =F73 -> 0 | G72: =E72-F72 -> 7172
A73: 1068 | B73: 131000 | C73: АКТИВНА ВРЕМЕНСКА РАЗГРАНИЧЕЊА (од 1069 до 1071) | D73: =SUM(D74:D76) -> 0 | E73: =SUM(E74:E76) -> 7172 | F73: =SUM(F74:F76) -> 0 | G73: =E73-F73 -> 7172
A74: 1069 | B74: 131100 | C74: Разграничени расходи до једне године | G74: =E74-F74 -> 0
A75: 1070 | B75: 131200 | C75: Обрачунати неплаћени расходи и издаци | E75: 7172 | G75: =E75-F75 -> 7172
A76: 1071 | B76: 131300 | C76: Остала активна временска разграничења | G76: =E76-F76 -> 0
A77: 1072 | C77: УКУПНА АКТИВА (1001 + 1028) | D77: =D6+D33 -> 0 | E77: =E6+E33 -> 115499 | F77: =F6+F33 -> 35417 | G77: =E77-F77 -> 80082
A78: 1073 | B78: 351000 | C78: ВАНБИЛАНСНА АКТИВА | G78: =E78-F78 -> 0
A79: Ознака ОП | B79: Број конта | C79: Опис | F79: Износ
F80: Претходна година | G80: Текућа година
A81: 1 | B81: 2 | C81: 3 | F81: 4 | G81: 5
C82: ПАСИВА
A83: 1074 | B83: 200000 | C83: ОБАВЕЗЕ (1075 + 1099 + 1118 + 1173 + 1198 + 1212) | F83: =F84+F108+F127+F182+F207+F221 -> 0 | G83: =G84+G108+G127+G182+G207+G221 -> 7172
A84: 1075 | B84: 210000 | C84: ДУГОРОЧНЕ ОБАВЕЗЕ (1076 + 1086 + 1093 + 1095 + 1097) | F84: =F85+F95+F102+F104+F106 -> 0 | G84: =G85+G95+G102+G104+G106 -> 0
A85: 1076 | B85: 211000 | C85: ДОМАЋЕ ДУГОРОЧНЕ ОБАВЕЗЕ (од 1077 до 1085) | F85: =SUM(F86:F94) -> 0 | G85: =SUM(G86:G94) -> 0
A86: 1077 | B86: 211100 | C86: Обавезе по основу емитованих хартија од вредности, изузев акција
A87: 1078 | B87: 211200 | C87: Обавезе по основу дугорочних кредита од осталих нивоа власти
A88: 1079 | B88: 211300 | C88: Обавезе по основу дугорочних кредита од домаћих јавних финансијских институција
A89: 1080 | B89: 211400 | C89: Обавезе по основу дугорочних кредита од домаћих пословних банака
A90: 1081 | B90: 211500 | C90: Обавезе по основу дугорочних кредита од осталих домаћих кредитора
A91: 1082 | B91: 211600 | C91: Обавезе по основу дугорочних кредита од домаћинстава у земљи
A92: 1083 | B92: 211700 | C92: Дугорочне обавезе по основу домаћих финансијских деривата
A93: 1084 | B93: 211800 | C93: Дугорочне обавезе по основу домаћих меница
A94: 1085 | B94: 211900 | C94: Дугорочне обавезе за финансијске лизинге
A95: 1086 | B95: 212000 | C95: СТРАНЕ ДУГОРОЧНЕ ОБАВЕЗЕ (од 1087 до 1092) | F95: =SUM(F96:F101) -> 0 | G95: =SUM(G96:G101) -> 0
A96: 1087 | B96: 212100 | C96: Дугорочне стране обавезе по основу емитованих хартија од вредности, изузев акција
A97: 1088 | B97: 212200 | C97: Обавезе по основу дугорочних кредита од страних влада
A98: 1089 | B98: 212300 | C98: Обавезе по основу дугорочних кредита од мултилатералних институција
A99: 1090 | B99: 212400 | C99: Обавезе по основу дугорочних кредита од страних пословних банака
A100: 1091 | B100: 212500 | C100: Обавезе по основу дугорочних кредита од осталих страних кредитора
...

Sheet UnObr5
A1: Ознака ОП | B1: Број конта | C1: Опис | D1: Износ планираних прихода и примања | E1: Износ остварених прихода и примања
E2: Укупно (од 6 до 11) | F2: Приходи и примања из буџета | J2: Из донација и помоћи | K2: Из осталих извора
F3: Републике | G3: Аутономне покрајине | H3: Општине / града | I3: ООСО | M3: Штампа
A4: 1 | B4: 2 | C4: 3 | D4: 4 | E4: 5 | F4: 6 | G4: 7 | H4: 8 | I4: 9 | J4: 10 | K4: 11
A5: 5001 | C5: ТЕКУЋИ ПРИХОДИ И ПРИМАЊА ОД ПРОДАЈЕ НЕФИНАНСИЈСКЕ ИМОВИНЕ (5002 + 5106) | D5: =D6+D110 -> 0 | E5: =SUM(F5:K5) -> 56730 | F5: =F6+F110 -> 44285 | G5: =G6+G110 -> 0 | H5: =H6+H110 -> 11461 | I5: =I6+I110 -> 21 | J5: =J6+J110 -> 0 | K5: =K6+K110 -> 963
A6: 5002 | B6: 700000 | C6: ТЕКУЋИ ПРИХОДИ (5003 + 5047 + 5057 + 5069 + 5094 + 5099 + 5103) | D6: =D7+D51+D61+D73+D98+D103+D107 -> 0 | E6: =SUM(F6:K6) -> 56730 | F6: =F7+F51+F61+F73+F98+F103+F107 -> 44285 | G6: =G7+G51+G61+G73+G98+G103+G107 -> 0 | H6: =H7+H51+H61+H73+H98+H103+H107 -> 11461 | I6: =I7+I51+I61+I73+I98+I103+I107 -> 21 | J6: =J7+J51+J61+J73+J98+J103+J107 -> 0 | K6: =K7+K51+K61+K73+K98+K103+K107 -> 963
A7: 5003 | B7: 710000 | C7: ПОРЕЗИ (5004 + 5008 + 5010 + 5017 + 5023 + 5030 + 5033 + 5040) | D7: =D8+D12+D14+D21+D27+D34+D37+D44 -> 0 | E7: =SUM(F7:K7) -> 0 | F7: =F8+F12+F14+F21+F27+F34+F37+F44 -> 0 | G7: =G8+G12+G14+G21+G27+G34+G37+G44 -> 0 | H7: =H8+H12+H14+H21+H27+H34+H37+H44 -> 0 | I7: =I8+I12+I14+I21+I27+I34+I37+I44 -> 0 | J7: =J8+J12+J14+J21+J27+J34+J37+J44 -> 0 | K7: =K8+K12+K14+K21+K27+K34+K37+K44 -> 0
A8: 5004 | B8: 711000 | C8: ПОРЕЗ НА ДОХОДАК, ДОБИТ И КАПИТАЛНЕ ДОБИТКЕ (од 5005 до 5007) | D8: =SUM(D9:D11) -> 0 | E8: =SUM(F8:K8) -> 0 | F8: =SUM(F9:F11) -> 0 | G8: =SUM(G9:G11) -> 0 | H8: =SUM(H9:H11) -> 0 | I8: =SUM(I9:I11) -> 0 | J8: =SUM(J9:J11) -> 0 | K8: =SUM(K9:K11) -> 0
A9: 5005 | B9: 711100 | C9: Порези на доходак и капиталнe добиткe које плаћају физичка лица | E9: =SUM(F9:K9) -> 0
A10: 5006 | B10: 711200 | C10: Порези на добит и капиталне добитке које плаћају предузећа и друга правна лица | E10: =SUM(F10:K10) -> 0
A11: 5007 | B11: 711300 | C11: Порези на доходак, добит и капиталне добитке који се не могу разврстати између физичких и правних лица | E11: =SUM(F11:K11) -> 0
A12: 5008 | B12: 712000 | C12: ПОРЕЗ НА ФОНД ЗАРАДА (5009) | D12: =SUM(D13) -> 0 | E12: =SUM(F12:K12) -> 0 | F12: =SUM(F13) -> 0 | G12: =SUM(G13) -> 0 | H12: =SUM(H13) -> 0 | I12: =SUM(I13) -> 0 | J12: =SUM(J13) -> 0 | K12: =SUM(K13) -> 0
A13: 5009 | B13: 712100 | C13: Порез на фонд зарада | E13: =SUM(F13:K13) -> 0
A14: 5010 | B14: 713000 | C14: ПОРЕЗ НА ИМОВИНУ (од 5011 до 5016) | D14: =SUM(D15:D20) -> 0 | E14: =SUM(F14:K14) -> 0 | F14: =SUM(F15:F20) -> 0 | G14: =SUM(G15:G20) -> 0 | H14: =SUM(H15:H20) -> 0 | I14: =SUM(I15:I20) -> 0 | J14: =SUM(J15:J20) -> 0 | K14: =SUM(K15:K20) -> 0
A15: 5011 | B15: 713100 | C15: Периодични порези на непокретности | E15: =SUM(F15:K15) -> 0
A16: 5012 | B16: 713200 | C16: Периодични порези на нето имовину | E16: =SUM(F16:K16) -> 0
A17: 5013 | B17: 713300 | C17: Порези на заоставштину, наслеђе и поклон | E17: =SUM(F17:K17) -> 0
A18: 5014 | B18: 713400 | C18: Порези на финансијске и капиталне трансакције | E18: =SUM(F18:K18) -> 0
A19: 5015 | B19: 713500 | C19: Други једнократни порези на имовину | E19: =SUM(F19:K19) -> 0
A20: 5016 | B20: 713600 | C20: Други периодични порези на имовину | E20: =SUM(F20:K20) -> 0
A21: 5017 | B21: 714000 | C21: ПОРЕЗ НА ДОБРА И УСЛУГЕ (од 5018 до 5022) | D21: =SUM(D22:D26) -> 0 | E21: =SUM(F21:K21) -> 0 | F21: =SUM(F22:F26) -> 0 | G21: =SUM(G22:G26) -> 0 | H21: =SUM(H22:H26) -> 0 | I21: =SUM(I22:I26) -> 0 | J21: =SUM(J22:J26) -> 0 | K21: =SUM(K22:K26) -> 0
A22: 5018 | B22: 714100 | C22: Општи порези на добра и услуге | E22: =SUM(F22:K22) -> 0
A23: 5019 | B23: 714300 | C23: Добит фискалних монопола | E23: =SUM(F23:K23) -> 0
A24: 5020 | B24: 714400 | C24: Порези на појединачне услуге | E24: =SUM(F24:K24) -> 0
A25: 5021 | B25: 714500 | C25: Порези, таксе и накнаде на употребу добара, на дозволу да се добра употребљавају или делатности обављају | E25: =SUM(F25:K25) -> 0
A26: 5022 | B26: 714600 | C26: Други порези на добра и услуге | E26: =SUM(F26:K26) -> 0
A27: 5023 | B27: 715000 | C27: ПОРЕЗ НА МЕЂУНАРОДНУ ТРГОВИНУ И ТРАНСАКЦИЈЕ (од 5024 до 5029) | D27: =SUM(D28:D33) -> 0 | E27: =SUM(F27:K27) -> 0 | F27: =SUM(F28:F33) -> 0 | G27: =SUM(G28:G33) -> 0 | H27: =SUM(H28:H33) -> 0 | I27: =SUM(I28:I33) -> 0 | J27: =SUM(J28:J33) -> 0 | K27: =SUM(K28:K33) -> 0
A28: 5024 | B28: 715100 | C28: Царине и друге увозне дажбине | E28: =SUM(F28:K28) -> 0
A29: 5025 | B29: 715200 | C29: Порези на извоз | E29: =SUM(F29:K29) -> 0
A30: 5026 | B30: 715300 | C30: Добит извозних или увозних монопола | E30: =SUM(F30:K30) -> 0
A31: 5027 | B31: 715400 | C31: Добит по основу разлике између куповног и продајног девизног курса | E31: =SUM(F31:K31) -> 0
A32: 5028 | B32: 715500 | C32: Порези на продају или куповину девиза | E32: =SUM(F32:K32) -> 0
A33: 5029 | B33: 715600 | C33: Други порези на међународну трговину и трансакције | E33: =SUM(F33:K33) -> 0
A34: 5030 | B34: 716000 | C34: ДРУГИ ПОРЕЗИ (5031 + 5032) | D34: =SUM(D35:D36) -> 0 | E34: =SUM(F34:K34) -> 0 | F34: =SUM(F35:F36) -> 0 | G34: =SUM(G35:G36) -> 0 | H34: =SUM(H35:H36) -> 0 | I34: =SUM(I35:I36) -> 0 | J34: =SUM(J35:J36) -> 0 | K34: =SUM(K35:K36) -> 0
A35: 5031 | B35: 716100 | C35: Други порези које искључиво плаћају предузећа, односно предузетници | E35: =SUM(F35:K35) -> 0
A36: 5032 | B36: 716200 | C36: Други порези које плаћају остала лица или који се не могу идентификовати | E36: =SUM(F36:K36) -> 0
A37: 5033 | B37: 717000 | C37: АКЦИЗЕ (од 5034 до 5039) | D37: =SUM(D38:D43) -> 0 | E37: =SUM(F37:K37) -> 0 | F37: =SUM(F38:F43) -> 0 | G37: =SUM(G38:G43) -> 0 | H37: =SUM(H38:H43) -> 0 | I37: =SUM(I38:I43) -> 0 | J37: =SUM(J38:J43) -> 0 | K37: =SUM(K38:K43) -> 0
A38: 5034 | B38: 717100 | C38: Акцизе на деривате нафте | E38: =SUM(F38:K38) -> 0
A39: 5035 | B39: 717200 | C39: Акцизе на дуванске прерађевине | E39: =SUM(F39:K39) -> 0
A40: 5036 | B40: 717300 | C40: Акцизе на алкохолна пића | E40: =SUM(F40:K40) -> 0
A41: 5037 | B41: 717400 | C41: Акцизе на освежавајућа безалкохолна пића | E41: =SUM(F41:K41) -> 0
A42: 5038 | B42: 717500 | C42: Акциза на кафу | E42: =SUM(F42:K42) -> 0
A43: 5039 | B43: 717600 | C43: Друге акцизе | E43: =SUM(F43:K43) -> 0
A44: 5040 | B44: 719000 | C44: ЈЕДНОКРАТНИ ПОРЕЗ НА ЕКСТРА ПРОФИТ И ЕКСТРА ИМОВИНУ СТЕЧЕНУ КОРИШЋЕЊЕМ ПОСЕБНИХ ПОГОДНОСТИ (од 5041до 5046) | D44: =SUM(D45:D50) -> 0 | E44: =SUM(F44:K44) -> 0 | F44: =SUM(F45:F50) -> 0 | G44: =SUM(G45:G50) -> 0 | H44: =SUM(H45:H50) -> 0 | I44: =SUM(I45:I50) -> 0 | J44: =SUM(J45:J50) -> 0 | K44: =SUM(K45:K50) -> 0
A45: 5041 | B45: 719100 | C45: Порез на доходак, добит и капиталну добит на терет физичких лица | E45: =SUM(F45:K45) -> 0
A46: 5042 | B46: 719200 | C46: Порез на доходак, добит и капиталну добит на терет предузећа и осталих правних лица | E46: =SUM(F46:K46) -> 0
A47: 5043 | B47: 719300 | C47: Порез на доходак, добит и капиталну добит нераспоредив између физичких и правних лица | E47: =SUM(F47:K47) -> 0
A48: 5044 | B48: 719400 | C48: Остали једнократни порези на имовину | E48: =SUM(F48:K48) -> 0
A49: 5045 | B49: 719500 | C49: Остали порези које плаћају искључиво предузећа и предузетници | E49: =SUM(F49:K49) -> 0
A50: 5046 | B50: 719600 | C50: Остали порези које плаћају друга или неидентификована лица | E50: =SUM(F50:K50) -> 0
A51: 5047 | B51: 720000 | C51: СОЦИЈАЛНИ ДОПРИНОСИ (5048 + 5053) | D51: =D52+D57 -> 0 | E51: =SUM(F51:K51) -> 0 | F51: =F52+F57 -> 0 | G51: =G52+G57 -> 0 | H51: =H52+H57 -> 0 | I51: =I52+I57 -> 0 | J51: =J52+J57 -> 0 | K51: =K52+K57 -> 0
A52: 5048 | B52: 721000 | C52: ДОПРИНОСИ ЗА СОЦИЈАЛНО ОСИГУРАЊЕ (од 5049 до 5052) | D52: =SUM(D53:D56) -> 0 | E52: =SUM(F52:K52) -> 0 | F52: =SUM(F53:F56) -> 0 | G52: =SUM(G53:G56) -> 0 | H52: =SUM(H53:H56) -> 0 | I52: =SUM(I53:I56) -> 0 | J52: =SUM(J53:J56) -> 0 | K52: =SUM(K53:K56) -> 0
A53: 5049 | B53: 721100 | C53: Доприноси за социјално осигурање на терет запослених | E53: =SUM(F53:K53) -> 0
A54: 5050 | B54: 721200 | C54: Доприноси за социјално осигурање на терет послодавца | E54: =SUM(F54:K54) -> 0
A55: 5051 | B55: 721300 | C55: Доприноси за социјално осигурање лица која обављају самосталну делатност и незапослених лица | E55: =SUM(F55:K55) -> 0
A56: 5052 | B56: 721400 | C56: Доприноси за социјално осигурање који се не могу разврстати | E56: =SUM(F56:K56) -> 0
A57: 5053 | B57: 722000 | C57: ОСТАЛИ СОЦИЈАЛНИ ДОПРИНОСИ (од 5054 до 5056) | D57: =SUM(D58:D60) -> 0 | E57: =SUM(F57:K57) -> 0 | F57: =SUM(F58:F60) -> 0 | G57: =SUM(G58:G60) -> 0 | H57: =SUM(H58:H60) -> 0 | I57: =SUM(I58:I60) -> 0 | J57: =SUM(J58:J60) -> 0 | K57: =SUM(K58:K60) -> 0
A58: 5054 | B58: 722100 | C58: Социјални доприноси на терет осигураника | E58: =SUM(F58:K58) -> 0
A59: 5055 | B59: 722200 | C59: Социјални доприноси на терет послодаваца | E59: =SUM(F59:K59) -> 0
A60: 5056 | B60: 722300 | C60: Импутирани социјални доприноси | E60: =SUM(F60:K60) -> 0
A61: 5057 | B61: 730000 | C61: ДОНАЦИЈЕ, ПОМОЋИ И ТРАНСФЕРИ (5058 + 5061 + 5066) | D61: =D62+D65+D70 -> 0 | E61: =SUM(F61:K61) -> 0 | F61: =F62+F65+F70 -> 0 | G61: =G62+G65+G70 -> 0 | H61: =H62+H65+H70 -> 0 | I61: =I62+I65+I70 -> 0 | J61: =J62+J65+J70 -> 0 | K61: =K62+K65+K70 -> 0
A62: 5058 | B62: 731000 | C62: ДОНАЦИЈЕ ОД ИНОСТРАНИХ ДРЖАВА (5059 + 5060) | D62: =SUM(D63:D64) -> 0 | E62: =SUM(F62:K62) -> 0 | F62: =SUM(F63:F64) -> 0 | G62: =SUM(G63:G64) -> 0 | H62: =SUM(H63:H64) -> 0 | I62: =SUM(I63:I64) -> 0 | J62: =SUM(J63:J64) -> 0 | K62: =SUM(K63:K64) -> 0
A63: 5059 | B63: 731100 | C63: Текуће донације од иностраних држава | E63: =SUM(F63:K63) -> 0
A64: 5060 | B64: 731200 | C64: Капиталне донације од иностраних држава | E64: =SUM(F64:K64) -> 0
A65: 5061 | B65: 732000 | C65: ДОНАЦИЈЕ И ПОМОЋИ ОД МЕЂУНАРОДНИХ ОРГАНИЗАЦИЈА (од 5062 до 5065) | D65: =SUM(D66:D69) -> 0 | E65: =SUM(F65:K65) -> 0 | F65: =SUM(F66:F69) -> 0 | G65: =SUM(G66:G69) -> 0 | H65: =SUM(H66:H69) -> 0 | I65: =SUM(I66:I69) -> 0 | J65: =SUM(J66:J69) -> 0 | K65: =SUM(K66:K69) -> 0
A66: 5062 | B66: 732100 | C66: Текуће донације од међународних организација | E66: =SUM(F66:K66) -> 0
A67: 5063 | B67: 732200 | C67: Капиталне донације од међународних организација | E67: =SUM(F67:K67) -> 0
A68: 5064 | B68: 732300 | C68: Текуће помоћи од ЕУ | E68: =SUM(F68:K68) -> 0
A69: 5065 | B69: 732400 | C69: Капиталне помоћи од ЕУ | E69: =SUM(F69:K69) -> 0
A70: 5066 | B70: 733000 | C70: ТРАНСФЕРИ ОД ДРУГИХ НИВОА ВЛАСТИ (5067 + 5068) | D70: =SUM(D71:D72) -> 0 | E70: =SUM(F70:K70) -> 0 | F70: =SUM(F71:F72) -> 0 | G70: =SUM(G71:G72) -> 0 | H70: =SUM(H71:H72) -> 0 | I70: =SUM(I71:I72) -> 0 | J70: =SUM(J71:J72) -> 0 | K70: =SUM(K71:K72) -> 0
A71: 5067 | B71: 733100 | C71: Текући трансфери од других нивоа власти | E71: =SUM(F71:K71) -> 0
A72: 5068 | B72: 733200 | C72: Капитални трансфери од других нивоа власти | E72: =SUM(F72:K72) -> 0
A73: 5069 | B73: 740000 | C73: ДРУГИ ПРИХОДИ (5070 + 5077 + 5082 + 5089 + 5092) | D73: =D74+D81+D86+D93+D96 -> 0 | E73: =SUM(F73:K73) -> 963 | F73: =F74+F81+F86+F93+F96 -> 0 | G73: =G74+G81+G86+G93+G96 -> 0 | H73: =H74+H81+H86+H93+H96 -> 0 | I73: =I74+I81+I86+I93+I96 -> 0 | J73: =J74+J81+J86+J93+J96 -> 0 | K73: =K74+K81+K86+K93+K96 -> 963
A74: 5070 | B74: 741000 | C74: ПРИХОДИ ОД ИМОВИНЕ (од 5071 до 5076) | D74: =SUM(D75:D80) -> 0 | E74: =SUM(F74:K74) -> 0 | F74: =SUM(F75:F80) -> 0 | G74: =SUM(G75:G80) -> 0 | H74: =SUM(H75:H80) -> 0 | I74: =SUM(I75:I80) -> 0 | J74: =SUM(J75:J80) -> 0 | K74: =SUM(K75:K80) -> 0
A75: 5071 | B75: 741100 | C75: Камате | E75: =SUM(F75:K75) -> 0
A76: 5072 | B76: 741200 | C76: Дивиденде | E76: =SUM(F76:K76) -> 0
A77: 5073 | B77: 741300 | C77: Повлачење прихода од квази корпорација | E77: =SUM(F77:K77) -> 0
A78: 5074 | B78: 741400 | C78: Приход од имовине који припада имаоцима полиса осигурања | E78: =SUM(F78:K78) -> 0
A79: 5075 | B79: 741500 | C79: Закуп непроизведене имовине | E79: =SUM(F79:K79) -> 0
A80: 5076 | B80: 741600 | C80: Финансијске промене на финансијским лизинзима | E80: =SUM(F80:K80) -> 0
A81: 5077 | B81: 742000 | C81: ПРИХОДИ ОД ПРОДАЈЕ ДОБАРА И УСЛУГА (од 5078 до 5081) | D81: =SUM(D82:D85) -> 0 | E81: =SUM(F81:K81) -> 963 | F81: =SUM(F82:F85) -> 0 | G81: =SUM(G82:G85) -> 0 | H81: =SUM(H82:H85) -> 0 | I81: =SUM(I82:I85) -> 0 | J81: =SUM(J82:J85) -> 0 | K81: =SUM(K82:K85) -> 963
A82: 5078 | B82: 742100 | C82: Приходи од продаје добара и услуга или закупа од стране тржишних организација | E82: =SUM(F82:K82) -> 0
A83: 5079 | B83: 742200 | C83: Таксе и накнаде | E83: =SUM(F83:K83) -> 0
A84: 5080 | B84: 742300 | C84: Споредне продаје добара и услуга које врше државне нетржишне јединице | E84: =SUM(F84:K84) -> 963 | K84: 963
A85: 5081 | B85: 742400 | C85: Импутиране продаје добара и услуга | E85: =SUM(F85:K85) -> 0
A86: 5082 | B86: 743000 | C86: НОВЧАНЕ КАЗНЕ И ОДУЗЕТА ИМОВИНСКА КОРИСТ (од 5083 до 5088) | D86: =SUM(D87:D92) -> 0 | E86: =SUM(F86:K86) -> 0 | F86: =SUM(F87:F92) -> 0 | G86: =SUM(G87:G92) -> 0 | H86: =SUM(H87:H92) -> 0 | I86: =SUM(I87:I92) -> 0 | J86: =SUM(J87:J92) -> 0 | K86: =SUM(K87:K92) -> 0
A87: 5083 | B87: 743100 | C87: Приходи од новчаних казни за кривична дела | E87: =SUM(F87:K87) -> 0
A88: 5084 | B88: 743200 | C88: Приходи од новчаних казни за привредне преступе | E88: =SUM(F88:K88) -> 0
A89: 5085 | B89: 743300 | C89: Приходи од новчаних казни за прекршаје | E89: =SUM(F89:K89) -> 0
A90: 5086 | B90: 743400 | C90: Приходи од пенала | E90: =SUM(F90:K90) -> 0
A91: 5087 | B91: 743500 | C91: Приходи од одузете имовинске користи | E91: =SUM(F91:K91) -> 0
A92: 5088 | B92: 743900 | C92: Остале новчане казне, пенали и приходи од одузете имовинске користи | E92: =SUM(F92:K92) -> 0
A93: 5089 | B93: 744000 | C93: ДОБРОВОЉНИ ТРАНСФЕРИ ОД ФИЗИЧКИХ И ПРАВНИХ ЛИЦА (5090 + 5091) | D93: =SUM(D94:D95) -> 0 | E93: =SUM(F93:K93) -> 0 | F93: =SUM(F94:F95) -> 0 | G93: =SUM(G94:G95) -> 0 | H93: =SUM(H94:H95) -> 0 | I93: =SUM(I94:I95) -> 0 | J93: =SUM(J94:J95) -> 0 | K93: =SUM(K94:K95) -> 0
A94: 5090 | B94: 744100 | C94: Текући добровољни трансфери од физичких и правних лица | E94: =SUM(F94:K94) -> 0
A95: 5091 | B95: 744200 | C95: Капитални добровољни трансфери од физичких и правних лица | E95: =SUM(F95:K95) -> 0
A96: 5092 | B96: 745000 | C96: МЕШОВИТИ И НЕОДРЕЂЕНИ ПРИХОДИ (5093) | D96: =D97 -> 0 | E96: =SUM(F96:K96) -> 0 | F96: =F97 -> 0 | G96: =G97 -> 0 | H96: =H97 -> 0 | I96: =I97 -> 0 | J96: =J97 -> 0 | K96: =K97 -> 0
A97: 5093 | B97: 745100 | C97: Мешовити и неодређени приходи | E97: =SUM(F97:K97) -> 0
A98: 5094 | B98: 770000 | C98: МЕМОРАНДУМСКЕ СТАВКЕ ЗА РЕФУНДАЦИЈУ РАСХОДА (5095 + 5097) | D98: =D99+D101 -> 0 | E98: =SUM(F98:K98) -> 21 | F98: =F99+F101 -> 0 | G98: =G99+G101 -> 0 | H98: =H99+H101 -> 0 | I98: =I99+I101 -> 21 | J98: =J99+J101 -> 0 | K98: =K99+K101 -> 0
A99: 5095 | B99: 771000 | C99: МЕМОРАНДУМСКЕ СТАВКЕ ЗА РЕФУНДАЦИЈУ РАСХОДА (5096) | D99: =D100 -> 0 | E99: =SUM(F99:K99) -> 21 | F99: =F100 -> 0 | G99: =G100 -> 0 | H99: =H100 -> 0 | I99: =I100 -> 21 | J99: =J100 -> 0 | K99: =K100 -> 0
A100: 5096 | B100: 771100 | C100: Меморандумске ставке за рефундацију расхода | E100: =SUM(F100:K100) -> 21 | I100: 21
...

Sheet StObr5
BG1: Образац 5
A2: ПОПУЊАВА УПРАВА ЗА ТРЕЗОР - ФИЛИЈАЛА
A3: 7 | B3: 5 | C3: 5 | F3: =IF(LEN(Podaci!M2) > 4, MID(RIGHT(Podaci!$M$2,5),1,1),0) -> 0 | G3: =IF(LEN(Podaci!M2) > 3, MID(RIGHT(Podaci!$M$2,4),1,1),0) -> 0 | H3: =IF(LEN(Podaci!M2) > 2, MID(RIGHT(Podaci!$M$2,3),1,1),0) -> 9 | I3: =MID(RIGHT(Podaci!$M$2,2),1,1) -> 3 | J3: =MID(RIGHT(Podaci!$M$2,1),1,1) -> 8 | L3: =IF(LEN(Podaci!Z7) > 7, MID(RIGHT(Podaci!$Z$7,8),1,1),0) -> 0 | M3: =IF(LEN(Podaci!Z7) > 6, MID(RIGHT(Podaci!$Z$7,7),1,1),0) -> 7 | N3: =MID(RIGHT(Podaci!$Z$7,6),1,1) -> 3 | O3: =MID(RIGHT(Podaci!$Z$7,5),1,1) -> 4 | P3: =MID(RIGHT(Podaci!$Z$7,4),1,1) -> 8 | Q3: =MID(RIGHT(Podaci!$Z$7,3),1,1) -> 1 | R3: =MID(RIGHT(Podaci!$Z$7,2),1,1) -> 6 | S3: =MID(RIGHT(Podaci!$Z$7,1),1,1) -> 9
A4: 1 | B4: 2 | C4: 3 | E4: 4 | F4: 5 | G4: 6 | H4: 7 | I4: 8 | J4: 9 | L4: 10 | M4: 11 | N4: 12 | O4: 13 | P4: 14 | Q4: 15 | R4: 16 | S4: 17 | U4: 18 | V4: 19 | W4: 20 | X4: 21 | Y4: 22 | AA4: 23 | AB4: 24 | AC4: 25 | AD4: 26 | AE4: 27 | AG4: 28 | AI4: 29 | AJ4: 30 | AK4: 31 | AL4: 32 | AM4: 33 | AN4: 34 | AO4: 35 | AP4: 36 | AQ4: 37 | AR4: 38
A5: Врста посла | E5: Јединствени број КБС | U5: Седиште УТ | AA5: Надлежни директни КБС
B8: НАЗИВ КОРИСНИКА БУЏЕТСКИХ СРЕДСТАВА
B9: =Podaci!B5 -> О.Ш.ВУК КАРАЏИЋ
B11: СЕДИШТЕ | H11: =Podaci!H7 -> СМ.ПАЛАНКА | R11: МАТИЧНИ БРОЈ | Z11: =Podaci!Z7 -> 07348169
B13: ПИБ | E13: =Podaci!E9 -> 101619041 | R13: БРОЈ ПОДРАЧУНА | Z13: =Podaci!AA9 -> 840-834660-09
B15: НАЗИВ НАДЛЕЖНОГ ДИРЕКТНОГ КОРИСНИКА БУЏЕТСКИХ СРЕДСТАВА
B16: =Podaci!B12 -> МИНИСТАРСТВО ПРОСВЕТЕ ,НАУКЕ И ТЕХНОЛОШКОГ РАЗВОЈА
B17: (Попуњава само индиректни корисник буџетских средстава)
J20: ИЗВЕШТАЈ О ИЗВРШЕЊУ БУЏЕТА
M21: у периоду од | S21: =Podaci!D17 -> 01.01.2021 | X21: до | Y21: =Podaci!D18 -> 31.12.2021 | AC21: године
A23: I. УКУПНИ ПРИХОДИ И ПРИМАЊА
BL24: (У хиљадама динара)
A25: Ознака ОП | D25: Број конта | H25: Опис | Y25: Износ планираних прихода и примања | AD25: Износ остварених прихода и примања
AD26: Укупно (од 6 до 11) | AJ26: Приходи и примања из буџета | BC26: Из донација и помоћи | BH26: Из осталих извора
AJ27: Републике | AO27: Аутономне покрајине | AT27: Општине / града | AY27: ООСО
A29: 1 | D29: 2 | H29: 3 | Y29: 4 | AD29: 5 | AJ29: 6 | AO29: 7 | AT29: 8 | AY29: 9 | BC29: 10 | BH29: 11
A30: 5001 | H30: ТЕКУЋИ ПРИХОДИ И ПРИМАЊА ОД ПРОДАЈЕ НЕФИНАНСИЈСКЕ ИМОВИНЕ (5002 + 5106) | Y30: =UnObr5!D5 -> 0 | AD30: =UnObr5!E5 -> 56730 | AJ30: =UnObr5!F5 -> 44285 | AO30: =UnObr5!G5 -> 0 | AT30: =UnObr5!H5 -> 11461 | AY30: =UnObr5!I5 -> 21 | BC30: =UnObr5!J5 -> 0 | BH30: =UnObr5!K5 -> 963
A31: 5002 | D31: 700000 | H31: ТЕКУЋИ ПРИХОДИ (5003 + 5047 + 5057 + 5069 + 5094 + 5099 + 5103) | Y31: =UnObr5!D6 -> 0 | AD31: =UnObr5!E6 -> 56730 | AJ31: =UnObr5!F6 -> 44285 | AO31: =UnObr5!G6 -> 0 | AT31: =UnObr5!H6 -> 11461 | AY31: =UnObr5!I6 -> 21 | BC31: =UnObr5!J6 -> 0 | BH31: =UnObr5!K6 -> 963
A32: 5003 | D32: 710000 | H32: ПОРЕЗИ (5004 + 5008 + 5010 + 5017 + 5023 + 5030 + 5033 + 5040) | Y32: =UnObr5!D7 -> 0 | AD32: =UnObr5!E7 -> 0 | AJ32: =UnObr5!F7 -> 0 | AO32: =UnObr5!G7 -> 0 | AT32: =UnObr5!H7 -> 0 | AY32: =UnObr5!I7 -> 0 | BC32: =UnObr5!J7 -> 0 | BH32: =UnObr5!K7 -> 0
A33: 5004 | D33: 711000 | H33: ПОРЕЗ НА ДОХОДАК, ДОБИТ И КАПИТАЛНЕ ДОБИТКЕ (од 5005 до 5007) | Y33: =UnObr5!D8 -> 0 | AD33: =UnObr5!E8 -> 0 | AJ33: =UnObr5!F8 -> 0 | AO33: =UnObr5!G8 -> 0 | AT33: =UnObr5!H8 -> 0 | AY33: =UnObr5!I8 -> 0 | BC33: =UnObr5!J8 -> 0 | BH33: =UnObr5!K8 -> 0
A34: 5005 | D34: 711100 | H34: Порези на доходак и капиталнe добиткe које плаћају физичка лица | Y34: =UnObr5!D9 -> 0 | AD34: =UnObr5!E9 -> 0 | AJ34: =UnObr5!F9 -> 0 | AO34: =UnObr5!G9 -> 0 | AT34: =UnObr5!H9 -> 0 | AY34: =UnObr5!I9 -> 0 | BC34: =UnObr5!J9 -> 0 | BH34: =UnObr5!K9 -> 0
A35: Ознака ОП | D35: Број конта | H35: Опис | Y35: Износ планираних прихода и примања | AD35: Износ остварених прихода и примања
AD36: Укупно (од 6 до 11) | AJ36: Приходи и примања из буџета | BC36: Из донација и помоћи | BH36: Из осталих извора
AJ37: Републике | AO37: Аутономне покрајине | AT37: Општине / града | AY37: ООСО
A39: 1 | D39: 2 | H39: 3 | Y39: 4 | AD39: 5 | AJ39: 6 | AO39: 7 | AT39: 8 | AY39: 9 | BC39: 10 | BH39: 11
A40: 5006 | D40: 711200 | H40: Порези на добит и капиталне добитке које плаћају предузећа и друга правна лица | Y40: =UnObr5!D10 -> 0 | AD40: =UnObr5!E10 -> 0 | AJ40: =UnObr5!F10 -> 0 | AO40: =UnObr5!G10 -> 0 | AT40: =UnObr5!H10 -> 0 | AY40: =UnObr5!I10 -> 0 | BC40: =UnObr5!J10 -> 0 | BH40: =UnObr5!K10 -> 0
A41: 5007 | D41: 711300 | H41: Порези на доходак, добит и капиталне добитке који се не могу разврстати између физичких и правних лица | Y41: =UnObr5!D11 -> 0 | AD41: =UnObr5!E11 -> 0 | AJ41: =UnObr5!F11 -> 0 | AO41: =UnObr5!G11 -> 0 | AT41: =UnObr5!H11 -> 0 | AY41: =UnObr5!I11 -> 0 | BC41: =UnObr5!J11 -> 0 | BH41: =UnObr5!K11 -> 0
A42: 5008 | D42: 712000 | H42: ПОРЕЗ НА ФОНД ЗАРАДА (5009) | Y42: =UnObr5!D12 -> 0 | AD42: =UnObr5!E12 -> 0 | AJ42: =UnObr5!F12 -> 0 | AO42: =UnObr5!G12 -> 0 | AT42: =UnObr5!H12 -> 0 | AY42: =UnObr5!I12 -> 0 | BC42: =UnObr5!J12 -> 0 | BH42: =UnObr5!K12 -> 0
A43: 5009 | D43: 712100 | H43: Порез на фонд зарада | Y43: =UnObr5!D13 -> 0 | AD43: =UnObr5!E13 -> 0 | AJ43: =UnObr5!F13 -> 0 | AO43: =UnObr5!G13 -> 0 | AT43: =UnObr5!H13 -> 0 | AY43: =UnObr5!I13 -> 0 | BC43: =UnObr5!J13 -> 0 | BH43: =UnObr5!K13 -> 0
A44: 5010 | D44: 713000 | H44: ПОРЕЗ НА ИМОВИНУ (од 5011 до 5016) | Y44: =UnObr5!D14 -> 0 | AD44: =UnObr5!E14 -> 0 | AJ44: =UnObr5!F14 -> 0 | AO44: =UnObr5!G14 -> 0 | AT44: =UnObr5!H14 -> 0 | AY44: =UnObr5!I14 -> 0 | BC44: =UnObr5!J14 -> 0 | BH44: =UnObr5!K14 -> 0
A45: 5011 | D45: 713100 | H45: Периодични порези на непокретности | Y45: =UnObr5!D15 -> 0 | AD45: =UnObr5!E15 -> 0 | AJ45: =UnObr5!F15 -> 0 | AO45: =UnObr5!G15 -> 0 | AT45: =UnObr5!H15 -> 0 | AY45: =UnObr5!I15 -> 0 | BC45: =UnObr5!J15 -> 0 | BH45: =UnObr5!K15 -> 0
A46: 5012 | D46: 713200 | H46: Периодични порези на нето имовину | Y46: =UnObr5!D16 -> 0 | AD46: =UnObr5!E16 -> 0 | AJ46: =UnObr5!F16 -> 0 | AO46: =UnObr5!G16 -> 0 | AT46: =UnObr5!H16 -> 0 | AY46: =UnObr5!I16 -> 0 | BC46: =UnObr5!J16 -> 0 | BH46: =UnObr5!K16 -> 0
A47: 5013 | D47: 713300 | H47: Порези на заоставштину, наслеђе и поклон | Y47: =UnObr5!D17 -> 0 | AD47: =UnObr5!E17 -> 0 | AJ47: =UnObr5!F17 -> 0 | AO47: =UnObr5!G17 -> 0 | AT47: =UnObr5!H17 -> 0 | AY47: =UnObr5!I17 -> 0 | BC47: =UnObr5!J17 -> 0 | BH47: =UnObr5!K17 -> 0
A48: 5014 | D48: 713400 | H48: Порези на финансијске и капиталне трансакције | Y48: =UnObr5!D18 -> 0 | AD48: =UnObr5!E18 -> 0 | AJ48: =UnObr5!F18 -> 0 | AO48: =UnObr5!G18 -> 0 | AT48: =UnObr5!H18 -> 0 | AY48: =UnObr5!I18 -> 0 | BC48: =UnObr5!J18 -> 0 | BH48: =UnObr5!K18 -> 0
A49: 5015 | D49: 713500 | H49: Други једнократни порези на имовину | Y49: =UnObr5!D19 -> 0 | AD49: =UnObr5!E19 -> 0 | AJ49: =UnObr5!F19 -> 0 | AO49: =UnObr5!G19 -> 0 | AT49: =UnObr5!H19 -> 0 | AY49: =UnObr5!I19 -> 0 | BC49: =UnObr5!J19 -> 0 | BH49: =UnObr5!K19 -> 0
A50: 5016 | D50: 713600 | H50: Други периодични порези на имовину | Y50: =UnObr5!D20 -> 0 | AD50: =UnObr5!E20 -> 0 | AJ50: =UnObr5!F20 -> 0 | AO50: =UnObr5!G20 -> 0 | AT50: =UnObr5!H20 -> 0 | AY50: =UnObr5!I20 -> 0 | BC50: =UnObr5!J20 -> 0 | BH50: =UnObr5!K20 -> 0
A51: 5017 | D51: 714000 | H51: ПОРЕЗ НА ДОБРА И УСЛУГЕ (од 5018 до 5022) | Y51: =UnObr5!D21 -> 0 | AD51: =UnObr5!E21 -> 0 | AJ51: =UnObr5!F21 -> 0 | AO51: =UnObr5!G21 -> 0 | AT51: =UnObr5!H21 -> 0 | AY51: =UnObr5!I21 -> 0 | BC51: =UnObr5!J21 -> 0 | BH51: =UnObr5!K21 -> 0
... A61: 5027 | D61: 715400 | H61: Добит по основу разлике између куповног и продајног девизног курса | Y61: =UnObr5!D31 -> 0 | AD61: =UnObr5!E31 -> 0 | AJ61: =UnObr5!F31 -> 0 | AO61: =UnObr5!G31 -> 0 | AT61: =UnObr5!H31 -> 0 | AY61: =UnObr5!I31 -> 0 | BC61: =UnObr5!J31 -> 0 | BH61: =UnObr5!K31 -> 0
A62: Ознака ОП | D62: Број конта | H62: Опис | Y62: Износ планираних прихода и примања | AD62: Износ остварених прихода и примања
AD63: Укупно (од 6 до 11) | AJ63: Приходи и примања из буџета | BC63: Из донација и помоћи | BH63: Из осталих извора
AJ64: Републике | AO64: Аутономне покрајине | AT64: Општине / града | AY64: ООСО
A66: 1 | D66: 2 | H66: 3 | Y66: 4 | AD66: 5 | AJ66: 6 | AO66: 7 | AT66: 8 | AY66: 9 | BC66: 10 | BH66: 11
A67: 5028 | D67: 715500 | H67: Порези на продају или куповину девиза | Y67: =UnObr5!D32 -> 0 | AD67: =UnObr5!E32 -> 0 | AJ67: =UnObr5!F32 -> 0 | AO67: =UnObr5!G32 -> 0 | AT67: =UnObr5!H32 -> 0 | AY67: =UnObr5!I32 -> 0 | BC67: =UnObr5!J32 -> 0 | BH67: =UnObr5!K32 -> 0
A68: 5029 | D68: 715600 | H68: Други порези на међународну трговину и трансакције | Y68: =UnObr5!D33 -> 0 | AD68: =UnObr5!E33 -> 0 | AJ68: =UnObr5!F33 -> 0 | AO68: =UnObr5!G33 -> 0 | AT68: =UnObr5!H33 -> 0 | AY68: =UnObr5!I33 -> 0 | BC68: =UnObr5!J33 -> 0 | BH68: =UnObr5!K33 -> 0
A69: 5030 | D69: 716000 | H69: ДРУГИ ПОРЕЗИ (5031 + 5032) | Y69: =UnObr5!D34 -> 0 | AD69: =UnObr5!E34 -> 0 | AJ69: =UnObr5!F34 -> 0 | AO69: =UnObr5!G34 -> 0 | AT69: =UnObr5!H34 -> 0 | AY69: =UnObr5!I34 -> 0 | BC69: =UnObr5!J34 -> 0 | BH69: =UnObr5!K34 -> 0
A70: 5031 | D70: 716100 | H70: Други порези које искључиво плаћају предузећа, односно предузетници | Y70: =UnObr5!D35 -> 0 | AD70: =UnObr5!E35 -> 0 | AJ70: =UnObr5!F35 -> 0 | AO70: =UnObr5!G35 -> 0 | AT70: =UnObr5!H35 -> 0 | AY70: =UnObr5!I35 -> 0 | BC70: =UnObr5!J35 -> 0 | BH70: =UnObr5!K35 -> 0
A71: 5032 | D71: 716200 | H71: Други порези које плаћају остала лица или који се не могу идентификовати | Y71: =UnObr5!D36 -> 0 | AD71: =UnObr5!E36 -> 0 | AJ71: =UnObr5!F36 -> 0 | AO71: =UnObr5!G36 -> 0 | AT71: =UnObr5!H36 -> 0 | AY71: =UnObr5!I36 -> 0 | BC71: =UnObr5!J36 -> 0 | BH71: =UnObr5!K36 -> 0
A72: 5033 | D72: 717000 | H72: АКЦИЗЕ (од 5034 до 5039) | Y72: =UnObr5!D37 -> 0 | AD72: =UnObr5!E37 -> 0 | AJ72: =UnObr5!F37 -> 0 | AO72: =UnObr5!G37 -> 0 | AT72: =UnObr5!H37 -> 0 | AY72: =UnObr5!I37 -> 0 | BC72: =UnObr5!J37 -> 0 | BH72: =UnObr5!K37 -> 0
A73: 5034 | D73: 717100 | H73: Акцизе на деривате нафте | Y73: =UnObr5!D38 -> 0 | AD73: =UnObr5!E38 -> 0 | AJ73: =UnObr5!F38 -> 0 | AO73: =UnObr5!G38 -> 0 | AT73: =UnObr5!H38 -> 0 | AY73: =UnObr5!I38 -> 0 | BC73: =UnObr5!J38 -> 0 | BH73: =UnObr5!K38 -> 0
A74: 5035 | D74: 717200 | H74: Акцизе на дуванске прерађевине | Y74: =UnObr5!D39 -> 0 | AD74: =UnObr5!E39 -> 0 | AJ74: =UnObr5!F39 -> 0 | AO74: =UnObr5!G39 -> 0 | AT74: =UnObr5!H39 -> 0 | AY74: =UnObr5!I39 -> 0 | BC74: =UnObr5!J39 -> 0 | BH74: =UnObr5!K39 -> 0
A75: 5036 | D75: 717300 | H75: Акцизе на алкохолна пића | Y75: =UnObr5!D40 -> 0 | AD75: =UnObr5!E40 -> 0 | AJ75: =UnObr5!F40 -> 0 | AO75: =UnObr5!G40 -> 0 | AT75: =UnObr5!H40 -> 0 | AY75: =UnObr5!I40 -> 0 | BC75: =UnObr5!J40 -> 0 | BH75: =UnObr5!K40 -> 0
A76: 5037 | D76: 717400 | H76: Акцизе на освежавајућа безалкохолна пића | Y76: =UnObr5!D41 -> 0 | AD76: =UnObr5!E41 -> 0 | AJ76: =UnObr5!F41 -> 0 | AO76: =UnObr5!G41 -> 0 | AT76: =UnObr5!H41 -> 0 | AY76: =UnObr5!I41 -> 0 | BC76: =UnObr5!J41 -> 0 | BH76: =UnObr5!K41 -> 0
A77: 5038 | D77: 717500 | H77: Акциза на кафу | Y77: =UnObr5!D42 -> 0 | AD77: =UnObr5!E42 -> 0 | AJ77: =UnObr5!F42 -> 0 | AO77: =UnObr5!G42 -> 0 | AT77: =UnObr5!H42 -> 0 | AY77: =UnObr5!I42 -> 0 | BC77: =UnObr5!J42 -> 0 | BH77: =UnObr5!K42 -> 0
A78: 5039 | D78: 717600 | H78: Друге акцизе | Y78: =UnObr5!D43 -> 0 | AD78: =UnObr5!E43 -> 0 | AJ78: =UnObr5!F43 -> 0 | AO78: =UnObr5!G43 -> 0 | AT78: =UnObr5!H43 -> 0 | AY78: =UnObr5!I43 -> 0 | BC78: =UnObr5!J43 -> 0 | BH78: =UnObr5!K43 -> 0
... A87: 5048 | D87: 721000 | H87: ДОПРИНОСИ ЗА СОЦИЈАЛНО ОСИГУРАЊЕ (од 5049 до 5052) | Y87: =UnObr5!D52 -> 0 | AD87: =UnObr5!E52 -> 0 | AJ87: =UnObr5!F52 -> 0 | AO87: =UnObr5!G52 -> 0 | AT87: =UnObr5!H52 -> 0 | AY87: =UnObr5!I52 -> 0 | BC87: =UnObr5!J52 -> 0 | BH87: =UnObr5!K52 -> 0
A88: Ознака ОП | D88: Број конта | H88: Опис | Y88: Износ планираних прихода и примања | AD88: Износ остварених прихода и примања
AD89: Укупно (од 6 до 11) | AJ89: Приходи и примања из буџета | BC89: Из донација и помоћи | BH89: Из осталих извора
AJ90: Републике | AO90: Аутономне покрајине | AT90: Општине / града | AY90: ООСО
A92: 1 | D92: 2 | H92: 3 | Y92: 4 | AD92: 5 | AJ92: 6 | AO92: 7 | AT92: 8 | AY92: 9 | BC92: 10 | BH92: 11
A93: 5049 | D93: 721100 | H93: Доприноси за социјално осигурање на терет запослених | Y93: =UnObr5!D53 -> 0 | AD93: =UnObr5!E53 -> 0 | AJ93: =UnObr5!F53 -> 0 | AO93: =UnObr5!G53 -> 0 | AT93: =UnObr5!H53 -> 0 | AY93: =UnObr5!I53 -> 0 | BC93: =UnObr5!J53 -> 0 | BH93: =UnObr5!K53 -> 0
A94: 5050 | D94: 721200 | H94: Доприноси за социјално осигурање на терет послодавца | Y94: =UnObr5!D54 -> 0 | AD94: =UnObr5!E54 -> 0 | AJ94: =UnObr5!F54 -> 0 | AO94: =UnObr5!G54 -> 0 | AT94: =UnObr5!H54 -> 0 | AY94: =UnObr5!I54 -> 0 | BC94: =UnObr5!J54 -> 0 | BH94: =UnObr5!K54 -> 0
A95: 5051 | D95: 721300 | H95: Доприноси за социјално осигурање лица која обављају самосталну делатност и незапослених лица | Y95: =UnObr5!D55 -> 0 | AD95: =UnObr5!E55 -> 0 | AJ95: =UnObr5!F55 -> 0 | AO95: =UnObr5!G55 -> 0 | AT95: =UnObr5!H55 -> 0 | AY95: =UnObr5!I55 -> 0 | BC95: =UnObr5!J55 -> 0 | BH95: =UnObr5!K55 -> 0
A96: 5052 | D96: 721400 | H96: Доприноси за социјално осигурање који се не могу разврстати | Y96: =UnObr5!D56 -> 0 | AD96: =UnObr5!E56 -> 0 | AJ96: =UnObr5!F56 -> 0 | AO96: =UnObr5!G56 -> 0 | AT96: =UnObr5!H56 -> 0 | AY96: =UnObr5!I56 -> 0 | BC96: =UnObr5!J56 -> 0 | BH96: =UnObr5!K56 -> 0
A97: 5053 | D97: 722000 | H97: ОСТАЛИ СОЦИЈАЛНИ ДОПРИНОСИ (од 5054 до 5056) | Y97: =UnObr5!D57 -> 0 | AD97: =UnObr5!E57 -> 0 | AJ97: =UnObr5!F57 -> 0 | AO97: =UnObr5!G57 -> 0 | AT97: =UnObr5!H57 -> 0 | AY97: =UnObr5!I57 -> 0 | BC97: =UnObr5!J57 -> 0 | BH97: =UnObr5!K57 -> 0
A98: 5054 | D98: 722100 | H98: Социјални доприноси на терет осигураника | Y98: =UnObr5!D58 -> 0 | AD98: =UnObr5!E58 -> 0 | AJ98: =UnObr5!F58 -> 0 | AO98: =UnObr5!G58 -> 0 | AT98: =UnObr5!H58 -> 0 | AY98: =UnObr5!I58 -> 0 | BC98: =UnObr5!J58 -> 0 | BH98: =UnObr5!K58 -> 0
A99: 5055 | D99: 722200 | H99: Социјални доприноси на терет послодаваца | Y99: =UnObr5!D59 -> 0 | AD99: =UnObr5!E59 -> 0 | AJ99: =UnObr5!F59 -> 0 | AO99: =UnObr5!G59 -> 0 | AT99: =UnObr5!H59 -> 0 | AY99: =UnObr5!I59 -> 0 | BC99: =UnObr5!J59 -> 0 | BH99: =UnObr5!K59 -> 0
A100: 5056 | D100: 722300 | H100: Импутирани социјални доприноси | Y100: =UnObr5!D60 -> 0 | AD100: =UnObr5!E60 -> 0 | AJ100: =UnObr5!F60 -> 0 | AO100: =UnObr5!G60 -> 0 | AT100: =UnObr5!H60 -> 0 | AY100: =UnObr5!I60 -> 0 | BC100: =UnObr5!J60 -> 0 | BH100: =UnObr5!K60 -> 0
A101: 5057 | D101: 730000 | H101: ДОНАЦИЈЕ, ПОМОЋИ И ТРАНСФЕРИ (5058 + 5061 + 5066) | Y101: =UnObr5!D61 -> 0 | AD101: =UnObr5!E61 -> 0 | AJ101: =UnObr5!F61 -> 0 | AO101: =UnObr5!G61 -> 0 | AT101: =UnObr5!H61 -> 0 | AY101: =UnObr5!I61 -> 0 | BC101: =UnObr5!J61 -> 0 | BH101: =UnObr5!K61 -> 0
A102: 5058 | D102: 731000 | H102: ДОНАЦИЈЕ ОД ИНОСТРАНИХ ДРЖАВА (5059 + 5060) | Y102: =UnObr5!D62 -> 0 | AD102: =UnObr5!E62 -> 0 | AJ102: =UnObr5!F62 -> 0 | AO102: =UnObr5!G62 -> 0 | AT102: =UnObr5!H62 -> 0 | AY102: =UnObr5!I62 -> 0 | BC102: =UnObr5!J62 -> 0 | BH102: =UnObr5!K62 -> 0
A103: 5059 | D103: 731100 | H103: Текуће донације од иностраних држава | Y103: =UnObr5!D63 -> 0 | AD103: =UnObr5!E63 -> 0 | AJ103: =UnObr5!F63 -> 0 | AO103: =UnObr5!G63 -> 0 | AT103: =UnObr5!H63 -> 0 | AY103: =UnObr5!I63 -> 0 | BC103: =UnObr5!J63 -> 0 | BH103: =UnObr5!K63 -> 0
A104: 5060 | D104: 731200 | H104: Капиталне донације од иностраних држава | Y104: =UnObr5!D64 -> 0 | AD104: =UnObr5!E64 -> 0 | AJ104: =UnObr5!F64 -> 0 | AO104: =UnObr5!G64 -> 0 | AT104: =UnObr5!H64 -> 0 | AY104: =UnObr5!I64 -> 0 | BC104: =UnObr5!J64 -> 0 | BH104: =UnObr5!K64 -> 0
... A116: 5072 | D116: 741200 | H116: Дивиденде | Y116: =UnObr5!D76 -> 0 | AD116: =UnObr5!E76 -> 0 | AJ116: =UnObr5!F76 -> 0 | AO116: =UnObr5!G76 -> 0 | AT116: =UnObr5!H76 -> 0 | AY116: =UnObr5!I76 -> 0 | BC116: =UnObr5!J76 -> 0 | BH116: =UnObr5!K76 -> 0
A117: Ознака ОП | D117: Број конта | H117: Опис | Y117: Износ планираних прихода и примања | AD117: Износ остварених прихода и примања
AD118: Укупно (од 6 до 11) | AJ118: Приходи и примања из буџета | BC118: Из донација и помоћи | BH118: Из осталих извора
AJ119: Републике | AO119: Аутономне покрајине | AT119: Општине / града | AY119: ООСО
A121: 1 | D121: 2 | H121: 3 | Y121: 4 | AD121: 5 | AJ121: 6 | AO121: 7 | AT121: 8 | AY121: 9 | BC121: 10 | BH121: 11
A122: 5073 | D122: 741300 | H122: Повлачење прихода од квази корпорација | Y122: =UnObr5!D77 -> 0 | AD122: =UnObr5!E77 -> 0 | AJ122: =UnObr5!F77 -> 0 | AO122: =UnObr5!G77 -> 0 | AT122: =UnObr5!H77 -> 0 | AY122: =UnObr5!I77 -> 0 | BC122: =UnObr5!J77 -> 0 | BH122: =UnObr5!K77 -> 0
A123: 5074 | D123: 741400 | H123: Приход од имовине који припада имаоцима полиса осигурања | Y123: =UnObr5!D78 -> 0 | AD123: =UnObr5!E78 -> 0 | AJ123: =UnObr5!F78 -> 0 | AO123: =UnObr5!G78 -> 0 | AT123: =UnObr5!H78 -> 0 | AY123: =UnObr5!I78 -> 0 | BC123: =UnObr5!J78 -> 0 | BH123: =UnObr5!K78 -> 0
A124: 5075 | D124: 741500 | H124: Закуп непроизведене имовине | Y124: =UnObr5!D79 -> 0 | AD124: =UnObr5!E79 -> 0 | AJ124: =UnObr5!F79 -> 0 | AO124: =UnObr5!G79 -> 0 | AT124: =UnObr5!H79 -> 0 | AY124: =UnObr5!I79 -> 0 | BC124: =UnObr5!J79 -> 0 | BH124: =UnObr5!K79 -> 0
A125: 5076 | D125: 741600 | H125: Финансијске промене на финансијским лизинзима | Y125: =UnObr5!D80 -> 0 | AD125: =UnObr5!E80 -> 0 | AJ125: =UnObr5!F80 -> 0 | AO125: =UnObr5!G80 -> 0 | AT125: =UnObr5!H80 -> 0 | AY125: =UnObr5!I80 -> 0 | BC125: =UnObr5!J80 -> 0 | BH125: =UnObr5!K80 -> 0
A126: 5077 | D126: 742000 | H126: ПРИХОДИ ОД ПРОДАЈЕ ДОБАРА И УСЛУГА (од 5078 до 5081) | Y126: =UnObr5!D81 -> 0 | AD126: =UnObr5!E81 -> 963 | AJ126: =UnObr5!F81 -> 0 | AO126: =UnObr5!G81 -> 0 | AT126: =UnObr5!H81 -> 0 | AY126: =UnObr5!I81 -> 0 | BC126: =UnObr5!J81 -> 0 | BH126: =UnObr5!K81 -> 963
A127: 5078 | D127: 742100 | H127: Приходи од продаје добара и услуга или закупа од стране тржишних организација | Y127: =UnObr5!D82 -> 0 | AD127: =UnObr5!E82 -> 0 | AJ127: =UnObr5!F82 -> 0 | AO127: =UnObr5!G82 -> 0 | AT127: =UnObr5!H82 -> 0 | AY127: =UnObr5!I82 -> 0 | BC127: =UnObr5!J82 -> 0 | BH127: =UnObr5!K82 -> 0
A128: 5079 | D128: 742200 | H128: Таксе и накнаде | Y128: =UnObr5!D83 -> 0 | AD128: =UnObr5!E83 -> 0 | AJ128: =UnObr5!F83 -> 0 | AO128: =UnObr5!G83 -> 0 | AT128: =UnObr5!H83 -> 0 | AY128: =UnObr5!I83 -> 0 | BC128: =UnObr5!J83 -> 0 | BH128: =UnObr5!K83 -> 0
A129: 5080 | D129: 742300 | H129: Споредне продаје добара и услуга које врше државне нетржишне јединице | Y129: =UnObr5!D84 -> 0 | AD129: =UnObr5!E84 -> 963 | AJ129: =UnObr5!F84 -> 0 | AO129: =UnObr5!G84 -> 0 | AT129: =UnObr5!H84 -> 0 | AY129: =UnObr5!I84 -> 0 | BC129: =UnObr5!J84 -> 0 | BH129: =UnObr5!K84 -> 963
A130: 5081 | D130: 742400 | H130: Импутиране продаје добара и услуга | Y130: =UnObr5!D85 -> 0 | AD130: =UnObr5!E85 -> 0 | AJ130: =UnObr5!F85 -> 0 | AO130: =UnObr5!G85 -> 0 | AT130: =UnObr5!H85 -> 0 | AY130: =UnObr5!I85 -> 0 | BC130: =UnObr5!J85 -> 0 | BH130: =UnObr5!K85 -> 0
A131: 5082 | D131: 743000 | H131: НОВЧАНЕ КАЗНЕ И ОДУЗЕТА ИМОВИНСКА КОРИСТ (од 5083 до 5088) | Y131: =UnObr5!D86 -> 0 | AD131: =UnObr5!E86 -> 0 | AJ131: =UnObr5!F86 -> 0 | AO131: =UnObr5!G86 -> 0 | AT131: =UnObr5!H86 -> 0 | AY131: =UnObr5!I86 -> 0 | BC131: =UnObr5!J86 -> 0 | BH131: =UnObr5!K86 -> 0
A132: 5083 | D132: 743100 | H132: Приходи од новчаних казни за кривична дела | Y132: =UnObr5!D87 -> 0 | AD132: =UnObr5!E87 -> 0 | AJ132: =UnObr5!F87 -> 0 | AO132: =UnObr5!G87 -> 0 | AT132: =UnObr5!H87 -> 0 | AY132: =UnObr5!I87 -> 0 | BC132: =UnObr5!J87 -> 0 | BH132: =UnObr5!K87 -> 0
A133: 5084 | D133: 743200 | H133: Приходи од новчаних казни за привредне преступе | Y133: =UnObr5!D88 -> 0 | AD133: =UnObr5!E88 -> 0 | AJ133: =UnObr5!F88 -> 0 | AO133: =UnObr5!G88 -> 0 | AT133: =UnObr5!H88 -> 0 | AY133: =UnObr5!I88 -> 0 | BC133: =UnObr5!J88 -> 0 | BH133: =UnObr5!K88 -> 0
... A142: 5093 | D142: 745100 | H142: Мешовити и неодређени приходи | Y142: =UnObr5!D97 -> 0 | AD142: =UnObr5!E97 -> 0 | AJ142: =UnObr5!F97 -> 0 | AO142: =UnObr5!G97 -> 0 | AT142: =UnObr5!H97 -> 0 | AY142: =UnObr5!I97 -> 0 | BC142: =UnObr5!J97 -> 0 | BH142: =UnObr5!K97 -> 0
A143: Ознака ОП | D143: Број конта | H143: Опис | Y143: Износ планираних прихода и примања | AD143: Износ остварених прихода и примања
AD144: Укупно (од 6 до 11) | AJ144: Приходи и примања из буџета | BC144: Из донација и помоћи | BH144: Из осталих извора
AJ145: Републике | AO145: Аутономне покрајине | AT145: Општине / града | AY145: ООСО
A147: 1 | D147: 2 | H147: 3 | Y147: 4 | AD147: 5 | AJ147: 6 | AO147: 7 | AT147: 8 | AY147: 9 | BC147: 10 | BH147: 11
A148: 5094 | D148: 770000 | H148: МЕМОРАНДУМСКЕ СТАВКЕ ЗА РЕФУНДАЦИЈУ РАСХОДА (5095 + 5097) | Y148: =UnObr5!D98 -> 0 | AD148: =UnObr5!E98 -> 21 | AJ148: =UnObr5!F98 -> 0 | AO148: =UnObr5!G98 -> 0 | AT148: =UnObr5!H98 -> 0 | AY148: =UnObr5!I98 -> 21 | BC148: =UnObr5!J98 -> 0 | BH148: =UnObr5!K98 -> 0
A149: 5095 | D149: 771000 | H149: МЕМОРАНДУМСКЕ СТАВКЕ ЗА РЕФУНДАЦИЈУ РАСХОДА (5096) | Y149: =UnObr5!D99 -> 0 | AD149: =UnObr5!E99 -> 21 | AJ149: =UnObr5!F99 -> 0 | AO149: =UnObr5!G99 -> 0 | AT149: =UnObr5!H99 -> 0 | AY149: =UnObr5!I99 -> 21 | BC149: =UnObr5!J99 -> 0 | BH149: =UnObr5!K99 -> 0
A150: 5096 | D150: 771100 | H150: Меморандумске ставке за рефундацију расхода | Y150: =UnObr5!D100 -> 0 | AD150: =UnObr5!E100 -> 21 | AJ150: =UnObr5!F100 -> 0 | AO150: =UnObr5!G100 -> 0 | AT150: =UnObr5!H100 -> 0 | AY150: =UnObr5!I100 -> 21 | BC150: =UnObr5!J100 -> 0 | BH150: =UnObr5!K100 -> 0
...

Sheet Kontrole
A2: ЛОГИЧКЕ КОНТРОЛЕ ЗА ЗАВРШНИ РАЧУН
A4: ПРЕДХОДНА ГОДИНА | I4: ТЕКУЋА ГОДИНА
A6: 1072 | B6: = | C6: 1239 | J6: 1072 | K6: = | L6: 1239 | R6: 2132 | S6: = | T6: 4172 | U6: = | V6: 5173
A7: =UnObr1!D77 -> 0 | B7: = | C7: =UnObr1!F249 -> 0 | J7: =UnObr1!G77 -> 80082 | K7: = | L7: =UnObr1!G249 -> 80082 | R7: =UnObr2!E134 -> 56544 | S7: = | T7: =UnObr4!E174 -> 56544 | U7: = | V7: =UnObr5!E177 -> 56544
A9: 1073 | B9: = | C9: 1240 | J9: 1073 | K9: = | L9: 1240 | R9: 2300 | S9: = | T9: 3068 | U9: = | V9: 4340 | W9: = | X9: 5341
A10: =UnObr1!D78 -> 0 | B10: = | C10: =UnObr1!F250 -> 0 | J10: =UnObr1!G78 -> 0 | K10: = | L10: =UnObr1!G250 -> 0 | R10: =UnObr2!E302 -> 186 | S10: = | T10: =UnObr3!E70 -> 186 | U10: = | V10: =UnObr4!E342 -> 186 | W10: = | X10: =UnObr5!E345 -> 186
A12: 1229 | B12: = | C12: 2357 | J12: 1229 | K12: = | L12: 2357 | R12: 3114 | S12: = | T12: 4386 | U12: = | V12: 5387 | W12: = | X12: 5441
A13: =UnObr1!F238 -> 0 | B13: = | C13: =UnObr2!D360 -> 0 | J13: =UnObr1!G238 -> 0 | K13: = | L13: =UnObr2!E360 -> 0 | R13: =UnObr3!E116 -> 0 | S13: = | T13: =UnObr4!E388 -> 0 | U13: = | V13: =UnObr5!E391 -> 0 | W13: = | X13: =UnObr5!E445 -> 0
A15: 1230 | B15: = | C15: 2358 | J15: 1230 | K15: = | L15: 2358 | R15: 2001 | S15: = | T15: 5001 | U15: = | V15: 5436
A16: =UnObr1!F239 -> 0 | B16: = | C16: =UnObr2!D361 -> 0 | J16: =UnObr1!G239 -> 0 | K16: = | L16: =UnObr2!E361 -> 0 | R16: =UnObr2!E3 -> 56730 | S16: = | T16: =UnObr5!E5 -> 56730 | U16: = | V16: =UnObr5!E440 -> 56730
A18: 2002 | B18: = | C18: 4002 | J18: 2346 | K18: = | L18: 5438 | R18: 2131 | S18: = | T18: 5172 | U18: = | V18: 5437
A19: =UnObr2!D4 -> 0 | B19: = | C19: =UnObr4!D4 -> 0 | J19: =UnObr2!E349 -> 0 | K19: = | L19: =UnObr5!E442 -> 0 | R19: =UnObr2!E133 -> 56730 | S19: = | T19: =UnObr5!E176 -> 56730 | U19: = | V19: =UnObr5!E441 -> 56730
A21: 2106 | B21: = | C21: 3002 | D21: = | E21: 4106 | J21: 2347 | K21: = | L21: 5439 | R21: 4001 | S21: = | T21: 5171
A22: =UnObr2!D108 -> 0 | B22: = | C22: =UnObr3!D4 -> 0 | D22: = | E22: =UnObr4!D108 -> 0 | J22: =UnObr2!E350 -> 0 | K22: = | L22: =UnObr5!E443 -> 0 | R22: =UnObr4!E3 -> 56730 | S22: = | T22: =UnObr5!E175 -> 56730
A24: 3027 | B24: = | C24: 4131 | J24: 2002 | K24: = | L24: 4002 | M24: = | N24: 5002 | R24: 4171 | S24: = | T24: 5435
A25: =UnObr3!D29 -> 0 | B25: = | C25: =UnObr4!D133 -> 0 | J25: =UnObr2!E4 -> 56730 | K25: = | L25: =UnObr4!E4 -> 56730 | M25: = | N25: =UnObr5!E6 -> 56730 | R25: =UnObr4!E173 -> 56730 | S25: = | T25: =UnObr5!E439 -> 56730
A27: 2132 | B27: = | C27: 4172 | J27: 2106 | K27: = | L27: 3002 | M27: = | N27: 4106 | O27: = | P27: 5106 | R27: 4434 | S27: = | T27: 5444
A28: =UnObr2!D134 -> 0 | B28: = | C28: =UnObr4!D174 -> 0 | J28: =UnObr2!E108 -> 0 | K28: = | L28: =UnObr3!E4 -> 0 | M28: = | N28: =UnObr4!E108 -> 0 | O28: = | P28: =UnObr5!E110 -> 0 | R28: =UnObr4!E436 -> 0 | S28: = | T28: =UnObr5!E448 -> 0
A30: 2300 | B30: = | C30: 3068 | D30: = | E30: 4340 | J30: 3027 | K30: = | L30: 4131 | M30: = | N30: 5131 | O30: = | P30: 5440 | R30: 4435 | S30: = | T30: 5445
A31: =UnObr2!D302 -> 0 | B31: = | C31: =UnObr3!D70 -> 0 | D31: = | E31: =UnObr4!D342 -> 0 | J31: =UnObr3!E29 -> 0 | K31: = | L31: =UnObr4!E133 -> 0 | M31: = | N31: =UnObr5!E135 -> 0 | O31: = | P31: =UnObr5!E444 -> 0 | R31: =UnObr4!E437 -> 0 | S31: = | T31: =UnObr5!E449 -> 0
A33: 3114 | B33: = | C33: 4386
A34: =UnObr3!D116 -> 0 | B34: = | C34: =UnObr4!D388 -> 0
B36: > | F36: * | K36: > | O36: *
A37: 0 | B37: > | J37: 0 | K37: >
A39: * Predhodna godina: Izdaci se pokrivaju samo do visine suficita koji se utvrdi, uključujući iznos korekcije | J39: * Tekuća godina: Izdaci se pokrivaju samo do visine suficita koji se utvrdi, uključujući iznos korekcije

Sheet KontrolnaStampa
A1: KONTROLNA ŠTAMPA - ZR
A5: JBKBS: | C5: =Podaci!M2 -> 00938
A7: Matični broj: | C7: =Podaci!Z7 -> 07348169 | F7: Ne poklapa se JBBK i MB u spisku Uprave za trezor
A10: Obrazac 1
A11: OP | B11: Kolona 4 | C11: Kolona 5 | D11: Kolona 6 | E11: Kolona 7
A12: 1072 | B12: =UnObr1!D77 -> 0 | C12: =UnObr1!E77 -> 115499 | D12: =UnObr1!F77 -> 35417 | E12: =UnObr1!G77 -> 80082
A14: Obrazac 2
A15: OP | B15: Kolona 4 | C15: Kolona 5
A16: 2001 | B16: =UnObr2!D3 -> 0 | C16: =UnObr2!E3 -> 56730
A17: 2131 | B17: =UnObr2!D133 -> 0 | C17: =UnObr2!E133 -> 56730
A18: 2346 | B18: =UnObr2!D349 -> 0 | C18: =UnObr2!E349 -> 0
A19: 2347 | B19: =UnObr2!D350 -> 0 | C19: =UnObr2!E350 -> 0
A21: Obrazac 3
A22: OP | B22: Kolona 4 | C22: Kolona 5
A23: 3001 | B23: =UnObr3!D3 -> 0 | C23: =UnObr3!E3 -> 0
A24: 3067 | B24: =UnObr3!D69 -> 0 | C24: =UnObr3!E69 -> 186
A25: 3162 | B25: =UnObr3!D164 -> 0 | C25: =UnObr3!E164 -> 0
A26: 3163 | B26: =UnObr3!D165 -> 0 | C26: =UnObr3!E165 -> 186
A28: Obrazac 4
A29: OP | B29: Kolona 4 | C29: Kolona 5
A30: 4001 | B30: =UnObr4!D3 -> 0 | C30: =UnObr4!E3 -> 56730
A31: 4171 | B31: =UnObr4!D173 -> 0 | C31: =UnObr4!E173 -> 56730
A32: 4434 | B32: =UnObr4!D436 -> 0 | C32: =UnObr4!E436 -> 0
A33: 4435 | B33: =UnObr4!D437 -> 0 | C33: =UnObr4!E437 -> 0
A34: 4436 | B34: =UnObr4!D438 -> 0 | C34: =UnObr4!E438 -> 0
A35: 4442 | B35: =UnObr4!D444 -> 0 | C35: =UnObr4!E444 -> 0
A37: Obrazac 5
A38: OP | B38: Kolona 4 | C38: Kolona 5 | D38: Kolona 6 | E38: Kolona 7 | F38: Kolona 8 | G38: Kolona 9 | H38: Kolona 10 | I38: Kolona 11
A39: 5171 | B39: =UnObr5!D175 -> 0 | C39: =UnObr5!E175 -> 56730 | D39: =UnObr5!F175 -> 44285 | E39: =UnObr5!G175 -> 0 | F39: =UnObr5!H175 -> 11461 | G39: =UnObr5!I175 -> 21 | H39: =UnObr5!J175 -> 0 | I39: =UnObr5!K175 -> 963
A40: 5435 | B40: =UnObr5!D439 -> 0 | C40: =UnObr5!E439 -> 56730 | D40: =UnObr5!F439 -> 44285 | E40: =UnObr5!G439 -> 0 | F40: =UnObr5!H439 -> 11461 | G40: =UnObr5!I439 -> 21 | H40: =UnObr5!J439 -> 0 | I40: =UnObr5!K439 -> 963
A41: 5444 | B41: =UnObr5!D448 -> 0 | C41: =UnObr5!E448 -> 0 | D41: =UnObr5!F448 -> 0 | E41: =UnObr5!G448 -> 0 | F41: =UnObr5!H448 -> 0 | G41: =UnObr5!I448 -> 0 | H41: =UnObr5!J448 -> 0 | I41: =UnObr5!K448 -> 0
A42: 5445 | B42: =UnObr5!D449 -> 0 | C42: =UnObr5!E449 -> 0 | D42: =UnObr5!F449 -> 0 | E42: =UnObr5!G449 -> 0 | F42: =UnObr5!H449 -> 0 | G42: =UnObr5!I449 -> 0 | H42: =UnObr5!J449 -> 0 | I42: =UnObr5!K449 -> 0
A45: Datum, | E45: Kontrolisao:

Sheet Spisak
A8: Орг.једин. трезора | B8: Назив | C8: Место | D8: Подрачун | J8: Трезор | K8: ЈБ КЈС | L8: Тип КЈС | M8: Ознака ДБК | N8: Матични број | O8: КД | P8: Општина | Q8: Обве- зник ГФИ | R8: ПИБ | S8: Датум пријема дд.мм.гг | T8: Измена у колони | U8: Напомена
D9: ББ | E9: - | F9: Партија | G9: РН | H9: - | I9: КБ
A10: 1 | B10: 2 | C10: 3 | D10: 4.1 | E10: - | F10: 4.2 | G10: 4.3 | H10: - | I10: 4.4 | J10: 5 | K10: 6 | L10: 7 | M10: 8 | N10: 9 | O10: 10 | P10: 11 | Q10: 12 | R10: 13 | S10: 14 | T10: 15 | U10: 16
A11: 40200 | B11: ГРАД БЕОГРАД-ГРАДСКА ОПШТИНА САВСКИ ВЕНАЦ-БУЏЕТ | C11: БЕОГРАД | D11: 840 | F11: 0000000016640 | G11: 640 | I11: 66 | J11: 016 | K11: 04338 | L11: 0 | M11: 04338 | N11: 07031386 | O11: 8411 | P11: 016 | Q11: 0 | R11: 102759230
A12: 40200 | B12: МЕСНА ЗАЈЕДНИЦА ЗЕЛЕНИ ВЕНАЦ | C12: БЕОГРАД | J12: 016 | K12: 04344 | L12: 2 | M12: 04339 | N12: 07001681 | O12: 8411 | P12: 016 | Q12: 1 | R12: 102759230
A13: 40200 | B13: МЕСНА ЗАЈЕДНИЦА ГАВРИЛО ПРИНЦИП | C13: БЕОГРАД | J13: 016 | K13: 04341 | L13: 2 | M13: 04339 | N13: 07001690 | O13: 8411 | P13: 016 | Q13: 1 | R13: 102759230
A14: 40200 | B14: МЕСНА ЗАЈЕДНИЦА СЛОБОДАН ПЕНЕЗИЋ-КРЦУН | C14: БЕОГРАД | J14: 016 | K14: 04350 | L14: 2 | M14: 04339 | N14: 07001703 | O14: 8411 | P14: 016 | Q14: 1 | R14: 102759230
A15: 40200 | B15: МЕСНА ЗАЈЕДНИЦА ЗАПАДНИ ВРАЧАР | C15: БЕОГРАД | J15: 016 | K15: 04343 | L15: 2 | M15: 04339 | N15: 07001711 | O15: 8411 | P15: 016 | Q15: 1 | R15: 102759230
A16: 40200 | B16: МЕСНА ЗАЈЕДНИЦА СТЕВАН ФИЛИПОВИЋ | C16: БЕОГРАД | J16: 016 | K16: 04351 | L16: 2 | M16: 04339 | N16: 07001720 | O16: 8411 | P16: 016 | Q16: 1 | R16: 102759230
A17: 40200 | B17: МЕСНА ЗАЈЕДНИЦА ВОЈВОДА МИШИЋ | C17: БЕОГРАД | J17: 016 | K17: 04340 | L17: 2 | M17: 04339 | N17: 07001738 | O17: 8411 | P17: 016 | Q17: 1 | R17: 102759230
A18: 40200 | B18: МЕСНА ЗАЈЕДНИЦА ТОПЧИДЕРСКО БРДО - СЕЊАК | C18: БЕОГРАД | J18: 016 | K18: 04345 | L18: 2 | M18: 04339 | N18: 07001754 | O18: 8411 | P18: 016 | Q18: 1 | R18: 102759230
A19: 40200 | B19: МЕСНА ЗАЈЕДНИЦА 4. ЈУЛИ | C19: БЕОГРАД | J19: 016 | K19: 04349 | L19: 2 | M19: 04339 | N19: 07001762 | O19: 8411 | P19: 016 | Q19: 1 | R19: 102759230
A20: 40200 | B20: МЕСНА ЗАЈЕДНИЦА ДЕДИЊЕ | C20: БЕОГРАД | J20: 016 | K20: 04342 | L20: 2 | M20: 04339 | N20: 07001789 | O20: 8411 | P20: 016 | Q20: 1 | R20: 102759230
A21: 40200 | B21: ГРАДСКА ОПШТИНА САВСКИ ВЕНАЦ - ОПШТИНСКА УПРАВА | C21: БЕОГРАД | J21: 016 | K21: 04339 | L21: 1 | M21: 04339 | N21: 07031386 | O21: 8411 | P21: 016 | Q21: 0 | R21: 102759230
A22: 40200 | B22: ЈАВНО ПРЕДУЗЕЋЕ ЗА УПРАВЉАЊЕ,КОРИШЋЕЊЕ И РАСПОЛАГАЊЕ ПОСЛОВНИМ ПРОСТОРОМПОСЛОВНИ ПРОСТОРСАВСКИВЕНАЦ | C22: БЕОГРАД | D22: 840 | F22: 0000000485641 | G22: 641 | I22: 48 | J22: 016 | K22: 04348 | L22: 2 | M22: 04339 | N22: 07895275 | O22: 6820 | P22: 016 | Q22: 1 | R22: 100265480
A23: 40200 | B23: ФОНД ИСИДОРА СЕКУЛИЋ | C23: БЕОГРАД | D23: 840 | F23: 0000000637664 | G23: 664 | I23: 73 | J23: 016 | K23: 04347 | L23: 2 | M23: 04339 | N23: 17407473 | O23: 9499 | P23: 016 | Q23: 1 | R23: 102670185
A24: 40200 | B24: ДЕЧИЈИ КУЛТУРНИ ЦЕНТАР МАЈДАН | C24: БЕОГРАД | D24: 840 | F24: 0000000912664 | G24: 664 | I24: 58 | J24: 016 | K24: 09960 | L24: 2 | M24: 04339 | N24: 17642359 | O24: 8559 | P24: 016 | Q24: 1 | R24: 104279699
A25: 40200 | B25: ТУРИСТИЧКА ОРГАНИЗАЦИЈА ГРАДСКЕ ОПШТИНЕ САВСКИ ВЕНАЦ | C25: БЕОГРАД | D25: 840 | F25: 0000001175664 | G25: 664 | I25: 56 | J25: 016 | K25: 60549 | L25: 2 | M25: 04339 | N25: 17888102 | O25: 7990 | P25: 016 | Q25: 1 | R25: 109480582
A26: 40200 | B26: ГРАДСКА ОПШТИНА САВСКИ ВЕНАЦ - СКУПШТИНА ГРАДСКЕ ОПШТИНЕ | C26: БЕОГРАД | J26: 016 | K26: 09433 | L26: 1 | M26: 09433 | N26: 07031386 | O26: 8411 | P26: 016 | Q26: 0 | R26: 102759230
A27: 40200 | B27: ГРАДСКА ОПШТИНА САВСКИ ВЕНАЦ - ПРЕДСЕДНИК ГРАДСКЕ ОПШТИНЕ | C27: БЕОГРАД | J27: 016 | K27: 09716 | L27: 1 | M27: 09716 | N27: 07031386 | O27: 8411 | P27: 016 | Q27: 0 | R27: 102759230
A28: 40200 | B28: ГРАДСКА ОПШТИНА САВСКИ ВЕНАЦ - ОПШТИНСКО ВЕЋЕ ГРАДСКЕ ОПШТИНЕ | C28: БЕОГРАД | J28: 016 | K28: 09717 | L28: 1 | M28: 09717 | N28: 07031386 | O28: 8411 | P28: 016 | Q28: 0 | R28: 102759230
A29: 40200 | B29: ГРАДСКА ОПШТИНА САВСКИ ВЕНАЦ - ПРАВОБРАНИЛАШТВО ГО САВСКИ ВЕНАЦ | C29: БЕОГРАД | J29: 016 | K29: 96347 | L29: 1 | M29: 96347 | N29: 07031386 | O29: 8411 | P29: 016 | Q29: 0 | R29: 102759230
A30: 40200 | B30: ГРАД БЕОГРАД-ГРАДСКА ОПШТИНА СТАРИ ГРАД-БУЏЕТ | C30: БЕОГРАД | D30: 840 | F30: 0000000146640 | G30: 640 | I30: 06 | J30: 018 | K30: 04370 | L30: 0 | M30: 04370 | N30: 07027125 | O30: 8411 | P30: 018 | Q30: 0 | R30: 102689765
A31: 40200 | B31: ГРАДСКА ОПШТИНА СТАРИ ГРАД - УПРАВА ГРАДСКЕ ОПШТИНЕ | C31: БЕОГРАД | J31: 018 | K31: 04372 | L31: 1 | M31: 04372 | N31: 07027125 | O31: 8411 | P31: 018 | Q31: 0 | R31: 102689765
A32: 40200 | B32: ЈП ЗА УПРАВЉАЊЕ,КОРИШЋЕЊЕ И РАСПОЛАГАЊЕ ПОСЛОВНИМ ПРОСТОРОМ ПОСЛОВНИ ПРОСТОР ОПШТИНЕ СТАРИ ГРАД | C32: БЕОГРАД | D32: 840 | F32: 0000000457641 | G32: 641 | I32: 46 | J32: 018 | K32: 04371 | L32: 2 | M32: 04372 | N32: 07518242 | O32: 6820 | P32: 018 | Q32: 1 | R32: 101511412
A33: 40200 | B33: УСТАНОВА КУЛТУРЕ ГРАДСКЕ ОПШТИНЕ СТАРИ ГРАД ПАРОБРОД | C33: БЕОГРАД | D33: 840 | F33: 0000001024664 | G33: 664 | I33: 66 | J33: 018 | K33: 80833 | L33: 2 | M33: 04372 | N33: 17791869 | O33: 9003 | P33: 018 | Q33: 1 | R33: 106685299
A34: 40200 | B34: ГРАДСКА ОПШТИНА СТАРИ ГРАД - СКУПШТИНА ГРАДСКЕ ОПШТИНЕ | C34: БЕОГРАД | J34: 018 | K34: 09580 | L34: 1 | M34: 09580 | N34: 07027125 | O34: 8411 | P34: 018 | Q34: 0 | R34: 102689765
A35: 40200 | B35: ГРАДСКА ОПШТИНА СТАРИ ГРАД - ПРЕДСЕДНИК И ВЕЋЕ ГРАДСКЕ ОПШТИНЕ | C35: БЕОГРАД | J35: 018 | K35: 09718 | L35: 1 | M35: 09718 | N35: 07027125 | O35: 8411 | P35: 018 | Q35: 0 | R35: 102689765
A36: 40200 | B36: ГРАДСКА ОПШТИНА СТАРИ ГРАД - ЈАВНО ПРАВОБРАНИЛАШТВО ГРАДСКЕ ОПШТИНЕ СТАРИ ГРАД | C36: БЕОГРАД | J36: 018 | K36: 92394 | L36: 1 | M36: 92394 | N36: 07027125 | O36: 6910 | P36: 018 | Q36: 0 | R36: 102689765
A37: 40200 | B37: ГРАД БЕОГРАД-БУЏЕТ | C37: БЕОГРАД | D37: 840 | F37: 0000000147640 | G37: 640 | I37: 13 | J37: 501 | K37: 03587 | L37: 0 | M37: 03587 | N37: 17565800 | O37: 8411 | P37: 018 | Q37: 0 | R37: 100065430
A38: 40200 | B38: ГРАД БЕОГРАД-ГУ СЛУЖБА ЗА ОПШТЕ ПОСЛОВЕ | C38: БЕОГРАД | J38: 501 | K38: 03588 | L38: 1 | M38: 03588 | N38: 17565800 | O38: 8411 | P38: 018 | Q38: 0 | R38: 100065430
A39: 40200 | B39: ГРАД БЕОГРАД - СКУПШТИНА ГРАДА БЕОГРАДА | C39: БЕОГРАД | J39: 501 | K39: 03589 | L39: 1 | M39: 03589 | N39: 17565800 | O39: 8411 | P39: 018 | Q39: 0 | R39: 100065430
A40: 40200 | B40: ЈП ДИРЕКЦИЈА ЗА ГРАЂЕВИНСКО ЗЕМЉИШТЕ И ИЗГРАДЊУ БЕОГРАДА | C40: БЕОГРАД | D40: 840 | F40: 0000000490641 | G40: 641 | I40: 83 | J40: 501 | K40: 03620 | L40: 2 | M40: 09394 | N40: 07094094 | O40: 7490 | P40: 020 | Q40: 1 | R40: 100293512
A41: 40200 | B41: ГРАД БЕОГРАД- ГУ СЕКРЕТАРИЈАТ ЗА ФИНАНСИЈЕ | C41: БЕОГРАД | J41: 501 | K41: 09394 | L41: 1 | M41: 09394 | N41: 17565800 | O41: 8411 | P41: 018 | Q41: 0 | R41: 100065430
A42: 40200 | B42: ГРАД БЕОГРАД-ГУ СЕКРЕТАРИЈАТ ЗА УРБАНИЗАМ И ГРАЂЕВИНСКЕ ПОСЛОВЕ | C42: БЕОГРАД | J42: 501 | K42: 09395 | L42: 1 | M42: 09395 | N42: 17565800 | O42: 8411 | P42: 015 | Q42: 0 | R42: 100065430
A43: 40200 | B43: ГРАД БЕОГРАД-СЕКРЕТАРИЈАТ ЗА КОМУНАЛНЕ И СТАМБЕНЕ ПОСЛОВЕ | C43: БЕОГРАД | J43: 501 | K43: 09396 | L43: 1 | M43: 09396 | N43: 17565800 | O43: 8411 | P43: 018 | Q43: 0 | R43: 100065430
A44: 40200 | B44: ГРАД БЕОГРАД-ГУ СЕКРЕТАРИЈАТ ЗА ИМОВИНСКО-ПРАВНЕ ПОСЛОВЕ ГРАЂЕВИНСКУ И УРБАНУ ИНСПЕКЦИЈУ | C44: БЕОГРАД | J44: 501 | K44: 09397 | L44: 1 | M44: 09397 | N44: 17565800 | O44: 8411 | P44: 015 | Q44: 0 | R44: 100065430
A45: 40200 | B45: ГРАД БЕОГРАД-ГУ СЕКРЕТАРИЈАТ ЗА САОБРАЋАЈ | C45: БЕОГРАД | J45: 501 | K45: 09398 | L45: 1 | M45: 09398 | N45: 17565800 | O45: 8411 | P45: 015 | Q45: 0 | R45: 100065430
A46: 40200 | B46: ГРАД БЕОГРАД-ГУ СЕКРЕТАРИЈАТ ЗА ЗАШТИТУ ЖИВОТНЕ СРЕДИНЕ | C46: БЕОГРАД | J46: 501 | K46: 09399 | L46: 1 | M46: 09399 | N46: 17565800 | O46: 8411 | P46: 015 | Q46: 0 | R46: 100065430
A47: 40200 | B47: БУЏЕТСКИ ФОНД ЗА ЗАШТИТУ ЖИВОТНЕ СРЕДИНЕ ГРАДА БЕОГРАДА | C47: БЕОГРАД | J47: 501 | K47: 80652 | L47: 2 | M47: 09399 | N47: 17565800 | O47: 8411 | P47: 015 | Q47: 1 | R47: 100065430
A48: 40200 | B48: ЈАВНА СЛУЖБА ЗА ВРШЕЊЕ ПОСЛ.РАЗВОЈА,ОЧУВ. И ЗАШТ.ТУРИСТ. ВРЕДН. ГРАДА ТУРИСТИЧКА ОРГАНИЗАЦИЈА БЕОГРАДА | C48: БЕОГРАД | D48: 840 | F48: 0000001120664 | G48: 664 | I48: 59 | J48: 501 | K48: 03592 | L48: 2 | M48: 09400 | N48: 17079085 | O48: 8413 | P48: 018 | Q48: 1 | R48: 101513828
A49: 40200 | B49: ГРАД БЕОГРАД-ГУ СЕКРЕТАРИЈАТ ЗА ПРИВРЕДУ | C49: БЕОГРАД | J49: 501 | K49: 09400 | L49: 1 | M49: 09400 | N49: 17565800 | O49: 8411 | P49: 018 | Q49: 0 | R49: 100065430
A50: 40200 | B50: ФОНД ЗА ПОЉОПРИВРЕДНО ЗЕМЉИШТЕ | C50: БЕОГРАД | J50: 501 | K50: 80654 | L50: 2 | M50: 09400 | N50: 17565800 | O50: 8411 | P50: 016 | Q50: 1 | R50: 100065430
A51: 40200 | B51: ПЕДАГОШКИ МУЗЕЈ У БЕОГРАДУ | C51: БЕОГРАД | D51: 840 | F51: 0000000309664 | G51: 664 | I51: 08 | J51: 501 | K51: 03611 | L51: 2 | M51: 09401 | N51: 07023685 | O51: 9102 | P51: 018 | Q51: 1 | R51: 102053929
A52: 40200 | B52: ПРОДАЈНА ГАЛЕРИЈА БЕОГРАД | C52: БЕОГРАД | D52: 840 | F52: 0000000760664 | G52: 664 | I52: 61 | J52: 501 | K52: 03617 | L52: 2 | M52: 09401 | N52: 07023707 | O52: 9102 | P52: 018 | Q52: 1 | R52: 100052239
A53: 40200 | B53: БИБЛИОТЕКА ГРАДА БЕОГРАДА | C53: БЕОГРАД | D53: 840 | F53: 0000000502664 | G53: 664 | I53: 98 | J53: 501 | K53: 03598 | L53: 2 | M53: 09401 | N53: 07023715 | O53: 9101 | P53: 018 | Q53: 1 | R53: 100147595
A54: 40200 | B54: КУЛТУРНИ ЦЕНТАР БЕОГРАДА | C54: БЕОГРАД | D54: 840 | F54: 0000000511664 | G54: 664 | I54: 64 | J54: 501 | K54: 03607 | L54: 2 | M54: 09401 | N54: 07023774 | O54: 9004 | P54: 018 | Q54: 1 | R54: 101516213
A55: 40200 | B55: ЈУГОКОНЦЕРТ - УСТАНОВА ЗА МУЗИЧКО-СЦЕНСКУ УМЕТНОСТ - У ЛИКВИДАЦИЈИ | C55: БЕОГРАД | J55: 501 | K55: 03605 | L55: 2 | M55: 09401 | N55: 07023782 | O55: 9004 | P55: 018 | Q55: 1 | R55: 100119606
A56: 40200 | B56: ДОМ ОМЛАДИНЕ БЕОГРАДА | C56: БЕОГРАД | D56: 840 | F56: 0000000526664 | G56: 664 | I56: 72 | J56: 501 | K56: 03601 | L56: 2 | M56: 09401 | N56: 07023855 | O56: 9004 | P56: 018 | Q56: 1 | R56: 100049621
A57: 40200 | B57: ПОЗОРИШТЕ БОШКО БУХА | C57: БЕОГРАД | D57: 840 | F57: 0000000507664 | G57: 664 | I57: 36 | J57: 501 | K57: 03614 | L57: 2 | M57: 09401 | N57: 07023871 | O57: 9003 | P57: 018 | Q57: 1 | R57: 100038734
A58: 40200 | B58: ПОЗОРИШТЕ АТЕЉЕ 212-УСТАНОВА КУЛТУРЕ ОД НАЦИОНАЛНОГ ЗНАЧАЈА | C58: БЕОГРАД | D58: 840 | F58: 0000000509664 | G58: 664 | I58: 50 | J58: 501 | K58: 03613 | L58: 2 | M58: 09401 | N58: 07023880 | O58: 9003 | P58: 018 | Q58: 1 | R58: 100049752
A59: 40200 | B59: ПОЗОРИШТЕ НА ТЕРАЗИЈАМА | C59: БЕОГРАД | D59: 840 | F59: 0000000565664 | G59: 664 | I59: 54 | J59: 501 | K59: 03616 | L59: 2 | M59: 09401 | N59: 07023898 | O59: 9003 | P59: 018 | Q59: 1 | R59: 100057486
A60: 40200 | B60: ЈУГОСЛОВЕНСКО ДРАМСКО ПОЗОРИШТЕ-УСТАНОВА КУЛТУРЕ ОД НАЦИОНАЛНОГ ЗНАЧАЈА | C60: БЕОГРАД | D60: 840 | F60: 0000000252664 | G60: 664 | I60: 94 | J60: 501 | K60: 03606 | L60: 2 | M60: 09401 | N60: 07030843 | O60: 9003 | P60: 016 | Q60: 1 | R60: 100266371
A61: 40200 | B61: МУЗЕЈ ГРАДА БЕОГРАДА | C61: БЕОГРАД | D61: 840 | F61: 0000000504664 | G61: 664 | I61: 15 | J61: 501 | K61: 03610 | L61: 2 | M61: 09401 | N61: 07031513 | O61: 9102 | P61: 018 | Q61: 1 | R61: 100044870
A62: 40200 | B62: ЗАВОД ЗА ЗАШТИТУ СПОМЕНИКА КУЛТУРЕ ГРАДА БЕОГРАДА-УСТАНОВА КУЛТУРЕ ОД НАЦИОНАЛНОГ ЗНАЧАЈА | C62: БЕОГРАД | D62: 840 | F62: 0000000586664 | G62: 664 | I62: 07 | J62: 501 | K62: 03602 | L62: 2 | M62: 09401 | N62: 07045719 | O62: 9103 | P62: 018 | Q62: 1 | R62: 101511252
A63: 40200 | B63: МУЗЕЈ АФРИЧКЕ УМЕТНОСТИ - ЗБИРКА ВЕДЕ И ДР ЗДРАВКА ПЕЧАРА | C63: БЕОГРАД | D63: 840 | F63: 0000000584664 | G63: 664 | I63: 90 | J63: 501 | K63: 03609 | L63: 2 | M63: 09401 | N63: 07068964 | O63: 9102 | P63: 016 | Q63: 1 | R63: 100220549
A64: 40200 | B64: ПОЗОРИШТЕ ПУЖ | C64: БЕОГРАД | D64: 840 | F64: 0000000589664 | G64: 664 | I64: 28 | J64: 501 | K64: 03615 | L64: 2 | M64: 09401 | N64: 07092229 | O64: 9001 | P64: 020 | Q64: 1 | R64: 100300077
A65: 40200 | B65: УСТАНОВА БИТЕФ ТЕАТАР | C65: БЕОГРАД | D65: 840 | F65: 0000000594664 | G65: 664 | I65: 63 | J65: 501 | K65: 03619 | L65: 2 | M65: 09401 | N65: 07451083 | O65: 9003 | P65: 018 | Q65: 1 | R65: 100061814
A66: 40200 | B66: ОМЛАДИНСКО ПОЗОРИШТЕ ДАДОВ | C66: БЕОГРАД | D66: 840 | F66: 0000000987664 | G66: 664 | I66: 98 | J66: 501 | K66: 80360 | L66: 2 | M66: 09401 | N66: 07771550 | O66: 9004 | P66: 016 | Q66: 1 | R66: 100289723
A67: 40200 | B67: МУЗЕЈ АУТОМОБИЛА - ЗБИРКА Б. ПЕТКОВИЋА | C67: БЕОГРАД | D67: 840 | F67: 0000000766664 | G67: 664 | I67: 06 | J67: 501 | K67: 03608 | L67: 2 | M67: 09401 | N67: 17136186 | O67: 9102 | P67: 018 | Q67: 1 | R67: 101953552
A68: 40200 | B68: ЦЕНТАР БЕОГРАДСКИХ ФЕСТИВАЛА | C68: БЕОГРАД | D68: 840 | F68: 0000000764664 | G68: 664 | I68: 89 | J68: 501 | K68: 03600 | L68: 2 | M68: 09401 | N68: 17356038 | O68: 9004 | P68: 018 | Q68: 1 | R68: 100038806
A69: 40200 | B69: ГРАД БЕОГРАД-ГУ СЕКРЕТАРИЈАТ ЗА КУЛТУРУ | C69: БЕОГРАД | J69: 501 | K69: 09401 | L69: 1 | M69: 09401 | N69: 17565800 | O69: 8411 | P69: 018 | Q69: 0 | R69: 100065430
A70: 40200 | B70: КУЋА ЛЕГАТА | C70: БЕОГРАД | D70: 840 | F70: 0000000873664 | G70: 664 | I70: 76 | J70: 501 | K70: 09668 | L70: 2 | M70: 09401 | N70: 17573829 | O70: 9102 | P70: 018 | Q70: 1 | R70: 103552829
A71: 40200 | B71: ГРАД БЕОГРАД-ГУ СЕКРЕТАРИЈАТ ЗА СПОРТ И ОМЛАДИНУ | C71: БЕОГРАД | J71: 501 | K71: 09403 | L71: 1 | M71: 09403 | N71: 17565800 | O71: 8411 | P71: 018 | Q71: 0 | R71: 100065430
A72: 40200 | B72: ГРАД БЕОГРАД-ГУ СЕКРЕТАРИЈАТ ЗА ЗДРАВСТВО | C72: БЕОГРАД | J72: 501 | K72: 09404 | L72: 1 | M72: 09404 | N72: 17565800 | O72: 8411 | P72: 018 | Q72: 0 | R72: 100065430
A73: 40200 | B73: ГРАД БЕОГРАД-ГУ СЕКРЕТАРИЈАТ ЗА ИНСПЕЦИЈСКЕ ПОСЛОВЕ | C73: БЕОГРАД | J73: 501 | K73: 09406 | L73: 1 | M73: 09406 | N73: 17565800 | O73: 8411 | P73: 015 | Q73: 0 | R73: 100065430
A74: 40200 | B74: ГРАД БЕОГРАД-ГУ ЗАВОД ЗА ИНФОРМАТИКУ И СТАТИСТИКУ | C74: БЕОГРАД | J74: 501 | K74: 09407 | L74: 1 | M74: 09407 | N74: 17565800 | O74: 8411 | P74: 018 | Q74: 0 | R74: 100065430
A75: 40200 | B75: ГРАД БЕОГРАД-ГУ СЛУЖБА ЗА ИНФОРМИСАЊЕ | C75: БЕОГРАД | J75: 501 | K75: 09408 | L75: 1 | M75: 09408 | N75: 17565800 | O75: 8411 | P75: 018 | Q75: 0 | R75: 100065430
A76: 40200 | B76: ГРАДСКО ПРАВОБРАНИЛАШТВО ГРАДА БЕОГРАДА | C76: БЕОГРАД | J76: 501 | K76: 09409 | L76: 1 | M76: 09409 | N76: 17565800 | O76: 8423 | P76: 016 | Q76: 0 | R76: 100065430
A77: 40200 | B77: ГРАД БЕОГРАД-ГУ СЛУЖБА ЗА КОМУНИКАЦИЈЕ И КООРДИНАЦИЈУ ОДНОСА СА ГРАЂАНИМА | C77: БЕОГРАД | J77: 501 | K77: 09410 | L77: 1 | M77: 09410 | N77: 17565800 | O77: 8411 | P77: 016 | Q77: 0 | R77: 100065430
A78: 40200 | B78: ГРАД БЕОГРАД-ГУ СЕКРЕТАРИЈАТ ЗА УПРАВУ | C78: БЕОГРАД | J78: 501 | K78: 09560 | L78: 1 | M78: 09560 | N78: 17565800 | O78: 8411 | P78: 018 | Q78: 0 | R78: 100065430
A79: 40200 | B79: ГРАД БЕОГРАД-ГРАДОНАЧЕЛНИК ГРАДА БЕОГРАДА | C79: БЕОГРАД | J79: 501 | K79: 09745 | L79: 1 | M79: 09745 | N79: 17565800 | O79: 8411 | P79: 018 | Q79: 0 | R79: 100065430
A80: 40200 | B80: ЗАШТИТНИК ГРАЂАНА БЕОГРАД | C80: БЕОГРАД | J80: 501 | K80: 10042 | L80: 1 | M80: 10042 | N80: 17565800 | O80: 8411 | P80: 018 | Q80: 0 | R80: 100065430
A81: 40200 | B81: ГРАД БЕОГРАД-ГУ СЕКРЕТАРИЈАТ ЗА СОЦИЈАЛНУ ЗАШТИТУ | C81: БЕОГРАД | J81: 501 | K81: 80314 | L81: 1 | M81: 80314 | N81: 17565800 | O81: 8411 | P81: 016 | Q81: 0 | R81: 100065430
A82: 40200 | B82: ГРАДСКИ ЦЕНТАР ЗА СОЦИЈАЛНО ПРЕДУЗЕТНИШТВО БЕОГРАДА | C82: БЕОГРАД | D82: 840 | F82: 0000000853661 | G82: 661 | I82: 42 | J82: 501 | K82: 84949 | L82: 2 | M82: 80314 | N82: 17845829 | O82: 8899 | P82: 018 | Q82: 1 | R82: 107985253
A83: 40200 | B83: ГРАД БЕОГРАД-ГУ АГЕНЦИЈА ЗА ИНВЕСТИЦИЈЕ И СТАНОВАЊЕ | C83: БЕОГРАД | J83: 501 | K83: 80316 | L83: 1 | M83: 80316 | N83: 17565800 | O83: 8411 | P83: 018 | Q83: 0 | R83: 100065430
A84: 40200 | B84: ЦЕНТАР ДЕЧИЈИХ ЛЕТОВАЛИШТА И ОПОРАВИЛИШТА ГРАДА БЕОГРАДА | C84: БЕОГРАД | D84: 840 | F84: 0000000256661 | G84: 661 | I84: 34 | J84: 501 | K84: 03597 | L84: 2 | M84: 80986 | N84: 07036205 | O84: 8891 | P84: 016 | Q84: 1 | R84: 100268221
A85: 40200 | B85: ПРЕДШКОЛСКА УСТАНОВА САВСКИ ВЕНАЦ | C85: БЕОГРАД | D85: 840 | F85: 0000000652661 | G85: 661 | I85: 90 | J85: 501 | K85: 03596 | L85: 2 | M85: 80986 | N85: 07036213 | O85: 8891 | P85: 016 | Q85: 1 | R85: 102194741
A86: 40200 | B86: ПРЕДШКОЛСКА УСТАНОВА ДЕЧЈИ ДАНИ | C86: БЕОГРАД | D86: 840 | F86: 0000000654661 | G86: 661 | I86: 07 | J86: 501 | K86: 03595 | L86: 2 | M86: 80986 | N86: 07061960 | O86: 8891 | P86: 018 | Q86: 1 | R86: 101822594
A87: 40200 | B87: ГРАД БЕОГРАД-ГУ СЕКРЕТАРИЈАТ ЗА ОБРАЗОВАЊЕ И ДЕЧИЈУ ЗАШТИТУ | C87: БЕОГРАД | J87: 501 | K87: 80986 | L87: 1 | M87: 80986 | N87: 17565800 | O87: 8411 | P87: 020 | Q87: 0 | R87: 100065430
A88: 40200 | B88: ГРАД БЕОГРАД-ГУ СЕКРЕТАРИЈАТ ЗА ЕНЕРГЕТИКУ | C88: БЕОГРАД | J88: 501 | K88: 91887 | L88: 1 | M88: 91887 | N88: 17565800 | O88: 8411 | P88: 015 | Q88: 0 | R88: 100065430
A89: 40200 | B89: СЛУЖБА ЗА ЦЕНТРАЛИЗОВАНЕ ЈАВНЕ НАБАВКЕ И КОНТРОЛУ НАБАВКИ | C89: БЕОГРАД | J89: 501 | K89: 92228 | L89: 1 | M89: 92228 | N89: 17565800 | O89: 8411 | P89: 015 | Q89: 0 | R89: 100065430
A90: 40200 | B90: СЛУЖБА ЗА БУЏЕТСКУ ИНСПЕКЦИЈУ | C90: БЕОГРАД | J90: 501 | K90: 92330 | L90: 1 | M90: 92330 | N90: 17565800 | O90: 8411 | P90: 015 | Q90: 0 | R90: 100065430
A91: 40200 | B91: СЛУЖБА ЗА ИНТЕРНУ РЕВИЗИЈУ ГРАДА БЕОГРАДА | C91: БЕОГРАД | J91: 501 | K91: 92331 | L91: 1 | M91: 92331 | N91: 17565800 | O91: 8411 | P91: 015 | Q91: 0 | R91: 100065430
A92: 40200 | B92: КАНЦЕЛАРИЈА ЗА МЛАДЕ И САРАДЊУ СА УДРУЖЕЊИМА | C92: БЕОГРАД | J92: 501 | K92: 92494 | L92: 1 | M92: 92494 | N92: 17565800 | O92: 8411 | P92: 015 | Q92: 0 | R92: 100065430
A93: 40200 | B93: РЕПУБЛИКА СРБИЈА-БУЏЕТ | C93: БЕОГРАД | D93: 840 | F93: 0000000001620 | G93: 620 | I93: 21 | J93: 601 | K93: 02683 | L93: 0 | M93: 02683 | N93: 07017715 | O93: 8411 | P93: 016 | Q93: 0 | R93: 100279223
A94: 40200 | B94: ПРЕДСЕДНИК РЕПУБЛИКЕ СРБИЈЕ | C94: БЕОГРАД | J94: 601 | K94: 10100 | L94: 1 | M94: 10100 | N94: 07051344 | O94: 8411 | P94: 018 | Q94: 0 | R94: 100038847
A95: 40200 | B95: ГЕНЕРАЛНИ СЕКРЕТAРИЈАТ ВЛАДЕ | C95: БЕОГРАД | J95: 601 | K95: 10200 | L95: 1 | M95: 10200 | N95: 07020171 | O95: 8411 | P95: 016 | Q95: 0 | R95: 102211930
A96: 40200 | B96: КАНЦЕЛАРИЈА ЗА САРАДЊУ С МЕДИЈИМА | C96: БЕОГРАД | J96: 601 | K96: 10201 | L96: 1 | M96: 10201 | N96: 07020171 | O96: 8411 | P96: 016 | Q96: 0 | R96: 102211930
A97: 40200 | B97: ЦЕНТАР ЗА РАЗМИНИРАЊЕ | C97: БЕОГРАД | J97: 601 | K97: 10202 | L97: 1 | M97: 10202 | N97: 17568051 | O97: 8411 | P97: 016 | Q97: 0 | R97: 103458488
A98: 40200 | B98: БУЏЕТСКИ ФОНД ЗА КОСОВО И МЕТОХИЈУ | C98: БЕОГРАД | J98: 601 | K98: 10203 | L98: 1 | M98: 10203 | N98: 07020171 | O98: 8411 | P98: 016 | Q98: 0 | R98: 102211930
A99: 40200 | B99: КАБИНЕТ ПРЕДСЕДНИКА ВЛАДЕ | C99: БЕОГРАД | J99: 601 | K99: 10204 | L99: 1 | M99: 10204 | N99: 07020171 | O99: 8411 | P99: 016 | Q99: 0 | R99: 102211930
A100: 40200 | B100: СЛУЖБА ЗА УПРАВЉАЊЕ КАДРОВИМА | C100: БЕОГРАД | J100: 601 | K100: 10206 | L100: 1 | M100: 10206 | N100: 07020171 | O100: 8411 | P100: 016 | Q100: 0 | R100: 102211930
A101: 40200 | B101: СЛУЖБА КООРДИНАЦИОНОГ ТЕЛА ВЛАДЕ РЕПУБЛИКЕ СРБИЈЕ ЗА ОПШТИНЕ ПРЕШЕВО, БУЈАНОВАЦ И МЕДВЕЂА | C101: БЕОГРАД | J101: 601 | K101: 10220 | L101: 1 | M101: 10220 | N101: 17649744 | O101: 8411 | P101: 013 | Q101: 0 | R101: 104148588
A102: 40200 | B102: КАНЦЕЛАРИЈА САВЕТА ЗА НАЦИОНАЛНУ БЕЗБЕДНОСТ И ЗАШТИТУ ТАЈНИХ ПОДАТАКА | C102: БЕОГРАД | J102: 601 | K102: 10222 | L102: 1 | M102: 10222 | N102: 07020171 | O102: 8411 | P102: 016 | Q102: 0 | R102: 106329282
A103: 40200 | B103: КАНЦЕЛАРИЈА ЗА САРАДЊУ СА ЦИВИЛНИМ ДРУШТВОМ | C103: БЕОГРАД | J103: 601 | K103: 10223 | L103: 1 | M103: 10223 | N103: 07020171 | O103: 8411 | P103: 013 | Q103: 0 | R103: 106954611
A104: 40200 | B104: КАНЦЕЛАРИЈА ЗА РЕВИЗИЈУ СИСТЕМА УПРАВЉАЊА СРЕДСТВИМА ЕВРОПСКЕ УНИЈЕ | C104: БЕОГРАД | J104: 601 | K104: 10225 | L104: 1 | M104: 10225 | N104: 17822837 | O104: 8411 | P104: 016 | Q104: 0 | R104: 107264493
A105: 40200 | B105: КАНЦЕЛАРИЈА ЗА КОСОВО И МЕТОХИЈУ | C105: БЕОГРАД | J105: 601 | K105: 10228 | L105: 1 | M105: 10228 | N105: 17829661 | O105: 8411 | P105: 013 | Q105: 0 | R105: 107682699
... A121: 40200 | B121: ПРАВОСУДНИ ЦЕНТАР ЗА ОБУКУ И СТРУЧНО УСАВРШАВАЊЕ | C121: БЕОГРАД | J121: 601 | K121: 02687 | L121: 6 | M121: 10310 | N121: 17401998 | O121: 8559 | P121: 016 | Q121: 1 | R121: 100352789
A122: 40200 | B122: ЦЕНТАР ЗА ПОСРЕДОВАЊЕ-МЕДИЈАЦИЈУ | C122: БЕОГРАД | D122: 840 | F122: 0000000942664 | G122: 664 | I122: 74 | J122: 601 | K122: 80117 | L122: 6 | M122: 10310 | N122: 17675486 | O122: 7220 | P122: 016 | Q122: 1 | R122: 104767015
...
